Workbook
Name CompanyName: #REF!
Name CustomerLookup: #REF!
Name Invoice_No: #REF!
Name rngInvoice: #REF!

Sheet Branch ATM_1
A1: Bank wise Position of Branches/ATM as on 30.06.2026
A2: SLBC Madhya Pradesh Convenor: Central Bank of India
F4: Numbers
A5: Column1 | B5: Column2 | C5: Column3 | D5: Column4 | E5: Column5 | F5: Column6 | G5: Column7 | H5: Column8
A6: Sr. | B6: BANKS | C6: RURAL | D6: SEMI URBAN | E6: URBAN | F6: TOTAL | G6: ATM
A7: 1 | B7: Bank of Baroda | C7: 50 | D7: 91 | E7: 136 | F7: =Table_1[[#This Row],[Column5]]+Table_1[[#This Row],[Column4]]+Table_1[[#This Row],[Column3]] -> 277 | G7: 388
A8: 2 | B8: Bank of India | C8: 175 | D8: 145 | E8: 154 | F8: 469 | G8: 462
A9: 3 | B9: Bank of Maharashtra | C9: 78 | D9: 45 | E9: 80 | F9: =Table_1[[#This Row],[Column5]]+Table_1[[#This Row],[Column4]]+Table_1[[#This Row],[Column3]] -> 203 | G9: 182
A10: 4 | B10: Canara Bank | C10: 57 | D10: 119 | E10: 140 | F10: =Table_1[[#This Row],[Column5]]+Table_1[[#This Row],[Column4]]+Table_1[[#This Row],[Column3]] -> 316 | G10: 234
A11: 5 | B11: Central Bank of India | C11: 228 | D11: 140 | E11: 96 | F11: =Table_1[[#This Row],[Column5]]+Table_1[[#This Row],[Column4]]+Table_1[[#This Row],[Column3]] -> 464 | G11: 425
A12: 6 | B12: Indian Bank | C12: 81 | D12: 52 | E12: 96 | F12: =Table_1[[#This Row],[Column5]]+Table_1[[#This Row],[Column4]]+Table_1[[#This Row],[Column3]] -> 229 | G12: 140
A13: 7 | B13: Indian Overseas Bank | C13: 9 | D13: 9 | E13: 44 | F13: =Table_1[[#This Row],[Column5]]+Table_1[[#This Row],[Column4]]+Table_1[[#This Row],[Column3]] -> 62 | G13: 55
A14: 8 | B14: Punjab and Sind Bank | C14: 10 | D14: 9 | E14: 35 | F14: =Table_1[[#This Row],[Column5]]+Table_1[[#This Row],[Column4]]+Table_1[[#This Row],[Column3]] -> 54 | G14: 30
A15: 9 | B15: Punjab National Bank | C15: 94 | D15: 107 | E15: 184 | F15: =Table_1[[#This Row],[Column5]]+Table_1[[#This Row],[Column4]]+Table_1[[#This Row],[Column3]] -> 385 | G15: 339
A16: 10 | B16: State Bank of India | C16: 356 | D16: 389 | E16: 430 | F16: =Table_1[[#This Row],[Column5]]+Table_1[[#This Row],[Column4]]+Table_1[[#This Row],[Column3]] -> 1175 | G16: 3892
A17: 11 | B17: UCO Bank | C17: 44 | D17: 51 | E17: 90 | F17: =Table_1[[#This Row],[Column5]]+Table_1[[#This Row],[Column4]]+Table_1[[#This Row],[Column3]] -> 185 | G17: 125
A18: 12 | B18: Union Bank of India | C18: 109 | D18: 96 | E18: 161 | F18: =Table_1[[#This Row],[Column5]]+Table_1[[#This Row],[Column4]]+Table_1[[#This Row],[Column3]] -> 366 | G18: 371
B19: PSBs - SUB TOTAL | C19: =SUBTOTAL(109,C7:C18) -> 1291 | D19: =SUBTOTAL(109,D7:D18) -> 1253 | E19: =SUBTOTAL(109,E7:E18) -> 1646 | F19: =SUBTOTAL(109,F7:F18) -> 4185 | G19: =SUBTOTAL(109,G7:G18) -> 6643
A20: 13 | B20: Axis Bank | C20: 60 | D20: 80 | E20: 134 | F20: =Table_1[[#This Row],[Column5]]+Table_1[[#This Row],[Column4]]+Table_1[[#This Row],[Column3]] -> 274 | G20: 331
A21: 14 | B21: Bandhan Bank | C21: 5 | D21: 32 | E21: 64 | F21: =Table_1[[#This Row],[Column5]]+Table_1[[#This Row],[Column4]]+Table_1[[#This Row],[Column3]] -> 101 | G21: 21
A22: 15 | B22: Catholic Syrian Bank | C22: 0 | D22: 0 | E22: 11 | F22: =Table_1[[#This Row],[Column5]]+Table_1[[#This Row],[Column4]]+Table_1[[#This Row],[Column3]] -> 11 | G22: 6
A23: 16 | B23: City Union Bank | C23: 0 | D23: 0 | E23: 12 | F23: =Table_1[[#This Row],[Column5]]+Table_1[[#This Row],[Column4]]+Table_1[[#This Row],[Column3]] -> 12 | G23: 13
A24: 17 | B24: Development Credit Bank | C24: 11 | D24: 13 | E24: 11 | F24: =Table_1[[#This Row],[Column5]]+Table_1[[#This Row],[Column4]]+Table_1[[#This Row],[Column3]] -> 35 | G24: 32
A25: 18 | B25: Dhan Lakshmi Bank | C25: 0 | D25: 0 | E25: 1 | F25: =Table_1[[#This Row],[Column5]]+Table_1[[#This Row],[Column4]]+Table_1[[#This Row],[Column3]] -> 1 | G25: 1
A26: 19 | B26: Federal Bank Ltd. | C26: 1 | D26: 2 | E26: 15 | F26: =Table_1[[#This Row],[Column5]]+Table_1[[#This Row],[Column4]]+Table_1[[#This Row],[Column3]] -> 18 | G26: 17
A27: 20 | B27: HDFC Bank | C27: 24 | D27: 198 | E27: 216 | F27: =Table_1[[#This Row],[Column5]]+Table_1[[#This Row],[Column4]]+Table_1[[#This Row],[Column3]] -> 438 | G27: 478
A28: 21 | B28: ICICI Bank | C28: 104 | D28: 99 | E28: 143 | F28: =Table_1[[#This Row],[Column5]]+Table_1[[#This Row],[Column4]]+Table_1[[#This Row],[Column3]] -> 346 | G28: 429
A29: 22 | B29: IDBI Bank | C29: 19 | D29: 47 | E29: 57 | F29: =Table_1[[#This Row],[Column5]]+Table_1[[#This Row],[Column4]]+Table_1[[#This Row],[Column3]] -> 123 | G29: 169
A30: 23 | B30: IDFC First Bank | C30: 18 | D30: 27 | E30: 64 | F30: =Table_1[[#This Row],[Column5]]+Table_1[[#This Row],[Column4]]+Table_1[[#This Row],[Column3]] -> 109 | G30: 45
A31: 24 | B31: Indusind Bank Limited | C31: 33 | D31: 35 | E31: 66 | F31: =Table_1[[#This Row],[Column5]]+Table_1[[#This Row],[Column4]]+Table_1[[#This Row],[Column3]] -> 134 | G31: 82
... A40: 33 | B40: Yes Bank | C40: 9 | D40: 21 | E40: 35 | F40: =Table_1[[#This Row],[Column5]]+Table_1[[#This Row],[Column4]]+Table_1[[#This Row],[Column3]] -> 65 | G40: 60
B41: PRIVATE BANK SUB TOTAL | C41: =SUBTOTAL(109,C20:C40) -> 301 | D41: =SUBTOTAL(109,D20:D40) -> 571 | E41: =SUBTOTAL(109,E20:E40) -> 912 | F41: =SUBTOTAL(109,F20:F40) -> 1784 | G41: =SUBTOTAL(109,G20:G40) -> 1790
B42: COMMERCIAL BANKS SUB TOTAL | C42: =C41+C19 -> 1592 | D42: =D41+D19 -> 1824 | E42: =E41+E19 -> 2558 | F42: =F41+F19 -> 5969 | G42: =G41+G19 -> 8433
A43: 34 | B43: MPGB | C43: 854 | D43: 318 | E43: 148 | F43: =Table_1[[#This Row],[Column5]]+Table_1[[#This Row],[Column4]]+Table_1[[#This Row],[Column3]] -> 1320 | G43: 0
B44: RRBs - SUB TOTAL | C44: =C43 -> 854 | D44: =D43 -> 318 | E44: =E43 -> 148 | F44: =F43 -> 1320 | G44: =G43 -> 0
A45: 35 | B45: DCCB & Apex Bank | C45: 360 | D45: 283 | E45: 247 | F45: =Table_1[[#This Row],[Column5]]+Table_1[[#This Row],[Column4]]+Table_1[[#This Row],[Column3]] -> 890 | G45: 45
B46: CO-OPERATIVE BANK - SUB TOTAL | C46: =C45 -> 360 | D46: =D45 -> 283 | E46: =E45 -> 247 | F46: =F45 -> 890 | G46: =G45 -> 45
A47: 36 | B47: AU Small Finance Bank | C47: 24 | D47: 94 | E47: 78 | F47: =Table_1[[#This Row],[Column5]]+Table_1[[#This Row],[Column4]]+Table_1[[#This Row],[Column3]] -> 196 | G47: 60
A48: 37 | B48: Equitas Small Finance Bank | C48: 5 | D48: 16 | E48: 38 | F48: =Table_1[[#This Row],[Column5]]+Table_1[[#This Row],[Column4]]+Table_1[[#This Row],[Column3]] -> 59 | G48: 21
A49: 38 | B49: ESAF | C49: 3 | D49: 47 | E49: 21 | F49: =Table_1[[#This Row],[Column5]]+Table_1[[#This Row],[Column4]]+Table_1[[#This Row],[Column3]] -> 71 | G49: 47
A50: 39 | B50: Jana Small Finance Bank | C50: 11 | D50: 7 | E50: 30 | F50: =Table_1[[#This Row],[Column5]]+Table_1[[#This Row],[Column4]]+Table_1[[#This Row],[Column3]] -> 48 | G50: 3
A51: 40 | B51: Shivalik Small Finance Bank | C51: 0 | D51: 1 | E51: 5 | F51: =Table_1[[#This Row],[Column5]]+Table_1[[#This Row],[Column4]]+Table_1[[#This Row],[Column3]] -> 6 | G51: 0
A52: 41 | B52: Suryoday Small Finance Bank | C52: 7 | D52: 10 | E52: 18 | F52: =Table_1[[#This Row],[Column5]]+Table_1[[#This Row],[Column4]]+Table_1[[#This Row],[Column3]] -> 35 | G52: 0
A53: 42 | B53: Ujjivan Small Finance Bank | C53: 0 | D53: 5 | E53: 8 | F53: =Table_1[[#This Row],[Column5]]+Table_1[[#This Row],[Column4]]+Table_1[[#This Row],[Column3]] -> 13 | G53: 13
A54: 43 | B54: Utkarsh Small Finance Bank | C54: 6 | D54: 29 | E54: 18 | F54: =Table_1[[#This Row],[Column5]]+Table_1[[#This Row],[Column4]]+Table_1[[#This Row],[Column3]] -> 53 | G54: 12
B55: SMALL FINANCE BANK SUB TOTAL | C55: =SUBTOTAL(109,C47:C54) -> 56 | D55: =SUBTOTAL(109,D47:D54) -> 209 | E55: =SUBTOTAL(109,E47:E54) -> 216 | F55: =SUBTOTAL(109,F47:F54) -> 481 | G55: =SUBTOTAL(109,G47:G54) -> 156
A56: 44 | B56: INDIA POST PAYMENT BANK | C56: 0 | D56: 14 | E56: 28 | F56: =Table_1[[#This Row],[Column5]]+Table_1[[#This Row],[Column4]]+Table_1[[#This Row],[Column3]] -> 42 | G56: 0
B57: PAYMENT BANK - SUB TOTAL | C57: =C56 -> 0 | D57: =D56 -> 14 | E57: =E56 -> 28 | F57: =F56 -> 42 | G57: =G56 -> 0
B58: TOTAL | C58: =C57+C55+C46+C44+C42 -> 2862 | D58: =D57+D55+D46+D44+D42 -> 2648 | E58: =E57+E55+E46+E44+E42 -> 3197 | F58: =F57+F55+F46+F44+F42 -> 8702 | G58: =G57+G55+G46+G44+G42 -> 8634
D59: Page-88

Sheet CD Ratio_2
A1: CENTRE WISE DEPOSITS, ADVANCES AND C.D.RATIO 30.06.2026
A2: SLBC, Madhya Pradesh Convenor: Central Bank of India
B3: [Amt. in lacs] | J3: TABLE-2
A4: Sr. | B4: BANKS | C4: DEPOSIT | F4: ADVANCES | I4: C.D RATIO
C5: Rural | D5: Semi-Urban | E5: Urban & Metro | F5: Rural | G5: Semi-Urban | H5: Urban & Metro | I5: Rural | J5: Semi-Urban | K5: Urban & Metro
A6: 1 | B6: Bank of Baroda | C6: 163271.11 | D6: 625279.48 | E6: 2121151.1 | F6: 162297.67 | G6: 606440.69 | H6: 1796978.4 | I6: =F6*100/C6 -> 99.403789 | J6: =G6*100/D6 -> 96.987141 | K6: =H6*100/E6 -> 84.717133
A7: 2 | B7: Bank of India | C7: 885489.86 | D7: 1203635.8 | E7: 2909768.8 | F7: 1135577.9 | G7: 1080332.3 | H7: 2111664.8 | I7: =F7*100/C7 -> 128.2429 | J7: =G7*100/D7 -> 89.755747 | K7: =H7*100/E7 -> 72.571567
A8: 3 | B8: Bank of Maharashtra | C8: 357978.9 | D8: 191799.69 | E8: 1177974.1 | F8: 180535.81 | G8: 175294.35 | H8: 729269.5 | I8: =F8*100/C8 -> 50.43197 | J8: =G8*100/D8 -> 91.394491 | K8: =H8*100/E8 -> 61.908787
A9: 4 | B9: Canara Bank | C9: 148617.79 | D9: 409231.52 | E9: 1766317.8 | F9: 135264.06 | G9: 490362.33 | H9: 1399118.6 | I9: =F9*100/C9 -> 91.014716 | J9: =G9*100/D9 -> 119.82516 | K9: =H9*100/E9 -> 79.211032
A10: 5 | B10: Central Bank of India | C10: 1328707.7 | D10: 1353775.8 | E10: 2445769 | F10: 767284.01 | G10: 880747.55 | H10: 1745182.5 | I10: =F10*100/C10 -> 57.746636 | J10: =G10*100/D10 -> 65.058596 | K10: =H10*100/E10 -> 71.355164
A11: 6 | B11: Indian Bank | C11: 396017.27 | D11: 446283.17 | E11: 1806564.8 | F11: 115992 | G11: 141133.77 | H11: 1085475.8 | I11: =F11*100/C11 -> 29.289632 | J11: =G11*100/D11 -> 31.624264 | K11: =H11*100/E11 -> 60.085075
A12: 7 | B12: Indian Overseas Bank | C12: 26572.36 | D12: 16399.76 | E12: 328199.23 | F12: 19638.62 | G12: 18740.19 | H12: 456447.75 | I12: =F12*100/C12 -> 73.906194 | J12: =G12*100/D12 -> 114.27112 | K12: =H12*100/E12 -> 139.07642
A13: 8 | B13: Punjab and Sind Bank | C13: 11562.2 | D13: 22683.93 | E13: 271118.32 | F13: 6510.38 | G13: 20224.31 | H13: 156775.76 | I13: =F13*100/C13 -> 56.30745 | J13: =G13*100/D13 -> 89.156994 | K13: =H13*100/E13 -> 57.825587
A14: 9 | B14: Punjab National Bank | C14: 389859.42 | D14: 731396.54 | E14: 3087587.4 | F14: 297635.75 | G14: 476486.96 | H14: 3196118.1 | I14: =F14*100/C14 -> 76.344378 | J14: =G14*100/D14 -> 65.147555 | K14: =H14*100/E14 -> 103.51506
A15: 10 | B15: State Bank of India | C15: 2234064.6 | D15: 6394983.1 | E15: 15223295 | F15: 1525952.7 | G15: 3703917.7 | H15: 8169227.4 | I15: =F15*100/C15 -> 68.303879 | J15: =G15*100/D15 -> 57.919117 | K15: =H15*100/E15 -> 53.662677
A16: 11 | B16: UCO Bank | C16: 144752.59 | D16: 182610.56 | E16: 974374.42 | F16: 108685.77 | G16: 137964.97 | H16: 775547.14 | I16: =F16*100/C16 -> 75.083817 | J16: =G16*100/D16 -> 75.551474 | K16: =H16*100/E16 -> 79.594366
A17: 12 | B17: Union Bank of India | C17: 733537.86 | D17: 928559.58 | E17: 3624354.9 | F17: 371005.4 | G17: 468999.58 | H17: 1580322.7 | I17: =F17*100/C17 -> 50.577539 | J17: =G17*100/D17 -> 50.508292 | K17: =H17*100/E17 -> 43.602868
B18: PSBs - SUB TOTAL | C18: =SUM(C6:C17) -> 6820431.6 | D18: =SUM(D6:D17) -> 12506639 | E18: =SUM(E6:E17) -> 35736475 | F18: =SUM(F6:F17) -> 4826380.1 | G18: =SUM(G6:G17) -> 8200644.7 | H18: =SUM(H6:H17) -> 23202128 | I18: =F18*100/C18 -> 70.763559 | J18: =G18*100/D18 -> 65.570332 | K18: =H18*100/E18 -> 64.925622
A19: 13 | B19: Axis Bank | C19: 108968.34 | D19: 320244.55 | E19: 2234326.9 | F19: 187253.25 | G19: 536408.68 | H19: 1998329.3 | I19: =F19*100/C19 -> 171.84189 | J19: =G19*100/D19 -> 167.49971 | K19: =H19*100/E19 -> 89.43764
A20: 14 | B20: Bandhan Bank | C20: 11236.83 | D20: 71912.91 | E20: 283353.94 | F20: 30261.78 | G20: 263389.08 | H20: 636964.51 | I20: =F20*100/C20 -> 269.30887 | J20: =G20*100/D20 -> 366.26119 | K20: =H20*100/E20 -> 224.79465
A21: 15 | B21: Catholic Syrian Bank | C21: 0 | D21: 0 | E21: 45493.9 | F21: 0 | G21: 0 | H21: 9199.14 | I21: 0 | J21: 0 | K21: =H21*100/E21 -> 20.220601
A22: 16 | B22: City Union Bank | C22: 0 | D22: 0 | E22: 28012.81 | F22: 0 | G22: 0 | H22: =2496+19272.64 -> 21768.64 | I22: 0 | J22: 0 | K22: =H22*100/E22 -> 77.709591
A23: 17 | B23: Development Credit Bank | C23: 24115.54 | D23: 46618.4 | E23: 69559.43 | F23: 81941.28 | G23: 119605.16 | H23: 98525.42 | I23: =F23*100/C23 -> 339.78621 | J23: =G23*100/D23 -> 256.56213 | K23: =H23*100/E23 -> 141.64207
A24: 18 | B24: Dhan Lakshmi Bank | C24: 0 | D24: 0 | E24: 4566.46 | F24: 0 | G24: 0 | H24: 1153.77 | I24: 0 | J24: 0 | K24: =H24*100/E24 -> 25.26618
A25: 19 | B25: Federal Bank Ltd. | C25: 3676.97 | D25: 5006.27 | E25: 158446.17 | F25: 8486.31 | G25: 12147.7 | H25: 97772.11 | I25: =F25*100/C25 -> 230.79628 | J25: =G25*100/D25 -> 242.64972 | K25: =H25*100/E25 -> 61.706831
A26: 20 | B26: HDFC Bank | C26: 51582.78 | D26: 974337.47 | E26: 4938873.6 | F26: 52964.12 | G26: 1849224.6 | H26: 5911571.8 | I26: =F26*100/C26 -> 102.67791 | J26: =G26*100/D26 -> 189.79303 | K26: =H26*100/E26 -> 119.69474
A27: 21 | B27: ICICI Bank | C27: 70811.29 | D27: 546789.98 | E27: 3533667 | F27: 145119.4 | G27: 963504.19 | H27: 3413527.5 | I27: =F27*100/C27 -> 204.93822 | J27: =G27*100/D27 -> 176.21102 | K27: =H27*100/E27 -> 96.600148
A28: 22 | B28: IDBI Bank | C28: 26374.28 | D28: 147447.25 | E28: 955913.63 | F28: 37122.42 | G28: 121903.57 | H28: 469633.82 | I28: =F28*100/C28 -> 140.75235 | J28: =G28*100/D28 -> 82.676055 | K28: =H28*100/E28 -> 49.129315
A29: 23 | B29: IDFC First Bank | C29: 67715.58 | D29: 138867.7 | E29: 542639.1 | F29: 111822.55 | G29: 209216.5 | H29: 773585.72 | I29: =F29*100/C29 -> 165.13563 | J29: =G29*100/D29 -> 150.65886 | K29: =H29*100/E29 -> 142.55989
A30: 24 | B30: Indusind Bank Limited | C30: 30290.46 | D30: 37202 | E30: 580572.99 | F30: 142679.52 | G30: 239421.15 | H30: 638848.55 | I30: =F30*100/C30 -> 471.03781 | J30: =G30*100/D30 -> 643.57064 | K30: =H30*100/E30 -> 110.03759
A31: 25 | B31: Jammu and Kashmir Bank | C31: 0 | D31: 0 | E31: 6861.23 | F31: 0 | G31: 0 | H31: 5138.42 | I31: 0 | J31: 0 | K31: =H31*100/E31 -> 74.890654
A32: 26 | B32: Karnataka Bank Limited | C32: 0 | D32: 0 | E32: 37126.22 | F32: 0 | G32: 0 | H32: 33945.95 | I32: 0 | J32: 0 | K32: =H32*100/E32 -> 91.433898
A33: 27 | B33: Karur Vysya Bank Ltd. | C33: 0 | D33: 0 | E33: 62936.58 | F33: 0 | G33: 0 | H33: 33593.72 | I33: 0 | J33: 0 | K33: =H33*100/E33 -> 53.377098
A34: 28 | B34: Kotak Mahindra Bank | C34: 34300.88 | D34: 49734.16 | E34: 642895.27 | F34: 109110.7 | G34: 154750.63 | H34: 1130881.8 | I34: =F34*100/C34 -> 318.09884 | J34: =G34*100/D34 -> 311.15561 | K34: =H34*100/E34 -> 175.90451
A35: 29 | B35: Lakshmi Vilas Bank | C35: 0 | D35: 0 | E35: 10777.81 | F35: 0 | G35: 0 | H35: 25126.57 | I35: 0 | J35: 0 | K35: =H35*100/E35 -> 233.13243
A36: 30 | B36: Ratnakar Bank Ltd. (RBL) | C36: 5687.8 | D36: 17562.68 | E36: 76092.64 | F36: 23857.83 | G36: 40807.24 | H36: 83479.04 | I36: =F36*100/C36 -> 419.4562 | J36: =G36*100/D36 -> 232.35201 | K36: =H36*100/E36 -> 109.70711
A37: 31 | B37: South Indian Bank | C37: 0 | D37: 0 | E37: 44325.04 | F37: 0 | G37: 0 | H37: 27819.26 | I37: 0 | J37: 0 | K37: =H37*100/E37 -> 62.761951
A38: 32 | B38: Tamilnadu Mercantile Bank | C38: 0 | D38: 972.5 | E38: 3659.7 | F38: 0 | G38: 2704.49 | H38: 5142.29 | I38: 0 | J38: =G38*100/D38 -> 278.09666 | K38: =H38*100/E38 -> 140.51124
A39: 33 | B39: Yes Bank | C39: 12753.31 | D39: 41159.78 | E39: 379920.12 | F39: 25691.7 | G39: 76927.84 | H39: 602027.19 | I39: =F39*100/C39 -> 201.45123 | J39: =G39*100/D39 -> 186.90051 | K39: =H39*100/E39 -> 158.46152
B40: PRIVATE BANK SUB TOTAL | C40: =SUM(C19:C39) -> 447514.06 | D40: =SUM(D19:D39) -> 2397855.7 | E40: =SUM(E19:E39) -> 14640021 | F40: =SUM(F19:F39) -> 956310.86 | G40: =SUM(G19:G39) -> 4590010.8 | H40: =SUM(H19:H39) -> 16018035 | I40: =F40*100/C40 -> 213.69404 | J40: =G40*100/D40 -> 191.42148 | K40: =H40*100/E40 -> 109.41265
B41: COMMERCIAL BANKS SUB TOTAL | C41: =C40+C18 -> 7267945.7 | D41: =D40+D18 -> 14904495 | E41: =E40+E18 -> 50376495 | F41: =F40+F18 -> 5782691 | G41: =G40+G18 -> 12790655 | H41: =H40+H18 -> 39220163 | I41: =F41*100/C41 -> 79.564312 | J41: =G41*100/D41 -> 85.817439 | K41: =H41*100/E41 -> 77.854092
A42: 34 | B42: MPGB | C42: 1732450 | D42: 1096999.9 | E42: 663578.26 | F42: 1300991.4 | G42: 771600.86 | H42: 391851.31 | I42: =F42*100/C42 -> 75.095467 | J42: =G42*100/D42 -> 70.337369 | K42: =H42*100/E42 -> 59.051258
B43: RRBs - SUB TOTAL | C43: =SUM(C42:C42) -> 1732450 | D43: =SUM(D42:D42) -> 1096999.9 | E43: =SUM(E42:E42) -> 663578.26 | F43: =SUM(F42:F42) -> 1300991.4 | G43: =SUM(G42:G42) -> 771600.86 | H43: =SUM(H42:H42) -> 391851.31 | I43: =F43*100/C43 -> 75.095467 | J43: =G43*100/D43 -> 70.337369 | K43: =H43*100/E43 -> 59.051258
A44: 35 | B44: DCCB & Apex Bank | C44: 936805.9 | D44: 1104816.9 | E44: 2365367.9 | F44: 1558915.5 | G44: 1344766.2 | H44: 1899739.1 | I44: =F44*100/C44 -> 166.40752 | J44: =G44*100/D44 -> 121.71847 | K44: =H44*100/E44 -> 80.314742
B45: CO-OPERATIVE BANK - SUB TOTAL | C45: =C44 -> 936805.9 | D45: =D44 -> 1104816.9 | E45: =E44 -> 2365367.9 | F45: =F44 -> 1558915.5 | G45: =G44 -> 1344766.2 | H45: =H44 -> 1899739.1 | I45: =F45*100/C45 -> 166.40752 | J45: =G45*100/D45 -> 121.71847 | K45: =H45*100/E45 -> 80.314742
A46: 36 | B46: AU Small Finance Bank | C46: 1971.54 | D46: 85010.98 | E46: 536091.77 | F46: 25979.01 | G46: 579518.88 | H46: 1084306.4 | I46: =F46*100/C46 -> 1317.7014 | J46: =G46*100/D46 -> 681.69886 | K46: =H46*100/E46 -> 202.26133
A47: 37 | B47: Equitas Small Finance Bank | C47: 11819.12 | D47: 13764.71 | E47: 130276.44 | F47: 1030.74 | G47: 27200.54 | H47: 106191.17 | I47: =F47*100/C47 -> 8.7209538 | J47: =G47*100/D47 -> 197.6107 | K47: =H47*100/E47 -> 81.512183
A48: 38 | B48: ESAF | C48: 829.15 | D48: 36481.06 | E48: 32256.04 | F48: 1751.44 | G48: 63986.65 | H48: 61724.95 | I48: =F48*100/C48 -> 211.23319 | J48: =G48*100/D48 -> 175.3969 | K48: =H48*100/E48 -> 191.35935
A49: 39 | B49: Jana Small Finance Bank | C49: 1450.52 | D49: 4619.4 | E49: 88650.94 | F49: 72430.13 | G49: 18128.42 | H49: 191159.63 | I49: =F49*100/C49 -> 4993.3906 | J49: =G49*100/D49 -> 392.44101 | K49: =H49*100/E49 -> 215.63181
A50: 40 | B50: Shivalik Small Finance Bank | C50: 0 | D50: 10351.24 | E50: 13701.93 | F50: 0 | G50: 6267.75 | H50: 45240.77 | I50: 0 | J50: =G50*100/D50 -> 60.550717 | K50: =H50*100/E50 -> 330.17808
A51: 41 | B51: Suryoday Small Finance Bank | C51: 809.81 | D51: 323.29 | E51: 16918.35 | F51: 10732.44 | G51: 18288.07 | H51: 56666.36 | I51: =F51*100/C51 -> 1325.3035 | J51: =G51*100/D51 -> 5656.8623 | K51: =H51*100/E51 -> 334.94023
A52: 42 | B52: Ujjivan Small Finance Bank | C52: 1857.86 | D52: 12783.11 | E52: 30759.69 | F52: 1630.72 | G52: 19169.13 | H52: 65152.26 | I52: =F52*100/C52 -> 87.774106 | J52: =G52*100/D52 -> 149.9567 | K52: =H52*100/E52 -> 211.81052
A53: 43 | B53: Utkarsh Small Finance Bank | C53: 99.67 | D53: 1040.66 | E53: 47491.43 | F53: 1435.01 | G53: 18326.44 | H53: 26882.46 | I53: =F53*100/C53 -> 1439.7612 | J53: =G53*100/D53 -> 1761.0401 | K53: =H53*100/E53 -> 56.604865
B54: SMALL FINANCE BANK SUB TOTAL | C54: =SUM(C46:C53) -> 18837.67 | D54: =SUM(D46:D53) -> 164374.45 | E54: =SUM(E46:E53) -> 896146.59 | F54: =SUM(F46:F53) -> 114989.49 | G54: =SUM(G46:G53) -> 750885.88 | H54: =SUM(H46:H53) -> 1637324 | I54: =F54*100/C54 -> 610.4231 | J54: =G54*100/D54 -> 456.81423 | K54: =H54*100/E54 -> 182.70716
A55: 44 | B55: INDIA POST PAYMENT BANK | C55: 0 | D55: 66093.52 | E55: 142306.73 | F55: 0 | G55: 0 | H55: 0 | I55: 0 | J55: 0 | K55: =H55*100/E55 -> 0
B56: PAYMENT BANK - SUB TOTAL | C56: =C55 -> 0 | D56: =D55 -> 66093.52 | E56: =E55 -> 142306.73 | F56: =F55 -> 0 | G56: =G55 -> 0 | H56: =H55 -> 0 | I56: 0 | J56: 0 | K56: =H56*100/E56 -> 0
B57: TOTAL | C57: =C56+C54+C45+C43+C41 -> 9956039.2 | D57: =D56+D54+D45+D43+D41 -> 17336779 | E57: =E56+E54+E45+E43+E41 -> 54443895 | F57: =F56+F54+F45+F43+F41 -> 8757587.3 | G57: =G56+G54+G45+G43+G41 -> 15657908 | H57: =H56+H54+H45+H43+H41 -> 43149077 | I57: =F57*100/C57 -> 87.962564 | J57: =G57*100/D57 -> 90.316132 | K57: =H57*100/E57 -> 79.254208
E58: Page-89

Sheet CD Ratio_3(i)
A1: BANKWISE TOTAL DEPOSITS, ADVANCES AND C.D.RATIO As on 30.06.2026
A2: SLBC, Madhya Pradesh Convenor-Central Bank of India
B3: [Amt. in lacs] | H3: TABLE: 3(i)
A4: SR | B4: BANKS | C4: DEPOSITS | E4: ADVANCES | H4: C.D RATIO
C5: Previous Quarter 31.03.2026 | D5: Current Quarter 30.06.2026 | E5: Previous Quarter 31.03.2026 | F5: Current Quarter 30.06.2026 | G5: Credit as per place of Utilization Jun-26 | H5: Previous Quarter 31.03.2026 | I5: Current Quarter 30.06.2026 | J5: Including Cr. as per place of utilization 30.06.2026
A6: 1 | B6: Bank of Baroda | C6: 2985365 | D6: ='CD Ratio_2'!C6+'CD Ratio_2'!D6+'CD Ratio_2'!E6 -> 2909701.7 | E6: 2534180.8 | F6: ='CD Ratio_2'!F6+'CD Ratio_2'!G6+'CD Ratio_2'!H6 -> 2565716.8 | G6: 0 | H6: =E6/C6*100 -> 84.8868 | I6: =F6/D6*100 -> 88.178 | J6: =(F6+G6)*100/D6 -> 88.178
A7: 2 | B7: Bank of India | C7: 4698227.6 | D7: ='CD Ratio_2'!C7+'CD Ratio_2'!D7+'CD Ratio_2'!E7 -> 4998894.4 | E7: 4352188.9 | F7: ='CD Ratio_2'!F7+'CD Ratio_2'!G7+'CD Ratio_2'!H7 -> 4327575 | G7: 0 | H7: =E7/C7*100 -> 92.634698 | I7: =F7/D7*100 -> 86.570642 | J7: =(F7+G7)*100/D7 -> 86.570642
A8: 3 | B8: Bank of Maharashtra | C8: 1650602.1 | D8: ='CD Ratio_2'!C8+'CD Ratio_2'!D8+'CD Ratio_2'!E8 -> 1727752.7 | E8: 1036882.8 | F8: ='CD Ratio_2'!F8+'CD Ratio_2'!G8+'CD Ratio_2'!H8 -> 1085099.7 | G8: 0 | H8: =E8/C8*100 -> 62.818459 | I8: =F8/D8*100 -> 62.804107 | J8: =(F8+G8)*100/D8 -> 62.804107
A9: 4 | B9: Canara Bank | C9: 2106065.1 | D9: ='CD Ratio_2'!C9+'CD Ratio_2'!D9+'CD Ratio_2'!E9 -> 2324167.1 | E9: 2554000.6 | F9: ='CD Ratio_2'!F9+'CD Ratio_2'!G9+'CD Ratio_2'!H9 -> 2024745 | G9: 0 | H9: =E9/C9*100 -> 121.26884 | I9: =F9/D9*100 -> 87.117012 | J9: =(F9+G9)*100/D9 -> 87.117012
A10: 5 | B10: Central Bank of India | C10: 4867471.6 | D10: ='CD Ratio_2'!C10+'CD Ratio_2'!D10+'CD Ratio_2'!E10 -> 5128252.6 | E10: 2864207.5 | F10: ='CD Ratio_2'!F10+'CD Ratio_2'!G10+'CD Ratio_2'!H10 -> 3393214 | G10: 0 | H10: =E10/C10*100 -> 58.843846 | I10: =F10/D10*100 -> 66.167062 | J10: =(F10+G10)*100/D10 -> 66.167062
A11: 6 | B11: Indian Bank | C11: 2582067.7 | D11: ='CD Ratio_2'!C11+'CD Ratio_2'!D11+'CD Ratio_2'!E11 -> 2648865.2 | E11: 1335707.4 | F11: ='CD Ratio_2'!F11+'CD Ratio_2'!G11+'CD Ratio_2'!H11 -> 1342601.6 | H11: =E11/C11*100 -> 51.730145 | I11: =F11/D11*100 -> 50.685915 | J11: =(F11+G11)*100/D11 -> 50.685915
A12: 7 | B12: Indian Overseas Bank | C12: 366289.53 | D12: ='CD Ratio_2'!C12+'CD Ratio_2'!D12+'CD Ratio_2'!E12 -> 371171.35 | E12: 501893.49 | F12: ='CD Ratio_2'!F12+'CD Ratio_2'!G12+'CD Ratio_2'!H12 -> 494826.56 | G12: 0 | H12: =E12/C12*100 -> 137.02098 | I12: =F12/D12*100 -> 133.31486 | J12: =(F12+G12)*100/D12 -> 133.31486
A13: 8 | B13: Punjab and Sind Bank | C13: 304876.26 | D13: ='CD Ratio_2'!C13+'CD Ratio_2'!D13+'CD Ratio_2'!E13 -> 305364.45 | E13: 173377.97 | F13: ='CD Ratio_2'!F13+'CD Ratio_2'!G13+'CD Ratio_2'!H13 -> 183510.45 | G13: 0 | H13: =E13/C13*100 -> 56.868308 | I13: =F13/D13*100 -> 60.095551 | J13: =(F13+G13)*100/D13 -> 60.095551
A14: 9 | B14: Punjab National Bank | C14: 4161991.9 | D14: ='CD Ratio_2'!C14+'CD Ratio_2'!D14+'CD Ratio_2'!E14 -> 4208843.4 | E14: 3759988.9 | F14: ='CD Ratio_2'!F14+'CD Ratio_2'!G14+'CD Ratio_2'!H14 -> 3970240.8 | G14: 0 | H14: =E14/C14*100 -> 90.341092 | I14: =F14/D14*100 -> 94.330923 | J14: =(F14+G14)*100/D14 -> 94.330923
A15: 10 | B15: State Bank of India | C15: 23651037 | D15: ='CD Ratio_2'!C15+'CD Ratio_2'!D15+'CD Ratio_2'!E15 -> 23852342 | E15: 13009043 | F15: ='CD Ratio_2'!F15+'CD Ratio_2'!G15+'CD Ratio_2'!H15 -> 13399098 | G15: 2742259.5 | H15: =E15/C15*100 -> 55.004115 | I15: =F15/D15*100 -> 56.175187 | J15: =(F15+G15)*100/D15 -> 67.672002
A16: 11 | B16: UCO Bank | C16: 1253293.6 | D16: ='CD Ratio_2'!C16+'CD Ratio_2'!D16+'CD Ratio_2'!E16 -> 1301737.6 | E16: 1057833.8 | F16: ='CD Ratio_2'!F16+'CD Ratio_2'!G16+'CD Ratio_2'!H16 -> 1022197.9 | G16: 0 | H16: =E16/C16*100 -> 84.404307 | I16: =F16/D16*100 -> 78.525649 | J16: =(F16+G16)*100/D16 -> 78.525649
A17: 12 | B17: Union Bank of India | C17: 5218703.6 | D17: ='CD Ratio_2'!C17+'CD Ratio_2'!D17+'CD Ratio_2'!E17 -> 5286452.3 | E17: 2377291.5 | F17: ='CD Ratio_2'!F17+'CD Ratio_2'!G17+'CD Ratio_2'!H17 -> 2420327.6 | G17: 17414 | H17: =E17/C17*100 -> 45.553295 | I17: =F17/D17*100 -> 45.78359 | J17: =(F17+G17)*100/D17 -> 46.112998
B18: PSBs - SUB TOTAL | C18: 53845991 | D18: =SUM(D6:D17) -> 55063545 | E18: 35556597 | F18: ='CD Ratio_2'!F18+'CD Ratio_2'!G18+'CD Ratio_2'!H18 -> 36229153 | G18: =SUM(G6:G17) -> 2759673.5 | H18: =E18/C18*100 -> 66.03388 | I18: =F18/D18*100 -> 65.79517 | J18: =(F18+G18)*100/D18 -> 70.806968
A19: 13 | B19: Axis Bank | C19: 2659822.2 | D19: ='CD Ratio_2'!C19+'CD Ratio_2'!D19+'CD Ratio_2'!E19 -> 2663539.8 | E19: 2725655.7 | F19: ='CD Ratio_2'!F19+'CD Ratio_2'!G19+'CD Ratio_2'!H19 -> 2721991.2 | G19: 0 | H19: =E19/C19*100 -> 102.47511 | I19: =F19/D19*100 -> 102.1945 | J19: =(F19+G19)*100/D19 -> 102.1945
A20: 14 | B20: Bandhan Bank | C20: 375741.36 | D20: ='CD Ratio_2'!C20+'CD Ratio_2'!D20+'CD Ratio_2'!E20 -> 366503.68 | E20: 950437.64 | F20: ='CD Ratio_2'!F20+'CD Ratio_2'!G20+'CD Ratio_2'!H20 -> 930615.37 | G20: 0 | H20: =E20/C20*100 -> 252.94997 | I20: =F20/D20*100 -> 253.91706 | J20: =(F20+G20)*100/D20 -> 253.91706
A21: 15 | B21: Catholic Syrian Bank | C21: 78145.19 | D21: ='CD Ratio_2'!C21+'CD Ratio_2'!D21+'CD Ratio_2'!E21 -> 45493.9 | E21: 15132.8 | F21: ='CD Ratio_2'!F21+'CD Ratio_2'!G21+'CD Ratio_2'!H21 -> 9199.14 | G21: 0 | H21: =E21/C21*100 -> 19.364979 | I21: =F21/D21*100 -> 20.220601 | J21: =(F21+G21)*100/D21 -> 20.220601
A22: 16 | B22: City Union Bank | C22: 22919.86 | D22: ='CD Ratio_2'!C22+'CD Ratio_2'!D22+'CD Ratio_2'!E22 -> 28012.81 | E22: 22023.53 | F22: ='CD Ratio_2'!F22+'CD Ratio_2'!G22+'CD Ratio_2'!H22 -> 21768.64 | G22: 0 | H22: =E22/C22*100 -> 96.089287 | I22: =F22/D22*100 -> 77.709591 | J22: 0
A23: 17 | B23: Development Credit Bank | C23: 135327.44 | D23: ='CD Ratio_2'!C23+'CD Ratio_2'!D23+'CD Ratio_2'!E23 -> 140293.37 | E23: 295277.51 | F23: ='CD Ratio_2'!F23+'CD Ratio_2'!G23+'CD Ratio_2'!H23 -> 300071.86 | G23: 0 | H23: =E23/C23*100 -> 218.19485 | I23: =F23/D23*100 -> 213.88884 | J23: =(F23+G23)*100/D23 -> 213.88884
A24: 18 | B24: Dhan Lakshmi Bank | C24: 4700.81 | D24: ='CD Ratio_2'!C24+'CD Ratio_2'!D24+'CD Ratio_2'!E24 -> 4566.46 | E24: 1007.26 | F24: ='CD Ratio_2'!F24+'CD Ratio_2'!G24+'CD Ratio_2'!H24 -> 1153.77 | G24: 0 | H24: =E24/C24*100 -> 21.427371 | I24: =F24/D24*100 -> 25.26618 | J24: =(F24+G24)*100/D24 -> 25.26618
A25: 19 | B25: Federal Bank Ltd. | C25: 170493.01 | D25: ='CD Ratio_2'!C25+'CD Ratio_2'!D25+'CD Ratio_2'!E25 -> 167129.41 | E25: 109127.79 | F25: ='CD Ratio_2'!F25+'CD Ratio_2'!G25+'CD Ratio_2'!H25 -> 118406.12 | G25: 0 | H25: =E25/C25*100 -> 64.007193 | I25: =F25/D25*100 -> 70.846968 | J25: =(F25+G25)*100/D25 -> 70.846968
A26: 20 | B26: HDFC Bank | C26: 5816468.7 | D26: ='CD Ratio_2'!C26+'CD Ratio_2'!D26+'CD Ratio_2'!E26 -> 5964793.9 | E26: 7820505.8 | F26: ='CD Ratio_2'!F26+'CD Ratio_2'!G26+'CD Ratio_2'!H26 -> 7813760.5 | G26: 0 | H26: =E26/C26*100 -> 134.45453 | I26: =F26/D26*100 -> 130.998 | J26: =(F26+G26)*100/D26 -> 130.998
A27: 21 | B27: ICICI Bank | C27: 4010241.8 | D27: ='CD Ratio_2'!C27+'CD Ratio_2'!D27+'CD Ratio_2'!E27 -> 4151268.3 | E27: 4349950.8 | F27: ='CD Ratio_2'!F27+'CD Ratio_2'!G27+'CD Ratio_2'!H27 -> 4522151.1 | G27: 0 | H27: =E27/C27*100 -> 108.47104 | I27: =F27/D27*100 -> 108.93421 | J27: =(F27+G27)*100/D27 -> 108.93421
A28: 22 | B28: IDBI Bank | C28: 1162680.7 | D28: ='CD Ratio_2'!C28+'CD Ratio_2'!D28+'CD Ratio_2'!E28 -> 1129735.2 | E28: 611304.6 | F28: ='CD Ratio_2'!F28+'CD Ratio_2'!G28+'CD Ratio_2'!H28 -> 628659.81 | G28: 0 | H28: =E28/C28*100 -> 52.577171 | I28: =F28/D28*100 -> 55.646654 | J28: =(F28+G28)*100/D28 -> 55.646654
A29: 23 | B29: IDFC First Bank | C29: 707170.09 | D29: ='CD Ratio_2'!C29+'CD Ratio_2'!D29+'CD Ratio_2'!E29 -> 749222.38 | E29: 1072800.5 | F29: ='CD Ratio_2'!F29+'CD Ratio_2'!G29+'CD Ratio_2'!H29 -> 1094624.8 | G29: 0 | H29: =E29/C29*100 -> 151.70332 | I29: =F29/D29*100 -> 146.10145 | J29: =(F29+G29)*100/D29 -> 146.10145
A30: 24 | B30: Indusind Bank Limited | C30: 651984.06 | D30: ='CD Ratio_2'!C30+'CD Ratio_2'!D30+'CD Ratio_2'!E30 -> 648065.45 | E30: 1026686.5 | F30: ='CD Ratio_2'!F30+'CD Ratio_2'!G30+'CD Ratio_2'!H30 -> 1020949.2 | G30: 0 | H30: =E30/C30*100 -> 157.4711 | I30: =F30/D30*100 -> 157.53798 | J30: =(F30+G30)*100/D30 -> 157.53798
A31: 25 | B31: Jammu and Kashmir Bank | C31: 6579.83 | D31: ='CD Ratio_2'!C31+'CD Ratio_2'!D31+'CD Ratio_2'!E31 -> 6861.23 | E31: 5422.19 | F31: ='CD Ratio_2'!F31+'CD Ratio_2'!G31+'CD Ratio_2'!H31 -> 5138.42 | G31: 0 | H31: =E31/C31*100 -> 82.406232 | I31: =F31/D31*100 -> 74.890654 | J31: =(F31+G31)*100/D31 -> 74.890654
A32: 26 | B32: Karnataka Bank Limited | C32: 37616.87 | D32: ='CD Ratio_2'!C32+'CD Ratio_2'!D32+'CD Ratio_2'!E32 -> 37126.22 | E32: 32965.71 | F32: ='CD Ratio_2'!F32+'CD Ratio_2'!G32+'CD Ratio_2'!H32 -> 33945.95 | G32: 0 | H32: =E32/C32*100 -> 87.635441 | I32: =F32/D32*100 -> 91.433898 | J32: =(F32+G32)*100/D32 -> 91.433898
A33: 27 | B33: Karur Vysya Bank Ltd. | C33: 48207.98 | D33: ='CD Ratio_2'!C33+'CD Ratio_2'!D33+'CD Ratio_2'!E33 -> 62936.58 | E33: 30206.82 | F33: ='CD Ratio_2'!F33+'CD Ratio_2'!G33+'CD Ratio_2'!H33 -> 33593.72 | G33: 0 | H33: =E33/C33*100 -> 62.659377 | I33: =F33/D33*100 -> 53.377098 | J33: =(F33+G33)*100/D33 -> 53.377098
A34: 28 | B34: Kotak Mahindra Bank | C34: 718260.2 | D34: ='CD Ratio_2'!C34+'CD Ratio_2'!D34+'CD Ratio_2'!E34 -> 726930.31 | E34: 1393343.3 | F34: ='CD Ratio_2'!F34+'CD Ratio_2'!G34+'CD Ratio_2'!H34 -> 1394743.1 | G34: 0 | H34: =E34/C34*100 -> 193.98866 | I34: =F34/D34*100 -> 191.86751 | J34: =(F34+G34)*100/D34 -> 191.86751
... A39: 33 | B39: Yes Bank | C39: 439775.58 | D39: ='CD Ratio_2'!C39+'CD Ratio_2'!D39+'CD Ratio_2'!E39 -> 433833.21 | E39: 714549.15 | F39: ='CD Ratio_2'!F39+'CD Ratio_2'!G39+'CD Ratio_2'!H39 -> 704646.73 | G39: 0 | H39: =E39/C39*100 -> 162.48041 | I39: =F39/D39*100 -> 162.42342 | J39: =(F39+G39)*100/D39 -> 162.42342
B40: PRIVATE BANK SUB TOTAL | C40: 17215189 | D40: =SUM(D19:D39) -> 17485390 | E40: 21369743 | F40: ='CD Ratio_2'!F40+'CD Ratio_2'!G40+'CD Ratio_2'!H40 -> 21564356 | G40: =SUM(G19:G39) -> 0 | H40: =E40/C40*100 -> 124.13307 | I40: =F40/D40*100 -> 123.32785 | J40: =(F40+G40)*100/D40 -> 123.32785
B41: COMMERCIAL BANKS SUB TOTAL | C41: 71061180 | D41: =D40+D18 -> 72548935 | E41: 56926340 | F41: ='CD Ratio_2'!F41+'CD Ratio_2'!G41+'CD Ratio_2'!H41 -> 57793509 | G41: =G40+G18 -> 2759673.5 | H41: =E41/C41*100 -> 80.108915 | I41: =F41/D41*100 -> 79.661416 | J41: =(F41+G41)*100/D41 -> 83.465295
A42: 34 | B42: MPGB | C42: 3447848.3 | D42: ='CD Ratio_2'!C42+'CD Ratio_2'!D42+'CD Ratio_2'!E42 -> 3493028.1 | E42: 2445279.2 | F42: ='CD Ratio_2'!F42+'CD Ratio_2'!G42+'CD Ratio_2'!H42 -> 2464443.6 | G42: 0 | H42: =E42/C42*100 -> 70.92189 | I42: =F42/D42*100 -> 70.553213 | J42: =(F42+G42)*100/D42 -> 70.553213
B43: RRBs - SUB TOTAL | C43: 3447848.3 | D43: ='CD Ratio_2'!C43+'CD Ratio_2'!D43+'CD Ratio_2'!E43 -> 3493028.1 | E43: 2445279.2 | F43: ='CD Ratio_2'!F43+'CD Ratio_2'!G43+'CD Ratio_2'!H43 -> 2464443.6 | G43: =SUM(G42:G42) -> 0 | H43: =E43/C43*100 -> 70.92189 | I43: =F43/D43*100 -> 70.553213 | J43: =(F43+G43)*100/D43 -> 70.553213
A44: 35 | B44: DCCB & Apex Bank | C44: 4342048.1 | D44: ='CD Ratio_2'!C44+'CD Ratio_2'!D44+'CD Ratio_2'!E44 -> 4406990.7 | E44: 4797729.7 | F44: ='CD Ratio_2'!F44+'CD Ratio_2'!G44+'CD Ratio_2'!H44 -> 4803420.9 | G44: 0 | H44: =E44/C44*100 -> 110.49462 | I44: =F44/D44*100 -> 108.99548 | J44: =(F44+G44)*100/D44 -> 108.99548
B45: CO-OPERATIVE BANK - SUB TOTAL | C45: 4342048.1 | D45: ='CD Ratio_2'!C45+'CD Ratio_2'!D45+'CD Ratio_2'!E45 -> 4406990.7 | E45: 4797729.7 | F45: ='CD Ratio_2'!F45+'CD Ratio_2'!G45+'CD Ratio_2'!H45 -> 4803420.9 | G45: =G44 -> 0 | H45: =E45/C45*100 -> 110.49462 | I45: =F45/D45*100 -> 108.99548 | J45: =(F45+G45)*100/D45 -> 108.99548
A46: 36 | B46: AU Small Finance Bank | C46: 568552.54 | D46: ='CD Ratio_2'!C46+'CD Ratio_2'!D46+'CD Ratio_2'!E46 -> 623074.29 | E46: 1651973.8 | F46: ='CD Ratio_2'!F46+'CD Ratio_2'!G46+'CD Ratio_2'!H46 -> 1689804.2 | G46: 0 | H46: =E46/C46*100 -> 290.55782 | I46: =F46/D46*100 -> 271.2043 | J46: =(F46+G46)*100/D46 -> 271.2043
A47: 37 | B47: Equitas Small Finance Bank | C47: 150009.18 | D47: ='CD Ratio_2'!C47+'CD Ratio_2'!D47+'CD Ratio_2'!E47 -> 155860.27 | E47: 122703.84 | F47: ='CD Ratio_2'!F47+'CD Ratio_2'!G47+'CD Ratio_2'!H47 -> 134422.45 | G47: 0 | H47: =E47/C47*100 -> 81.797554 | I47: =F47/D47*100 -> 86.245488 | J47: =(F47+G47)*100/D47 -> 86.245488
A48: 38 | B48: ESAF | C48: 66302.23 | D48: ='CD Ratio_2'!C48+'CD Ratio_2'!D48+'CD Ratio_2'!E48 -> 69566.25 | E48: 128388.99 | F48: ='CD Ratio_2'!F48+'CD Ratio_2'!G48+'CD Ratio_2'!H48 -> 127463.04 | G48: 0 | H48: =E48/C48*100 -> 193.64204 | I48: =F48/D48*100 -> 183.2254 | J48: =(F48+G48)*100/D48 -> 183.2254
A49: 39 | B49: Jana Small Finance Bank | C49: 91129.46 | D49: ='CD Ratio_2'!C49+'CD Ratio_2'!D49+'CD Ratio_2'!E49 -> 94720.86 | E49: 267142.02 | F49: ='CD Ratio_2'!F49+'CD Ratio_2'!G49+'CD Ratio_2'!H49 -> 281718.18 | G49: 0 | H49: =E49/C49*100 -> 293.14562 | I49: =F49/D49*100 -> 297.41936 | J49: =(F49+G49)*100/D49 -> 297.41936
A50: 40 | B50: Shivalik Small Finance Bank | C50: 19881.49 | D50: ='CD Ratio_2'!C50+'CD Ratio_2'!D50+'CD Ratio_2'!E50 -> 24053.17 | E50: 49038.28 | F50: ='CD Ratio_2'!F50+'CD Ratio_2'!G50+'CD Ratio_2'!H50 -> 51508.52 | G50: 0 | H50: =E50/C50*100 -> 246.65294 | I50: =F50/D50*100 -> 214.14441 | J50: =(F50+G50)*100/D50 -> 214.14441
A51: 41 | B51: Suryoday Small Finance Bank | C51: 16639.13 | D51: ='CD Ratio_2'!C51+'CD Ratio_2'!D51+'CD Ratio_2'!E51 -> 18051.45 | E51: 81265.17 | F51: ='CD Ratio_2'!F51+'CD Ratio_2'!G51+'CD Ratio_2'!H51 -> 85686.87 | G51: 0 | H51: =E51/C51*100 -> 488.39795 | I51: =F51/D51*100 -> 474.68137 | J51: =(F51+G51)*100/D51 -> 474.68137
A52: 42 | B52: Ujjivan Small Finance Bank | C52: 43225.42 | D52: ='CD Ratio_2'!C52+'CD Ratio_2'!D52+'CD Ratio_2'!E52 -> 45400.66 | E52: 78778.2 | F52: ='CD Ratio_2'!F52+'CD Ratio_2'!G52+'CD Ratio_2'!H52 -> 85952.11 | G52: 0 | H52: =E52/C52*100 -> 182.2497 | I52: =F52/D52*100 -> 189.31908 | J52: =(F52+G52)*100/D52 -> 189.31908
A53: 43 | B53: Utkarsh Small Finance Bank | C53: 49891.24 | D53: ='CD Ratio_2'!C53+'CD Ratio_2'!D53+'CD Ratio_2'!E53 -> 48631.76 | E53: 45481.72 | F53: ='CD Ratio_2'!F53+'CD Ratio_2'!G53+'CD Ratio_2'!H53 -> 46643.91 | G53: 0 | H53: =E53/C53*100 -> 91.161735 | I53: =F53/D53*100 -> 95.912445 | J53: =(F53+G53)*100/D53 -> 95.912445
B54: SMALL FINANCE BANK SUB TOTAL | C54: 1005630.7 | D54: ='CD Ratio_2'!C54+'CD Ratio_2'!D54+'CD Ratio_2'!E54 -> 1079358.7 | E54: 2424772.1 | F54: ='CD Ratio_2'!F54+'CD Ratio_2'!G54+'CD Ratio_2'!H54 -> 2503199.3 | G54: =SUM(G46:G53) -> 0 | H54: =E54/C54*100 -> 241.11954 | I54: =F54/D54*100 -> 231.91542 | J54: =(F54+G54)*100/D54 -> 231.91542
A55: 44 | B55: INDIA POST PAYMENT BANK | C55: 181042 | D55: ='CD Ratio_2'!C55+'CD Ratio_2'!D55+'CD Ratio_2'!E55 -> 208400.25 | E55: 0 | F55: ='CD Ratio_2'!F55+'CD Ratio_2'!G55+'CD Ratio_2'!H55 -> 0 | G55: 0 | H55: =E55/C55*100 -> 0 | I55: =F55/D55*100 -> 0 | J55: =(F55+G55)*100/D55 -> 0
B56: PAYMENT BANK - SUB TOTAL | C56: 181042 | D56: ='CD Ratio_2'!C56+'CD Ratio_2'!D56+'CD Ratio_2'!E56 -> 208400.25 | E56: 0 | F56: ='CD Ratio_2'!F56+'CD Ratio_2'!G56+'CD Ratio_2'!H56 -> 0 | G56: =G55 -> 0 | H56: =E56/C56*100 -> 0 | I56: =F56/D56*100 -> 0 | J56: =J55 -> 0
B57: TOTAL | C57: 80037749 | D57: =D56+D54+D45+D43+D41 -> 81736713 | E57: 66594121 | F57: ='CD Ratio_2'!F57+'CD Ratio_2'!G57+'CD Ratio_2'!H57 -> 67564573 | G57: =G56+G54+G45+G43+G41 -> 2759673.5 | H57: =E57/C57*100 -> 83.203391 | I57: =F57/D57*100 -> 82.661231 | J57: =(F57+G57)*100/D57 -> 86.037527
E58: Page-90

Sheet CD Ratio_3(ii)Dist
A2: CREDIT DEPOSIT RATIO (DISTRICT WISE) as on June 30, 2026
A3: Amount in lakh
A4: Sr. | B4: District Name | C4: Deposits | D4: Advances | E4: CD Ratio
A5: 1 | B5: Agar-malwa | C5: 201644 | D5: 446917 | E5: 221.64
A6: 2 | B6: Alirajpur | C6: 216364 | D6: 151899 | E6: 70.2
A7: 3 | B7: Anuppur | C7: 581363 | D7: 183908 | E7: 31.63
A8: 4 | B8: Ashoknagar | C8: 370446 | D8: 443415 | E8: 119.7
A9: 5 | B9: Balaghat | C9: 860905 | D9: 622341 | E9: 72.29
A10: 6 | B10: Barwani | C10: 567386 | D10: 673916 | E10: 118.78
A11: 7 | B11: Betul | C11: 1164175 | D11: 793491 | E11: 68.16
A12: 8 | B12: Bhind | C12: 705978 | D12: 424579 | E12: 60.14
A13: 9 | B13: Bhopal | C13: 16933354 | D13: 12542490 | E13: 74.07
A14: 10 | B14: Burhanpur | C14: 487382 | D14: 417317 | E14: 85.62
A15: 11 | B15: Chhatarpur | C15: 1212862 | D15: 612679 | E15: 50.52
A16: 12 | B16: Chhindwara | C16: 1353020 | D16: 1115240 | E16: 82.43
... A59: 55 | B59: Vidisha | C59: 958005 | D59: 1071918 | E59: 111.89
B60: Grand Total | C60: =SUM(C5:C59) -> 81736714 | D60: =SUM(D5:D59) -> 67562080 | E60: =D60/C60*100 -> 82.65818
D61: Page-91

Sheet OutstandingAgri_4
A1: AGRICULTURE LOANS OUTSTANDING AS ON 30.06.2026
B2: Amt. in Lakhs | H2: No. in actual | J2: TABLE: 4
A3: Sr. | B3: Banks | C3: Outstanding at the end of quarter 30.06.2026 | M3: % of Agri adv. to total credit
C4: Farm Credit | E4: Out of Farm Credit total Crop Loans | G4: Agri Infrastructure | I4: Ancillary Activities | K4: Total Agri
C5: No. | D5: Amt. | E5: No. | F5: Amt. | G5: No. | H5: Amt. | I5: No. | J5: Amt. | K5: No. | L5: Amt.
A6: 1 | B6: Bank of Baroda | C6: 120818 | D6: 338535.49 | E6: 86892 | F6: 239969.15 | G6: 2155 | H6: 28155.71 | I6: 3897 | J6: 142236.37 | K6: =C6+G6+I6 -> 126870 | L6: =D6+H6+J6 -> 508927.57 | M6: =L6*100/'CD Ratio_3(i)'!F6 -> 19.835688
A7: 2 | B7: Bank of India | C7: 643953 | D7: 1716353.4 | E7: 374987 | F7: 988506.01 | G7: 730 | H7: 40037.56 | I7: 18423 | J7: 112391.12 | K7: =C7+G7+I7 -> 663106 | L7: =D7+H7+J7 -> 1868782 | M7: =L7*100/'CD Ratio_3(i)'!F7 -> 43.183123
A8: 3 | B8: Bank of Maharashtra | C8: 45216 | D8: 132983.8 | E8: 30896 | F8: 73805.66 | G8: 564 | H8: 17957.79 | I8: 18287 | J8: 125691.18 | K8: =C8+G8+I8 -> 64067 | L8: =D8+H8+J8 -> 276632.77 | M8: =L8*100/'CD Ratio_3(i)'!F8 -> 25.493766
A9: 4 | B9: Canara Bank | C9: 131387 | D9: 347482.02 | E9: 118042 | F9: 319857.07 | G9: 586 | H9: 55862.57 | I9: 2129 | J9: 52622.09 | K9: =C9+G9+I9 -> 134102 | L9: =D9+H9+J9 -> 455966.68 | M9: =L9*100/'CD Ratio_3(i)'!F9 -> 22.519709
A10: 5 | B10: Central Bank of India | C10: 330084 | D10: 830631.83 | E10: 275406 | F10: 635557.96 | G10: 1557 | H10: 63594.98 | I10: 2807 | J10: 77124.19 | K10: =C10+G10+I10 -> 334448 | L10: =D10+H10+J10 -> 971351 | M10: =L10*100/'CD Ratio_3(i)'!F10 -> 28.626281
A11: 6 | B11: Indian Bank | C11: 81872 | D11: 176063.68 | E11: 72310 | F11: 152835.58 | G11: 288 | H11: 5407.06 | I11: 491 | J11: 28594.86 | K11: =C11+G11+I11 -> 82651 | L11: =D11+H11+J11 -> 210065.6 | M11: =L11*100/'CD Ratio_3(i)'!F11 -> 15.64616
A12: 7 | B12: Indian Overseas Bank | C12: 8043 | D12: =393+24275.98 -> 24668.98 | E12: 5103 | F12: 15232.98 | G12: 32 | H12: 322.5 | I12: 244 | J12: 8606.26 | K12: =C12+G12+I12 -> 8319 | L12: =D12+H12+J12 -> 33597.74 | M12: =L12*100/'CD Ratio_3(i)'!F12 -> 6.7898013
A13: 8 | B13: Punjab and Sind Bank | C13: 7660 | D13: 27850.81 | E13: 5110 | F13: 9931.35 | G13: 12 | H13: 755.28 | I13: 366 | J13: 10576.39 | K13: =C13+G13+I13 -> 8038 | L13: =D13+H13+J13 -> 39182.48 | M13: =L13*100/'CD Ratio_3(i)'!F13 -> 21.351634
A14: 9 | B14: Punjab National Bank | C14: 236745 | D14: 528215.32 | E14: 207226 | F14: 469041.37 | G14: 692 | H14: 32875.25 | I14: 3923 | J14: 183320.4 | K14: =C14+G14+I14 -> 241360 | L14: =D14+H14+J14 -> 744410.97 | M14: =L14*100/'CD Ratio_3(i)'!F14 -> 18.749769
A15: 10 | B15: State Bank of India | C15: 627579 | D15: 1864473.6 | E15: 508065 | F15: 1295252.6 | G15: 1157 | H15: 48206.09 | I15: 17074 | J15: 333140.01 | K15: =C15+G15+I15 -> 645810 | L15: =D15+H15+J15 -> 2245819.7 | M15: =L15*100/'CD Ratio_3(i)'!F15 -> 16.760977
A16: 11 | B16: UCO Bank | C16: 57170 | D16: =63590+112252.94 -> 175842.94 | E16: 12088 | F16: 57356.6 | G16: 1221 | H16: 17307.95 | I16: 28603 | J16: 187482.14 | K16: =C16+G16+I16 -> 86994 | L16: =D16+H16+J16 -> 380633.03 | M16: =L16*100/'CD Ratio_3(i)'!F16 -> 37.236727
A17: 12 | B17: Union Bank of India | C17: 215481 | D17: 612154.99 | E17: 185886 | F17: 548338.36 | G17: 521 | H17: 11640.75 | I17: 3495 | J17: 124157.32 | K17: =C17+G17+I17 -> 219497 | L17: =D17+H17+J17 -> 747953.06 | M17: =L17*100/'CD Ratio_3(i)'!F17 -> 30.902967
B18: PSBs - SUB TOTAL | C18: =SUM(C6:C17) -> 2506008 | D18: =SUM(D6:D17) -> 6775256.8 | E18: =SUM(E6:E17) -> 1882011 | F18: =SUM(F6:F17) -> 4805684.6 | G18: =SUM(G6:G17) -> 9515 | H18: =SUM(H6:H17) -> 322123.49 | I18: =SUM(I6:I17) -> 99739 | J18: =SUM(J6:J17) -> 1385942.3 | K18: =C18+G18+I18 -> 2615262 | L18: =D18+H18+J18 -> 8483322.6 | M18: =L18*100/'CD Ratio_3(i)'!F18 -> 23.415735
A19: 13 | B19: Axis Bank | C19: 148393 | D19: 280835.23 | E19: 32476 | F19: 174612.07 | G19: 113 | H19: 9417.15 | I19: 1862 | J19: 308577.87 | K19: =C19+G19+I19 -> 150368 | L19: =D19+H19+J19 -> 598830.25 | M19: =L19*100/'CD Ratio_3(i)'!F19 -> 21.999713
A20: 14 | B20: Bandhan Bank | C20: 141821 | D20: 109998.64 | E20: 2212 | F20: 25988.89 | G20: 0 | H20: 0 | I20: 4974 | J20: 12633.76 | K20: =C20+G20+I20 -> 146795 | L20: =D20+H20+J20 -> 122632.4 | M20: =L20*100/'CD Ratio_3(i)'!F20 -> 13.17756
A21: 15 | B21: Catholic Syrian Bank | C21: 1769 | D21: 6155.34 | E21: 0 | F21: 0 | G21: 0 | H21: 0 | I21: 11 | J21: 182.83 | K21: =C21+G21+I21 -> 1780 | L21: =D21+H21+J21 -> 6338.17 | M21: =L21*100/'CD Ratio_3(i)'!F21 -> 68.899593
A22: 16 | B22: City Union Bank | C22: 63 | D22: 51.57 | E22: 0 | F22: 0 | G22: 24 | H22: 1912.19 | I22: 124 | J22: 7547.95 | K22: =C22+G22+I22 -> 211 | L22: =D22+H22+J22 -> 9511.71 | M22: =L22*100/'CD Ratio_3(i)'!F22 -> 43.694553
A23: 17 | B23: Development Credit Bank | C23: 50502 | D23: 94194.03 | E23: 19264 | F23: 43960.74 | G23: 10 | H23: 151.05 | I23: 1966 | J23: 53244.14 | K23: =C23+G23+I23 -> 52478 | L23: =D23+H23+J23 -> 147589.22 | M23: =L23*100/'CD Ratio_3(i)'!F23 -> 49.184625
A24: 18 | B24: Dhan Lakshmi Bank | C24: 0 | D24: 0 | E24: 0 | F24: 0 | G24: 0 | H24: 0 | I24: 11 | J24: 116.08 | K24: =C24+G24+I24 -> 11 | L24: =D24+H24+J24 -> 116.08 | M24: =L24*100/'CD Ratio_3(i)'!F24 -> 10.060931
A25: 19 | B25: Federal Bank Ltd. | C25: 6133 | D25: 28540.71 | E25: 422 | F25: 2039.33 | G25: 27 | H25: 257.1 | I25: 722 | J25: 4643.7 | K25: =C25+G25+I25 -> 6882 | L25: =D25+H25+J25 -> 33441.51 | M25: =L25*100/'CD Ratio_3(i)'!F25 -> 28.243059
A26: 20 | B26: HDFC Bank | C26: 360632 | D26: 1090148.7 | E26: 76593 | F26: 438513.3 | G26: 380 | H26: 12861.14 | I26: 6221 | J26: 422652.67 | K26: =C26+G26+I26 -> 367233 | L26: =D26+H26+J26 -> 1525662.5 | M26: =L26*100/'CD Ratio_3(i)'!F26 -> 19.52533
A27: 21 | B27: ICICI Bank | C27: 118646 | D27: 610568.18 | E27: 65990 | F27: 382090.02 | G27: 14 | H27: 431.88 | I27: 3639 | J27: 272902.53 | K27: =C27+G27+I27 -> 122299 | L27: =D27+H27+J27 -> 883902.59 | M27: =L27*100/'CD Ratio_3(i)'!F27 -> 19.546065
A28: 22 | B28: IDBI Bank | C28: 21613 | D28: 66318.63 | E28: 11157 | F28: 10986.96 | G28: 1185 | H28: 17069.25 | I28: 8610 | J28: 73799.84 | K28: =C28+G28+I28 -> 31408 | L28: =D28+H28+J28 -> 157187.72 | M28: =L28*100/'CD Ratio_3(i)'!F28 -> 25.003622
A29: 23 | B29: IDFC First Bank | C29: 145844 | D29: 247840.51 | E29: 8293 | F29: 132493.21 | G29: 0 | H29: 0 | I29: 135 | J29: 18044.14 | K29: =C29+G29+I29 -> 145979 | L29: =D29+H29+J29 -> 265884.65 | M29: =L29*100/'CD Ratio_3(i)'!F29 -> 24.290027
A30: 24 | B30: Indusind Bank Limited | C30: 356058 | D30: 442833.33 | E30: 26807 | F30: 219501.02 | G30: 9 | H30: 615.41 | I30: 5 | J30: 685.12 | K30: =C30+G30+I30 -> 356072 | L30: =D30+H30+J30 -> 444133.86 | M30: =L30*100/'CD Ratio_3(i)'!F30 -> 43.502052
... A39: 33 | B39: Yes Bank | C39: 94390 | D39: 118487.69 | E39: 5594 | F39: 55305.92 | G39: 27 | H39: 2428.46 | I39: 321 | J39: 48397.28 | K39: =C39+G39+I39 -> 94738 | L39: =D39+H39+J39 -> 169313.43 | M39: =L39*100/'CD Ratio_3(i)'!F39 -> 24.02813
B40: PRIVATE BANK SUB TOTAL | C40: =SUM(C19:C39) -> 1809337 | D40: =SUM(D19:D39) -> 3549096.4 | E40: =SUM(E19:E39) -> 254990 | F40: =SUM(F19:F39) -> 1511284.5 | G40: =SUM(G19:G39) -> 1877 | H40: =SUM(H19:H39) -> 54105.91 | I40: =SUM(I19:I39) -> 30314 | J40: =SUM(J19:J39) -> 1366673.4 | ... L40: =SUM(L19:L39) -> 4969875.7 | M40: =L40*100/'CD Ratio_3(i)'!F40 -> 23.046715
B41: COMMERCIAL BANKS SUB TOTAL | C41: =C40+C18 -> 4315345 | D41: =D40+D18 -> 10324353 | E41: =E40+E18 -> 2137001 | F41: =F40+F18 -> 6316969.2 | G41: =G40+G18 -> 11392 | H41: =H40+H18 -> 376229.4 | I41: =I40+I18 -> 130053 | J41: =J40+J18 -> 2752615.7 | ... L41: =L40+L18 -> 13453198 | M41: =L41*100/'CD Ratio_3(i)'!F41 -> 23.278044
A42: 34 | B42: MPGB | C42: 778147 | D42: 1223592.3 | E42: 618626 | F42: 947132.32 | G42: 515 | H42: 16240.83 | I42: 1924 | J42: 8305.8 | K42: =C42+G42+I42 -> 780586 | L42: =D42+H42+J42 -> 1248139 | M42: =L42*100/'CD Ratio_3(i)'!F42 -> 50.645874
B43: RRBs - SUB TOTAL | C43: =SUM(C42:C42) -> 778147 | D43: =SUM(D42:D42) -> 1223592.3 | E43: =SUM(E42:E42) -> 618626 | F43: =SUM(F42:F42) -> 947132.32 | G43: =SUM(G42:G42) -> 515 | H43: =SUM(H42:H42) -> 16240.83 | I43: =SUM(I42:I42) -> 1924 | J43: =SUM(J42:J42) -> 8305.8 | K43: =C43+G43+I43 -> 780586 | L43: =D43+H43+J43 -> 1248139 | M43: =L43*100/'CD Ratio_3(i)'!F43 -> 50.645874
A44: 35 | B44: DCCB & Apex Bank | C44: 4185919 | D44: 4388340.3 | E44: 4160118 | F44: 4198404.7 | G44: 334 | H44: 1330.05 | I44: 2 | J44: 23.01 | K44: =C44+G44+I44 -> 4186255 | L44: =D44+H44+J44 -> 4389693.4 | M44: =L44*100/'CD Ratio_3(i)'!F44 -> 91.386816
B45: CO-OPERATIVE BANK - SUB TOTAL | C45: =C44 -> 4185919 | D45: =D44 -> 4388340.3 | E45: =E44 -> 4160118 | F45: =F44 -> 4198404.7 | G45: =G44 -> 334 | H45: =H44 -> 1330.05 | I45: =I44 -> 2 | J45: =J44 -> 23.01 | K45: =C45+G45+I45 -> 4186255 | L45: =D45+H45+J45 -> 4389693.4 | M45: =M44 -> 91.386816
A46: 36 | B46: AU Small Finance Bank | C46: 228707 | D46: 226233 | E46: 1 | F46: 1.92 | G46: 144 | H46: 7027.9 | I46: 1247 | J46: 28507.59 | K46: =C46+G46+I46 -> 230098 | L46: =D46+H46+J46 -> 261768.49 | M46: =L46*100/'CD Ratio_3(i)'!F46 -> 15.491054
A47: 37 | B47: Equitas Small Finance Bank | C47: 44268 | D47: 24032.57 | E47: 0 | F47: 0 | G47: 0 | H47: 0 | I47: 8410 | J47: 54855.09 | K47: =C47+G47+I47 -> 52678 | L47: =D47+H47+J47 -> 78887.66 | M47: =L47*100/'CD Ratio_3(i)'!F47 -> 58.686373
A48: 38 | B48: ESAF | C48: 130061 | D48: 80066.64 | E48: 262 | F48: 1317.68 | G48: 0 | H48: 0 | I48: 0 | J48: 0 | K48: =C48+G48+I48 -> 130061 | L48: =D48+H48+J48 -> 80066.64 | M48: =L48*100/'CD Ratio_3(i)'!F48 -> 62.815574
A49: 39 | B49: Jana Small Finance Bank | C49: 199218 | D49: 94163.28 | E49: 0 | F49: 0 | G49: 0 | H49: 0 | I49: 0 | J49: 0 | K49: =C49+G49+I49 -> 199218 | L49: =D49+H49+J49 -> 94163.28 | M49: =L49*100/'CD Ratio_3(i)'!F49 -> 33.424637
A50: 40 | B50: Shivalik Small Finance Bank | C50: 48589 | D50: 21840.46 | E50: 669 | F50: 2139.17 | G50: 0 | H50: 0 | I50: 0 | J50: 0 | K50: =C50+G50+I50 -> 48589 | L50: =D50+H50+J50 -> 21840.46 | M50: =L50*100/'CD Ratio_3(i)'!F50 -> 42.401645
A51: 41 | B51: Suryoday Small Finance Bank | C51: 75722 | D51: 31286.37 | E51: 0 | F51: 0 | G51: 281 | H51: 118.74 | I51: 4186 | J51: 1762.93 | K51: =C51+G51+I51 -> 80189 | L51: =D51+H51+J51 -> 33168.04 | M51: =L51*100/'CD Ratio_3(i)'!F51 -> 38.708428
A52: 42 | B52: Ujjivan Small Finance Bank | C52: 30207 | D52: 12860.59 | E52: 0 | F52: 0 | G52: 0 | H52: 0 | I52: 14338 | J52: 12015.14 | K52: =C52+G52+I52 -> 44545 | L52: =D52+H52+J52 -> 24875.73 | M52: =L52*100/'CD Ratio_3(i)'!F52 -> 28.941384
A53: 43 | B53: Utkarsh Small Finance Bank | C53: 33767 | D53: 12183.73 | E53: 0 | F53: 0 | G53: 0 | H53: 0 | I53: 0 | J53: 0 | K53: =C53+G53+I53 -> 33767 | L53: =D53+H53+J53 -> 12183.73 | M53: =L53*100/'CD Ratio_3(i)'!F53 -> 26.12073
B54: SMALL FINANCE BANK SUB TOTAL | C54: =SUM(C46:C53) -> 790539 | D54: =SUM(D46:D53) -> 502666.64 | E54: =SUM(E46:E53) -> 932 | F54: =SUM(F46:F53) -> 3458.77 | G54: =SUM(G46:G53) -> 425 | H54: =SUM(H46:H53) -> 7146.64 | I54: =SUM(I46:I53) -> 28181 | J54: =SUM(J46:J53) -> 97140.75 | ... L54: =SUM(L46:L53) -> 606954.03 | M54: =L54*100/'CD Ratio_3(i)'!F54 -> 24.247131
B55: TOTAL | C55: =C54+C45+C43+C41 -> 10069950 | D55: =D54+D45+D43+D41 -> 16438952 | E55: =E54+E45+E43+E41 -> 6916677 | F55: =F54+F45+F43+F41 -> 11465965 | G55: =G54+G45+G43+G41 -> 12666 | H55: =H54+H45+H43+H41 -> 400946.92 | I55: =I54+I45+I43+I41 -> 160160 | J55: =J54+J45+J43+J41 -> 2858085.3 | ... L55: =L54+L45+L43+L41 -> 19697985 | M55: =L55*100/'CD Ratio_3(i)'!F57 -> 29.154309
F56: Page-92

Sheet MSMEoutstanding_5
A1: MSME (PRIORITY SECTOR) OUTSTANDING AS ON 30.06.2026
B2: Amt. in Lakh | I2: No. in actual | L2: TABLE:5
A3: Sr. | B3: Banks | C3: Outstanding at the end of quarter 30.06.2026 | O3: % of Micro credit to total advances
C4: Micro | E4: Small | G4: Medium | I4: KVIC | K4: Other MSME | M4: Total
C5: No | D5: Amt | E5: No | F5: Amt | G5: No | H5: Amt | I5: No | J5: Amt | K5: No | L5: Amt | M5: No | N5: Amt
A6: 1 | B6: Bank of Baroda | C6: 114647 | D6: 482324.95 | E6: 1163 | F6: 155086.36 | G6: 294 | H6: 91289.17 | I6: 0 | J6: 0 | K6: 0 | L6: 0 | M6: =C6+E6+G6+I6+K6 -> 116104 | N6: =D6+F6+H6+J6+L6 -> 728700.48 | O6: =D6*100/'CD Ratio_3(i)'!F6 -> 18.798838
A7: 2 | B7: Bank of India | C7: 210672 | D7: 439060.05 | E7: 1584 | F7: 208770.92 | G7: 933 | H7: 65762.3 | I7: 0 | J7: 0 | K7: 0 | L7: 0 | M7: =C7+E7+G7+I7+K7 -> 213189 | N7: =D7+F7+H7+J7+L7 -> 713593.27 | O7: =D7*100/'CD Ratio_3(i)'!F7 -> 10.145637
A8: 3 | B8: Bank of Maharashtra | C8: 19183 | D8: 158295 | E8: 577 | F8: 106880.72 | G8: 47 | H8: 48381.29 | I8: 0 | J8: 0 | K8: 6 | L8: 44.91 | M8: =C8+E8+G8+I8+K8 -> 19813 | N8: =D8+F8+H8+J8+L8 -> 313601.92 | O8: =D8*100/'CD Ratio_3(i)'!F8 -> 14.588061
A9: 4 | B9: Canara Bank | C9: 60777 | D9: 277305.59 | E9: 2402 | F9: 106173.29 | G9: 108 | H9: 32602.11 | I9: 0 | J9: 0 | K9: 671 | L9: 1766.46 | M9: =C9+E9+G9+I9+K9 -> 63958 | N9: =D9+F9+H9+J9+L9 -> 417847.45 | O9: =D9*100/'CD Ratio_3(i)'!F9 -> 13.695828
A10: 5 | B10: Central Bank of India | C10: 107404 | D10: 543356.67 | E10: 2643 | F10: 218973.61 | G10: 111 | H10: 56301.66 | I10: 0 | J10: 0 | K10: 4069 | L10: 46308.11 | M10: =C10+E10+G10+I10+K10 -> 114227 | N10: =D10+F10+H10+J10+L10 -> 864940.05 | O10: =D10*100/'CD Ratio_3(i)'!F10 -> 16.013038
A11: 6 | B11: Indian Bank | C11: 24218 | D11: 196299.43 | E11: 594 | F11: 66550.38 | G11: 68 | H11: 30145.13 | I11: 0 | J11: 0 | K11: 0 | L11: 0 | M11: =C11+E11+G11+I11+K11 -> 24880 | N11: =D11+F11+H11+J11+L11 -> 292994.94 | O11: =D11*100/'CD Ratio_3(i)'!F11 -> 14.620825
A12: 7 | B12: Indian Overseas Bank | C12: 11345 | D12: 46280 | E12: 88 | F12: 11071.7 | G12: 5 | H12: 1017.99 | I12: 0 | J12: 0 | K12: 0 | L12: 0 | M12: =C12+E12+G12+I12+K12 -> 11438 | N12: =D12+F12+H12+J12+L12 -> 58369.69 | O12: =D12*100/'CD Ratio_3(i)'!F12 -> 9.352772
A13: 8 | B13: Punjab and Sind Bank | C13: 3611 | D13: 45208.87 | E13: 125 | F13: 33761.42 | G13: 21 | H13: 7878.72 | I13: 0 | J13: 0 | K13: 0 | L13: 0 | M13: =C13+E13+G13+I13+K13 -> 3757 | N13: =D13+F13+H13+J13+L13 -> 86849.01 | O13: =D13*100/'CD Ratio_3(i)'!F13 -> 24.635583
A14: 9 | B14: Punjab National Bank | C14: 98059 | D14: 440742.69 | E14: 3763 | F14: 209130.51 | G14: 287 | H14: 96194.21 | I14: 0 | J14: 0 | K14: 0 | L14: 0 | M14: =C14+E14+G14+I14+K14 -> 102109 | N14: =D14+F14+H14+J14+L14 -> 746067.41 | O14: =D14*100/'CD Ratio_3(i)'!F14 -> 11.101158
A15: 10 | B15: State Bank of India | C15: 100649 | D15: 1297580.8 | E15: 5448 | F15: 418548.08 | G15: 829 | H15: 314776.6 | I15: 0 | J15: 0 | K15: 58744 | L15: 99448.58 | M15: =C15+E15+G15+I15+K15 -> 165670 | N15: =D15+F15+H15+J15+L15 -> 2130354.1 | O15: =D15*100/'CD Ratio_3(i)'!F15 -> 9.684091
A16: 11 | B16: UCO Bank | C16: 285 | D16: 70142.97 | E16: 9 | F16: 1087.14 | G16: 3 | H16: 1142.75 | I16: 0 | J16: 0 | K16: 0 | L16: 0 | M16: =C16+E16+G16+I16+K16 -> 297 | N16: =D16+F16+H16+J16+L16 -> 72372.86 | O16: =D16*100/'CD Ratio_3(i)'!F16 -> 6.8619757
A17: 12 | B17: Union Bank of India | C17: 72587 | D17: 371686.71 | E17: 1407 | F17: 176455.84 | G17: 202 | H17: 89015.91 | I17: 0 | J17: 0 | K17: 0 | L17: 0 | M17: =C17+E17+G17+I17+K17 -> 74196 | N17: =D17+F17+H17+J17+L17 -> 637158.46 | O17: =D17*100/'CD Ratio_3(i)'!F17 -> 15.356876
B18: PSBs - SUB TOTAL | C18: =SUM(C6:C17) -> 823437 | D18: =SUM(D6:D17) -> 4368283.8 | E18: =SUM(E6:E17) -> 19803 | F18: =SUM(F6:F17) -> 1712490 | G18: =SUM(G6:G17) -> 2908 | H18: =SUM(H6:H17) -> 834507.84 | I18: =SUM(I6:I17) -> 0 | J18: =SUM(J6:J17) -> 0 | ... L18: =SUM(L6:L17) -> 147568.06 | M18: =C18+E18+G18+I18+K18 -> 909638 | N18: =D18+F18+H18+J18+L18 -> 7062849.6 | O18: =D18*100/'CD Ratio_3(i)'!F18 -> 12.057372
A19: 13 | B19: Axis Bank | C19: 16947 | D19: 394425.91 | E19: 2571 | F19: 308262.83 | G19: 407 | H19: 163546.93 | I19: 0 | J19: 0 | K19: 0 | L19: 0 | M19: =C19+E19+G19+I19+K19 -> 19925 | N19: =D19+F19+H19+J19+L19 -> 866235.67 | O19: =D19*100/'CD Ratio_3(i)'!F19 -> 14.490345
A20: 14 | B20: Bandhan Bank | C20: 90181 | D20: 83329 | E20: 336 | F20: 32213.9 | G20: 42 | H20: 3413.41 | I20: 0 | J20: 0 | K20: 0 | L20: 0 | M20: =C20+E20+G20+I20+K20 -> 90559 | N20: =D20+F20+H20+J20+L20 -> 118956.31 | O20: =D20*100/'CD Ratio_3(i)'!F20 -> 8.9541827
A21: 15 | B21: Catholic Syrian Bank | C21: 7 | D21: 219.91 | E21: 0 | F21: 0 | G21: 0 | H21: 0 | I21: 0 | J21: 0 | K21: 0 | L21: 0 | M21: =C21+E21+G21+I21+K21 -> 7 | N21: =D21+F21+H21+J21+L21 -> 219.91 | O21: =D21*100/'CD Ratio_3(i)'!F21 -> 2.3905496
A22: 16 | B22: City Union Bank | C22: 24 | D22: 4877.21 | E22: 1 | F22: 1649.53 | G22: 0 | H22: 0 | I22: 0 | J22: 0 | K22: 0 | L22: 0 | M22: =C22+E22+G22+I22+K22 -> 25 | N22: =D22+F22+H22+J22+L22 -> 6526.74 | O22: 0
A23: 17 | B23: Development Credit Bank | C23: 57 | D23: 2504.26 | E23: 5 | F23: 165.87 | G23: 0 | H23: 0 | I23: 0 | J23: 0 | K23: 0 | L23: 0 | M23: =C23+E23+G23+I23+K23 -> 62 | N23: =D23+F23+H23+J23+L23 -> 2670.13 | O23: =D23*100/'CD Ratio_3(i)'!F23 -> 0.83455343
A24: 18 | B24: Dhan Lakshmi Bank | C24: 0 | D24: 0 | E24: 0 | F24: 0 | G24: 0 | H24: 0 | I24: 0 | J24: 0 | K24: 0 | L24: 0 | M24: =C24+E24+G24+I24+K24 -> 0 | N24: =D24+F24+H24+J24+L24 -> 0 | O24: =D24*100/'CD Ratio_3(i)'!F24 -> 0
A25: 19 | B25: Federal Bank Ltd. | C25: 151 | D25: 9117.48 | E25: 60 | F25: 5610.02 | G25: 0 | H25: 0 | I25: 0 | J25: 0 | K25: 0 | L25: 0 | M25: =C25+E25+G25+I25+K25 -> 211 | N25: =D25+F25+H25+J25+L25 -> 14727.5 | O25: =D25*100/'CD Ratio_3(i)'!F25 -> 7.7001763
A26: 20 | B26: HDFC Bank | C26: 61429 | D26: 1199261.2 | E26: 13415 | F26: 857821.43 | G26: 2980 | H26: 509565.07 | I26: 0 | J26: 0 | K26: 0 | L26: 0 | M26: =C26+E26+G26+I26+K26 -> 77824 | N26: =D26+F26+H26+J26+L26 -> 2566647.7 | O26: =D26*100/'CD Ratio_3(i)'!F26 -> 15.348067
A27: 21 | B27: ICICI Bank | C27: 27181 | D27: 946372.37 | E27: 7691 | F27: 577888.31 | G27: 1416 | H27: 162053.75 | I27: 0 | J27: 0 | K27: 0 | L27: 0 | M27: =C27+E27+G27+I27+K27 -> 36288 | N27: =D27+F27+H27+J27+L27 -> 1686314.4 | O27: =D27*100/'CD Ratio_3(i)'!F27 -> 20.927482
A28: 22 | B28: IDBI Bank | C28: 150 | D28: 24164.47 | E28: 8 | F28: 1135.8 | G28: 3 | H28: 11.09 | I28: 0 | J28: 0 | K28: 0 | L28: 0 | M28: =C28+E28+G28+I28+K28 -> 161 | N28: =D28+F28+H28+J28+L28 -> 25311.36 | O28: =D28*100/'CD Ratio_3(i)'!F28 -> 3.843807
A29: 23 | B29: IDFC First Bank | C29: 22984 | D29: 164016.23 | E29: 892 | F29: 44659.37 | G29: 232 | H29: 3630.38 | I29: 0 | J29: 0 | K29: 0 | L29: 0 | M29: =C29+E29+G29+I29+K29 -> 24108 | N29: =D29+F29+H29+J29+L29 -> 212305.98 | O29: =D29*100/'CD Ratio_3(i)'!F29 -> 14.983786
A30: 24 | B30: Indusind Bank Limited | C30: 79756 | D30: 190537.89 | E30: 1045 | F30: 36828.29 | G30: 161 | H30: 12405.88 | I30: 0 | J30: 0 | K30: 0 | L30: 0 | M30: =C30+E30+G30+I30+K30 -> 80962 | N30: =D30+F30+H30+J30+L30 -> 239772.06 | O30: =D30*100/'CD Ratio_3(i)'!F30 -> 18.662818
A31: 25 | B31: Jammu and Kashmir Bank | C31: 9 | D31: 164.95 | E31: 0 | F31: 0 | G31: 0 | H31: 0 | I31: 0 | J31: 0 | K31: 0 | L31: 0 | M31: =C31+E31+G31+I31+K31 -> 9 | N31: =D31+F31+H31+J31+L31 -> 164.95 | O31: =D31*100/'CD Ratio_3(i)'!F31 -> 3.2101307
A32: 26 | B32: Karnataka Bank Limited | C32: 19 | D32: 3250.29 | E32: 10 | F32: 997.08 | G32: 0 | H32: 0 | I32: 0 | J32: 0 | K32: 0 | L32: 0 | M32: =C32+E32+G32+I32+K32 -> 29 | N32: =D32+F32+H32+J32+L32 -> 4247.37 | O32: =D32*100/'CD Ratio_3(i)'!F32 -> 9.5748977
A33: 27 | B33: Karur Vysya Bank Ltd. | C33: 46 | D33: 8850.82 | E33: 6 | F33: 2320.22 | G33: 0 | H33: 0 | I33: 0 | J33: 0 | K33: 0 | L33: 0 | M33: =C33+E33+G33+I33+K33 -> 52 | N33: =D33+F33+H33+J33+L33 -> 11171.04 | O33: =D33*100/'CD Ratio_3(i)'!F33 -> 26.346651
A34: 28 | B34: Kotak Mahindra Bank | C34: 10774 | D34: 254442.02 | E34: 3275 | F34: 181400.5 | G34: 848 | H34: 104760.57 | I34: 0 | J34: 0 | K34: 0 | L34: 0 | M34: =C34+E34+G34+I34+K34 -> 14897 | N34: =D34+F34+H34+J34+L34 -> 540603.09 | O34: =D34*100/'CD Ratio_3(i)'!F34 -> 18.242931
... A39: 33 | B39: Yes Bank | C39: 4357 | D39: 121297.93 | E39: 1209 | F39: 74508.88 | G39: 228 | H39: 38040.33 | I39: 0 | J39: 0 | K39: 0 | L39: 0 | M39: =C39+E39+G39+I39+K39 -> 5794 | N39: =D39+F39+H39+J39+L39 -> 233847.14 | O39: =D39*100/'CD Ratio_3(i)'!F39 -> 17.214006
B40: PRIVATE BANK SUB TOTAL | C40: =SUM(C19:C39) -> 314362 | D40: =SUM(D19:D39) -> 3420298.9 | E40: =SUM(E19:E39) -> 30568 | F40: =SUM(F19:F39) -> 2130499.9 | G40: =SUM(G19:G39) -> 6323 | H40: =SUM(H19:H39) -> 1000955.1 | I40: =SUM(I19:I39) -> 0 | J40: =SUM(J19:J39) -> 0 | ... N40: =SUM(N19:N39) -> 6551753.9 | O40: =D40*100/'CD Ratio_3(i)'!F40 -> 15.860891
B41: COMMERCIAL BANKS SUB TOTAL | C41: =C40+C18 -> 1137799 | D41: =D40+D18 -> 7788582.7 | E41: =E40+E18 -> 50371 | F41: =F40+F18 -> 3842989.9 | G41: =G40+G18 -> 9231 | H41: =H40+H18 -> 1835462.9 | I41: =I40+I18 -> 0 | J41: =J40+J18 -> 0 | ... N41: =N40+N18 -> 13614604 | O41: =D41*100/'CD Ratio_3(i)'!F41 -> 13.47657
A42: 34 | B42: MPGB | C42: 244159 | D42: 373158.74 | E42: 22 | F42: 5484.51 | G42: 0 | H42: 0 | I42: 0 | J42: 0 | K42: 0 | L42: 0 | M42: =C42+E42+G42+I42+K42 -> 244181 | N42: =D42+F42+H42+J42+L42 -> 378643.25 | O42: =D42*100/'CD Ratio_3(i)'!F42 -> 15.141704
B43: RRBs - SUB TOTAL | C43: =SUM(C42:C42) -> 244159 | D43: =SUM(D42:D42) -> 373158.74 | E43: =SUM(E42:E42) -> 22 | F43: =SUM(F42:F42) -> 5484.51 | G43: =SUM(G42:G42) -> 0 | H43: =SUM(H42:H42) -> 0 | I43: =SUM(I42:I42) -> 0 | J43: =SUM(J42:J42) -> 0 | ... L43: =SUM(L42:L42) -> 0 | M43: =C43+E43+G43+I43+K43 -> 244181 | N43: =D43+F43+H43+J43+L43 -> 378643.25 | O43: =D43*100/'CD Ratio_3(i)'!F43 -> 15.141704
A44: 35 | B44: DCCB & Apex Bank | C44: 0 | D44: 0 | E44: 0 | F44: 0 | G44: 0 | H44: 0 | I44: 0 | J44: 0 | K44: 0 | L44: 0 | M44: =C44+E44+G44+I44+K44 -> 0 | N44: =D44+F44+H44+J44+L44 -> 0 | O44: =D44*100/'CD Ratio_3(i)'!F44 -> 0
B45: CO-OPERATIVE BANK - SUB TOTAL | C45: =C44 -> 0 | D45: =D44 -> 0 | E45: =E44 -> 0 | F45: =F44 -> 0 | G45: =G44 -> 0 | H45: =H44 -> 0 | I45: =I44 -> 0 | J45: =J44 -> 0 | ... L45: =L44 -> 0 | M45: =C45+E45+G45+I45+K45 -> 0 | N45: =D45+F45+H45+J45+L45 -> 0 | O45: =D45*100/'CD Ratio_3(i)'!F45 -> 0
A46: 36 | B46: AU Small Finance Bank | C46: 90494 | D46: 765362.73 | E46: 708 | F46: 53170.76 | G46: 59 | H46: 10372.66 | I46: 0 | J46: 0 | K46: 0 | L46: 0 | M46: =C46+E46+G46+I46+K46 -> 91261 | N46: =D46+F46+H46+J46+L46 -> 828906.15 | O46: =D46*100/'CD Ratio_3(i)'!F46 -> 45.292982
A47: 37 | B47: Equitas Small Finance Bank | C47: 201 | D47: 2415.36 | E47: 46 | F47: 371.72 | G47: 0 | H47: 0 | I47: 0 | J47: 0 | K47: 0 | L47: 0 | M47: =C47+E47+G47+I47+K47 -> 247 | N47: =D47+F47+H47+J47+L47 -> 2787.08 | O47: =D47*100/'CD Ratio_3(i)'!F47 -> 1.7968427
A48: 38 | B48: ESAF | C48: 63020 | D48: 25905.89 | E48: 0 | F48: 0 | G48: 0 | H48: 0 | I48: 0 | J48: 0 | K48: 0 | L48: 0 | M48: =C48+E48+G48+I48+K48 -> 63020 | N48: =D48+F48+H48+J48+L48 -> 25905.89 | O48: =D48*100/'CD Ratio_3(i)'!F48 -> 20.324237
A49: 39 | B49: Jana Small Finance Bank | C49: 64850 | D49: 52437.9 | E49: 67 | F49: 2436.48 | G49: 0 | H49: 0 | I49: 0 | J49: 0 | K49: 0 | L49: 0 | M49: =C49+E49+G49+I49+K49 -> 64917 | N49: =D49+F49+H49+J49+L49 -> 54874.38 | O49: =D49*100/'CD Ratio_3(i)'!F49 -> 18.613602
A50: 40 | B50: Shivalik Small Finance Bank | C50: 2315 | D50: 18299.46 | E50: 54 | F50: 1317.79 | G50: 4 | H50: 258.46 | I50: 0 | J50: 0 | K50: 0 | L50: 0 | M50: =C50+E50+G50+I50+K50 -> 2373 | N50: =D50+F50+H50+J50+L50 -> 19875.71 | O50: =D50*100/'CD Ratio_3(i)'!F50 -> 35.527055
A51: 41 | B51: Suryoday Small Finance Bank | C51: 27408 | D51: 22597.48 | E51: 190 | F51: 1514.69 | G51: 28 | H51: 239.86 | I51: 0 | J51: 0 | K51: 0 | L51: 0 | M51: =C51+E51+G51+I51+K51 -> 27626 | N51: =D51+F51+H51+J51+L51 -> 24352.03 | O51: =D51*100/'CD Ratio_3(i)'!F51 -> 26.372162
A52: 42 | B52: Ujjivan Small Finance Bank | C52: 27 | D52: 2118.25 | E52: 0 | F52: 0 | G52: 0 | H52: 0 | I52: 0 | J52: 0 | K52: 0 | L52: 0 | M52: =C52+E52+G52+I52+K52 -> 27 | N52: =D52+F52+H52+J52+L52 -> 2118.25 | O52: =D52*100/'CD Ratio_3(i)'!F52 -> 2.4644538
A53: 43 | B53: Utkarsh Small Finance Bank | C53: 2474 | D53: 10683.5 | E53: 25 | F53: 488.91 | G53: 0 | H53: 0 | I53: 0 | J53: 0 | K53: 2 | L53: 55.2 | M53: =C53+E53+G53+I53+K53 -> 2501 | N53: =D53+F53+H53+J53+L53 -> 11227.61 | O53: =D53*100/'CD Ratio_3(i)'!F53 -> 22.904383
B54: SMALL FINANCE BANK SUB TOTAL | C54: =SUM(C46:C53) -> 250789 | D54: =SUM(D46:D53) -> 899820.57 | E54: =SUM(E46:E53) -> 1090 | F54: =SUM(F46:F53) -> 59300.35 | G54: =SUM(G46:G53) -> 91 | H54: =SUM(H46:H53) -> 10870.98 | I54: =SUM(I46:I53) -> 0 | J54: =SUM(J46:J53) -> 0 | ... N54: =SUM(N46:N53) -> 970047.1 | O54: =D54*100/'CD Ratio_3(i)'!F54 -> 35.946821
B55: TOTAL | C55: =C54+C45+C43+C41 -> 1632747 | D55: =D54+D45+D43+D41 -> 9061562 | E55: =E54+E45+E43+E41 -> 51483 | F55: =F54+F45+F43+F41 -> 3907774.7 | G55: =G54+G45+G43+G41 -> 9322 | H55: =H54+H45+H43+H41 -> 1846333.9 | I55: =I54+I45+I43+I41 -> 0 | J55: =J54+J45+J43+J41 -> 0 | ... L55: =L54+L45+L43+L41 -> 147623.26 | M55: =C55+E55+G55+I55+K55 -> 1757044 | N55: =D55+F55+H55+J55+L55 -> 14963294 | O55: =D55*100/'CD Ratio_3(i)'!F57 -> 13.411706
G56: Page-93

Sheet Pri Sec_outstanding_6
A1: PRIORITY SECTOR OUTSTANDING AS ON 30.06.2026
B2: Amt. in Lakhs | K2: Number in Actual | N2: TABLE:6
A3: Sr. | B3: Banks | C3: Outstanding at the end of quarter 30.06.2026 | Q3: % of Total Pri Sec loans to total advances
C4: Export Credit | E4: Education | G4: Housing | I4: Social Infra | K4: Renewable Energy | M4: Others | O4: Total Priority Sector
C5: No | D5: Amt | E5: No | F5: Amt | G5: No | H5: Amt | I5: No | J5: Amt | K5: No | L5: Amt | M5: No | N5: Amt | O5: No | P5: Amt
A6: 1 | B6: Bank of Baroda | C6: 0 | D6: 0 | E6: 4486 | F6: 21835.2 | G6: 34226 | H6: 210498.11 | I6: 6 | J6: 167.61 | K6: 61 | L6: 2762.73 | M6: 2460 | N6: 3757.54 | O6: =M6+K6+I6+G6+E6+C6+MSMEoutstanding_5!M6+OutstandingAgri_4!K6 -> 284213 | P6: =N6+L6+J6+H6+F6+D6+MSMEoutstanding_5!N6+OutstandingAgri_4!L6 -> 1476649.2 | Q6: =P6*100/'CD Ratio_3(i)'!F6 -> 57.553088 | R6: 133.65 | S6: =J6-R6 -> 33.96
A7: 2 | B7: Bank of India | C7: 2 | D7: 0 | E7: 7082 | F7: 20512.14 | G7: 52886 | H7: 217063.89 | I7: 99 | J7: 608.93 | K7: 1 | L7: 0 | M7: 27 | N7: 2.3 | O7: =M7+K7+I7+G7+E7+C7+MSMEoutstanding_5!M7+OutstandingAgri_4!K7 -> 936392 | P7: =N7+L7+J7+H7+F7+D7+MSMEoutstanding_5!N7+OutstandingAgri_4!L7 -> 2820562.6 | Q7: =P7*100/'CD Ratio_3(i)'!F7 -> 65.176515 | R7: 0 | S7: =J7-R7 -> 608.93
A8: 3 | B8: Bank of Maharashtra | C8: 1 | D8: 28.54 | E8: 1635 | F8: 6941.13 | G8: 10615 | H8: 97650.02 | I8: 0 | J8: 0 | K8: 896 | L8: 1477.1 | M8: 1 | N8: 6358.26 | O8: =M8+K8+I8+G8+E8+C8+MSMEoutstanding_5!M8+OutstandingAgri_4!K8 -> 97028 | P8: =N8+L8+J8+H8+F8+D8+MSMEoutstanding_5!N8+OutstandingAgri_4!L8 -> 702689.74 | Q8: =P8*100/'CD Ratio_3(i)'!F8 -> 64.758083 | R8: 0 | S8: =J8-R8 -> 0
A9: 4 | B9: Canara Bank | C9: 0 | D9: 0 | E9: 5379 | F9: 21767.36 | G9: 19629 | H9: 168498.84 | I9: 1 | J9: 0.09 | K9: 2108 | L9: 3043.13 | M9: 110 | N9: 42.25 | O9: =M9+K9+I9+G9+E9+C9+MSMEoutstanding_5!M9+OutstandingAgri_4!K9 -> 225287 | P9: =N9+L9+J9+H9+F9+D9+MSMEoutstanding_5!N9+OutstandingAgri_4!L9 -> 1067165.8 | Q9: =P9*100/'CD Ratio_3(i)'!F9 -> 52.706184 | R9: 8.81 | S9: =J9-R9 -> -8.72
A10: 5 | B10: Central Bank of India | C10: 0 | D10: 0 | E10: 5997 | F10: 26414.72 | G10: 89915 | H10: 230416.46 | I10: 7 | J10: 244.5 | K10: 0 | L10: 0 | M10: 403 | N10: 149.48 | O10: =M10+K10+I10+G10+E10+C10+MSMEoutstanding_5!M10+OutstandingAgri_4!K10 -> 544997 | P10: =N10+L10+J10+H10+F10+D10+MSMEoutstanding_5!N10+OutstandingAgri_4!L10 -> 2093516.2 | Q10: =P10*100/'CD Ratio_3(i)'!F10 -> 61.697146 | R10: 435.71 | S10: =J10-R10 -> -191.21
A11: 6 | B11: Indian Bank | C11: 0 | D11: 0 | E11: 867 | F11: 3727.49 | G11: 4579 | H11: 48903.68 | I11: 0 | J11: 0 | K11: 846 | L11: 1266.77 | M11: 0 | N11: 0 | O11: =M11+K11+I11+G11+E11+C11+MSMEoutstanding_5!M11+OutstandingAgri_4!K11 -> 113823 | P11: =N11+L11+J11+H11+F11+D11+MSMEoutstanding_5!N11+OutstandingAgri_4!L11 -> 556958.48 | Q11: =P11*100/'CD Ratio_3(i)'!F11 -> 41.483526 | R11: 0 | S11: =J11-R11 -> 0
A12: 7 | B12: Indian Overseas Bank | C12: 0 | D12: 0 | E12: 290 | F12: 1006.4 | G12: 4565 | H12: 37118.89 | I12: 0 | J12: 0 | K12: 231 | L12: 392.93 | M12: 308 | N12: 1870.01 | O12: =M12+K12+I12+G12+E12+C12+MSMEoutstanding_5!M12+OutstandingAgri_4!K12 -> 25151 | P12: =N12+L12+J12+H12+F12+D12+MSMEoutstanding_5!N12+OutstandingAgri_4!L12 -> 132355.66 | Q12: =P12*100/'CD Ratio_3(i)'!F12 -> 26.747889 | R12: 0 | S12: =J12-R12 -> 0
A13: 8 | B13: Punjab and Sind Bank | C13: 0 | D13: 0 | E13: 147 | F13: 502.22 | G13: 868 | H13: 7167.48 | I13: 2 | J13: 11.58 | K13: 109 | L13: 176.89 | M13: 321 | N13: 53.25 | O13: =M13+K13+I13+G13+E13+C13+MSMEoutstanding_5!M13+OutstandingAgri_4!K13 -> 13242 | P13: =N13+L13+J13+H13+F13+D13+MSMEoutstanding_5!N13+OutstandingAgri_4!L13 -> 133942.91 | Q13: =P13*100/'CD Ratio_3(i)'!F13 -> 72.989255 | R13: 22.86 | S13: =J13-R13 -> -11.28
A14: 9 | B14: Punjab National Bank | C14: 0 | D14: 0 | E14: 6436 | F14: 25438.4 | G14: 49131 | H14: 190512.57 | I14: 0 | J14: 0 | K14: 4390 | L14: 6391.88 | M14: 1525 | N14: 227.25 | O14: =M14+K14+I14+G14+E14+C14+MSMEoutstanding_5!M14+OutstandingAgri_4!K14 -> 404951 | P14: =N14+L14+J14+H14+F14+D14+MSMEoutstanding_5!N14+OutstandingAgri_4!L14 -> 1713048.5 | Q14: =P14*100/'CD Ratio_3(i)'!F14 -> 43.147219 | R14: 0.64 | S14: =J14-R14 -> -0.64
A15: 10 | B15: State Bank of India | C15: 1 | D15: 7.79 | E15: 27036 | F15: 116755.39 | G15: 192498 | H15: 1158031.4 | I15: 23 | J15: 111.69 | K15: 58701 | L15: 98817.17 | M15: 0 | N15: 0 | O15: =M15+K15+I15+G15+E15+C15+MSMEoutstanding_5!M15+OutstandingAgri_4!K15 -> 1089739 | P15: =N15+L15+J15+H15+F15+D15+MSMEoutstanding_5!N15+OutstandingAgri_4!L15 -> 5749897.2 | Q15: =P15*100/'CD Ratio_3(i)'!F15 -> 42.912569 | R15: 407.21 | S15: =J15-R15 -> -295.52
A16: 11 | B16: UCO Bank | C16: 3 | D16: 0 | E16: 1167 | F16: 3835.24 | G16: 8720 | H16: 103374.66 | I16: 0 | J16: 0 | K16: 2 | L16: 531.75 | M16: 2740 | N16: 9612.26 | O16: =M16+K16+I16+G16+E16+C16+MSMEoutstanding_5!M16+OutstandingAgri_4!K16 -> 99923 | P16: =N16+L16+J16+H16+F16+D16+MSMEoutstanding_5!N16+OutstandingAgri_4!L16 -> 570359.8 | Q16: =P16*100/'CD Ratio_3(i)'!F16 -> 55.797396 | R16: 6308.35 | S16: =J16-R16 -> -6308.35
A17: 12 | B17: Union Bank of India | C17: 0 | D17: 0 | E17: 4254 | F17: 16102.38 | G17: 28867 | H17: 90054.54 | I17: 50 | J17: 716.78 | K17: 16 | L17: 3143.5 | M17: 1132 | N17: 15.3 | O17: =M17+K17+I17+G17+E17+C17+MSMEoutstanding_5!M17+OutstandingAgri_4!K17 -> 328012 | P17: =N17+L17+J17+H17+F17+D17+MSMEoutstanding_5!N17+OutstandingAgri_4!L17 -> 1495144 | Q17: =P17*100/'CD Ratio_3(i)'!F17 -> 61.774447 | R17: 438.82 | S17: =J17-R17 -> 277.96
B18: PSBs - SUB TOTAL | C18: =SUM(C6:C17) -> 7 | D18: =SUM(D6:D17) -> 36.33 | E18: =SUM(E6:E17) -> 64776 | F18: =SUM(F6:F17) -> 264838.07 | G18: =SUM(G6:G17) -> 496499 | H18: =SUM(H6:H17) -> 2559290.5 | I18: =SUM(I6:I17) -> 188 | J18: =SUM(J6:J17) -> 1861.18 | ... N18: =SUM(N6:N17) -> 22087.9 | O18: =M18+K18+I18+G18+E18+C18+MSMEoutstanding_5!M18+OutstandingAgri_4!K18 -> 4162758 | P18: =N18+L18+J18+H18+F18+D18+MSMEoutstanding_5!N18+OutstandingAgri_4!L18 -> 18512290 | Q18: =P18*100/'CD Ratio_3(i)'!F18 -> 51.097772 | R18: 7756.05 | S18: =J18-R18 -> -5894.87
A19: 13 | B19: Axis Bank | C19: 0 | D19: 0 | E19: 936 | F19: 4922.06 | G19: 6084 | H19: 68990.06 | I19: 0 | J19: 0 | K19: 0 | L19: 0 | M19: 40100 | N19: 10347.23 | O19: =M19+K19+I19+G19+E19+C19+MSMEoutstanding_5!M19+OutstandingAgri_4!K19 -> 217413 | P19: =N19+L19+J19+H19+F19+D19+MSMEoutstanding_5!N19+OutstandingAgri_4!L19 -> 1549325.3 | Q19: =P19*100/'CD Ratio_3(i)'!F19 -> 56.91882 | R19: 0 | S19: =J19-R19 -> 0
A20: 14 | B20: Bandhan Bank | C20: 0 | D20: 0 | E20: 0 | F20: 0 | G20: 37140 | H20: 325545.69 | I20: 0 | J20: 0 | K20: 0 | L20: 0 | M20: 39229 | N20: 7438.24 | O20: =M20+K20+I20+G20+E20+C20+MSMEoutstanding_5!M20+OutstandingAgri_4!K20 -> 313723 | P20: =N20+L20+J20+H20+F20+D20+MSMEoutstanding_5!N20+OutstandingAgri_4!L20 -> 574572.64 | Q20: =P20*100/'CD Ratio_3(i)'!F20 -> 61.741151 | R20: 0 | S20: =J20-R20 -> 0
A21: 15 | B21: Catholic Syrian Bank | C21: 0 | D21: 0 | E21: 0 | F21: 0 | G21: 4 | H21: 7.65 | I21: 0 | J21: 0 | K21: 0 | L21: 0 | M21: 0 | N21: 0 | O21: =M21+K21+I21+G21+E21+C21+MSMEoutstanding_5!M21+OutstandingAgri_4!K21 -> 1791 | P21: =N21+L21+J21+H21+F21+D21+MSMEoutstanding_5!N21+OutstandingAgri_4!L21 -> 6565.73 | Q21: =P21*100/'CD Ratio_3(i)'!F21 -> 71.373302 | R21: 0 | S21: =J21-R21 -> 0
A22: 16 | B22: City Union Bank | C22: 0 | D22: 0 | E22: 0 | F22: 0 | G22: 15 | H22: 164.56 | I22: 0 | J22: 0 | K22: 0 | L22: 0 | M22: 1 | N22: 0.25 | O22: =M22+K22+I22+G22+E22+C22+MSMEoutstanding_5!M22+OutstandingAgri_4!K22 -> 252 | P22: =N22+L22+J22+H22+F22+D22+MSMEoutstanding_5!N22+OutstandingAgri_4!L22 -> 16203.26 | Q22: 0 | R22: 0 | S22: =J22-R22 -> 0
A23: 17 | B23: Development Credit Bank | C23: 0 | D23: 0 | E23: 0 | F23: 0 | G23: 15628 | H23: 26511.62 | I23: 20 | J23: 2014.06 | K23: 0 | L23: 0 | M23: 5176 | N23: 338.91 | O23: =M23+K23+I23+G23+E23+C23+MSMEoutstanding_5!M23+OutstandingAgri_4!K23 -> 73364 | P23: =N23+L23+J23+H23+F23+D23+MSMEoutstanding_5!N23+OutstandingAgri_4!L23 -> 179123.94 | Q23: =P23*100/'CD Ratio_3(i)'!F23 -> 59.693681 | R23: 2779.58 | S23: =J23-R23 -> -765.52
A24: 18 | B24: Dhan Lakshmi Bank | C24: 0 | D24: 0 | E24: 3 | F24: 7.2 | G24: 29 | H24: 242.95 | I24: 0 | J24: 0 | K24: 2 | L24: 3.63 | M24: 0 | N24: 0 | O24: =M24+K24+I24+G24+E24+C24+MSMEoutstanding_5!M24+OutstandingAgri_4!K24 -> 45 | P24: =N24+L24+J24+H24+F24+D24+MSMEoutstanding_5!N24+OutstandingAgri_4!L24 -> 369.86 | Q24: =P24*100/'CD Ratio_3(i)'!F24 -> 32.056649 | R24: 0 | S24: =J24-R24 -> 0
A25: 19 | B25: Federal Bank Ltd. | C25: 0 | D25: 0 | E25: 5 | F25: 19.06 | G25: 134 | H25: 1302.73 | I25: 0 | J25: 0 | K25: 0 | L25: 0 | M25: 2 | N25: 0.03 | O25: =M25+K25+I25+G25+E25+C25+MSMEoutstanding_5!M25+OutstandingAgri_4!K25 -> 7234 | P25: =N25+L25+J25+H25+F25+D25+MSMEoutstanding_5!N25+OutstandingAgri_4!L25 -> 49490.83 | Q25: =P25*100/'CD Ratio_3(i)'!F25 -> 41.797527 | R25: 0 | S25: =J25-R25 -> 0
A26: 20 | B26: HDFC Bank | C26: 0 | D26: 0 | E26: 844 | F26: 1963.96 | G26: 49833 | H26: 619793.85 | I26: 1 | J26: 261.86 | K26: 5 | L26: 12.76 | M26: 8571 | N26: 1888.71 | O26: =M26+K26+I26+G26+E26+C26+MSMEoutstanding_5!M26+OutstandingAgri_4!K26 -> 504311 | P26: =N26+L26+J26+H26+F26+D26+MSMEoutstanding_5!N26+OutstandingAgri_4!L26 -> 4716231.4 | Q26: =P26*100/'CD Ratio_3(i)'!F26 -> 60.358024 | R26: 115.34 | S26: =J26-R26 -> 146.52
A27: 21 | B27: ICICI Bank | C27: 0 | D27: 0 | E27: 546 | F27: 5134.77 | G27: 6852 | H27: 68426.87 | I27: 0 | J27: 0 | K27: 3 | L27: 1119.55 | M27: 761 | N27: 288.87 | O27: =M27+K27+I27+G27+E27+C27+MSMEoutstanding_5!M27+OutstandingAgri_4!K27 -> 166749 | P27: =N27+L27+J27+H27+F27+D27+MSMEoutstanding_5!N27+OutstandingAgri_4!L27 -> 2645187.1 | Q27: =P27*100/'CD Ratio_3(i)'!F27 -> 58.494 | R27: 0 | S27: =J27-R27 -> 0
A28: 22 | B28: IDBI Bank | C28: 0 | D28: 0 | E28: 704 | F28: 3076.95 | G28: 5333 | H28: 66809.72 | I28: 7 | J28: 30.57 | K28: 18 | L28: 22.61 | M28: 1 | N28: 0 | O28: =M28+K28+I28+G28+E28+C28+MSMEoutstanding_5!M28+OutstandingAgri_4!K28 -> 37632 | P28: =N28+L28+J28+H28+F28+D28+MSMEoutstanding_5!N28+OutstandingAgri_4!L28 -> 252438.93 | Q28: =P28*100/'CD Ratio_3(i)'!F28 -> 40.155093 | R28: 38.98 | S28: =J28-R28 -> -8.41
A29: 23 | B29: IDFC First Bank | C29: 0 | D29: 0 | E29: 0 | F29: 0 | G29: 6359 | H29: 47233.41 | I29: 185 | J29: 12.84 | K29: 0 | L29: 0 | M29: 0 | N29: 0 | O29: =M29+K29+I29+G29+E29+C29+MSMEoutstanding_5!M29+OutstandingAgri_4!K29 -> 176631 | P29: =N29+L29+J29+H29+F29+D29+MSMEoutstanding_5!N29+OutstandingAgri_4!L29 -> 525436.88 | Q29: =P29*100/'CD Ratio_3(i)'!F29 -> 48.001552 | R29: 241 | S29: =J29-R29 -> -228.16
A30: 24 | B30: Indusind Bank Limited | C30: 0 | D30: 0 | E30: 0 | F30: 0 | G30: 1619 | H30: 14369.84 | I30: 21 | J30: 7.11 | K30: 0 | L30: 0 | M30: 4141 | N30: 998.76 | O30: =M30+K30+I30+G30+E30+C30+MSMEoutstanding_5!M30+OutstandingAgri_4!K30 -> 442815 | P30: =N30+L30+J30+H30+F30+D30+MSMEoutstanding_5!N30+OutstandingAgri_4!L30 -> 699281.63 | Q30: =P30*100/'CD Ratio_3(i)'!F30 -> 68.493282 | R30: 2.26 | S30: =J30-R30 -> 4.85
A31: 25 | B31: Jammu and Kashmir Bank | C31: 0 | D31: 0 | E31: 10 | F31: 31.7 | G31: 62 | H31: 736.36 | I31: 0 | J31: 0 | K31: 2 | L31: 3.52 | M31: 23 | N31: 22.44 | O31: =M31+K31+I31+G31+E31+C31+MSMEoutstanding_5!M31+OutstandingAgri_4!K31 -> 381 | P31: =N31+L31+J31+H31+F31+D31+MSMEoutstanding_5!N31+OutstandingAgri_4!L31 -> 2580.15 | Q31: =P31*100/'CD Ratio_3(i)'!F31 -> 50.212906 | R31: 0 | S31: =J31-R31 -> 0
A32: 26 | B32: Karnataka Bank Limited | C32: 0 | D32: 0 | E32: 7 | F32: 19.72 | G32: 208 | H32: 2423.24 | I32: 0 | J32: 0 | K32: 0 | L32: 0 | M32: 12 | N32: 279.4 | O32: =M32+K32+I32+G32+E32+C32+MSMEoutstanding_5!M32+OutstandingAgri_4!K32 -> 590 | P32: =N32+L32+J32+H32+F32+D32+MSMEoutstanding_5!N32+OutstandingAgri_4!L32 -> 16569.07 | Q32: =P32*100/'CD Ratio_3(i)'!F32 -> 48.810153 | R32: 0 | S32: =J32-R32 -> 0
A33: 27 | B33: Karur Vysya Bank Ltd. | C33: 0 | D33: 0 | E33: 0 | F33: 0 | G33: 42 | H33: 586.39 | I33: 0 | J33: 0 | K33: 0 | L33: 0 | M33: 4 | N33: 1.08 | O33: =M33+K33+I33+G33+E33+C33+MSMEoutstanding_5!M33+OutstandingAgri_4!K33 -> 235 | P33: =N33+L33+J33+H33+F33+D33+MSMEoutstanding_5!N33+OutstandingAgri_4!L33 -> 18729.66 | Q33: =P33*100/'CD Ratio_3(i)'!F33 -> 55.753456 | R33: 0 | S33: =J33-R33 -> 0
A34: 28 | B34: Kotak Mahindra Bank | C34: 0 | D34: 0 | E34: 0 | F34: 0 | G34: 467 | H34: 6755.01 | I34: 0 | J34: 0 | K34: 0 | L34: 0 | M34: 1662 | N34: 492.62 | O34: =M34+K34+I34+G34+E34+C34+MSMEoutstanding_5!M34+OutstandingAgri_4!K34 -> 208146 | P34: =N34+L34+J34+H34+F34+D34+MSMEoutstanding_5!N34+OutstandingAgri_4!L34 -> 1015861.2 | Q34: =P34*100/'CD Ratio_3(i)'!F34 -> 72.835005 | R34: 0 | S34: =J34-R34 -> 0
... A37: 31 | B37: South Indian Bank | C37: 0 | D37: 0 | E37: 5 | F37: 47 | G37: 25 | H37: 255.13 | I37: 0 | J37: 0 | K37: 0 | L37: 0 | M37: 44 | N37: 230.32 | O37: =M37+K37+I37+G37+E37+C37+MSMEoutstanding_5!M37+OutstandingAgri_4!K37 -> 550 | P37: =N37+L37+J37+H37+F37+D37+MSMEoutstanding_5!N37+OutstandingAgri_4!L37 -> 2661 | Q37: =P37*100/'CD Ratio_3(i)'!F37 -> 9.5653155 | R37: 40.01 | S37: =J37-R37 -> -40.01
A38: 32 | B38: Tamilnadu Mercantile Bank | C38: 0 | D38: 0 | E38: 0 | F38: 0 | G38: 36 | H38: 266.16 | I38: 0 | J38: 0 | K38: 0 | L38: 0 | M38: 1 | N38: 0.04 | O38: =M38+K38+I38+G38+E38+C38+MSMEoutstanding_5!M38+OutstandingAgri_4!K38 -> 847 | P38: =N38+L38+J38+H38+F38+D38+MSMEoutstanding_5!N38+OutstandingAgri_4!L38 -> 3932.31 | Q38: =P38*100/'CD Ratio_3(i)'!F38 -> 50.113677 | S38: =J38-R38 -> 0
A39: 33 | B39: Yes Bank | C39: 0 | D39: 0 | E39: 24 | F39: 248.06 | G39: 3173 | H39: 38284.88 | I39: 0 | J39: 0 | K39: 0 | L39: 0 | M39: 286 | N39: 97.79 | O39: =M39+K39+I39+G39+E39+C39+MSMEoutstanding_5!M39+OutstandingAgri_4!K39 -> 104015 | P39: =N39+L39+J39+H39+F39+D39+MSMEoutstanding_5!N39+OutstandingAgri_4!L39 -> 441791.3 | Q39: =P39*100/'CD Ratio_3(i)'!F39 -> 62.69685 | S39: =J39-R39 -> 0
B40: PRIVATE BANK - SUB TOTAL | C40: =SUM(C19:C39) -> 0 | D40: =SUM(D19:D39) -> 0 | E40: =SUM(E19:E39) -> 3084 | F40: =SUM(F19:F39) -> 15470.48 | G40: =SUM(G19:G39) -> 133758 | H40: =SUM(H19:H39) -> 1299590.2 | I40: =SUM(I19:I39) -> 234 | J40: =SUM(J19:J39) -> 2326.44 | ... N40: =SUM(N19:N39) -> 23539.41 | O40: =M40+K40+I40+G40+E40+C40+MSMEoutstanding_5!M40+OutstandingAgri_4!K40 -> 2434172 | P40: =N40+L40+J40+H40+F40+D40+MSMEoutstanding_5!N40+OutstandingAgri_4!L40 -> 12863718 | Q40: =P40*100/'CD Ratio_3(i)'!F40 -> 59.652688 | S40: =J40-R40 -> 2326.44
B41: COMMERCIAL BANKS SUB TOTAL | C41: =C40+C18 -> 7 | D41: =D40+D18 -> 36.33 | E41: =E40+E18 -> 67860 | F41: =F40+F18 -> 280308.55 | G41: =G40+G18 -> 630257 | H41: =H40+H18 -> 3858880.7 | I41: =I40+I18 -> 422 | J41: =J40+J18 -> 4187.62 | ... N41: =N40+N18 -> 45627.31 | O41: =M41+K41+I41+G41+E41+C41+MSMEoutstanding_5!M41+OutstandingAgri_4!K41 -> 6596930 | P41: =N41+L41+J41+H41+F41+D41+MSMEoutstanding_5!N41+OutstandingAgri_4!L41 -> 31376008 | Q41: =P41*100/'CD Ratio_3(i)'!F41 -> 54.289848 | S41: =J41-R41 -> 4187.62
A42: 34 | B42: MPGB | C42: 0 | D42: 0 | E42: 1672 | F42: 4617.57 | G42: 198631 | H42: 194274.85 | I42: 46 | J42: 2084.48 | K42: 956 | L42: 2131.41 | M42: 98881 | N42: 174944.61 | O42: =M42+K42+I42+G42+E42+C42+MSMEoutstanding_5!M42+OutstandingAgri_4!K42 -> 1324953 | P42: =N42+L42+J42+H42+F42+D42+MSMEoutstanding_5!N42+OutstandingAgri_4!L42 -> 2004835.2 | Q42: =P42*100/'CD Ratio_3(i)'!F42 -> 81.350419 | S42: =J42-R42 -> 2084.48
B43: RRBs - SUB TOTAL | C43: =C42 -> 0 | D43: =D42 -> 0 | E43: =E42 -> 1672 | F43: =F42 -> 4617.57 | G43: =G42 -> 198631 | H43: =H42 -> 194274.85 | I43: =I42 -> 46 | J43: =J42 -> 2084.48 | ... N43: =N42 -> 174944.61 | O43: =M43+K43+I43+G43+E43+C43+MSMEoutstanding_5!M43+OutstandingAgri_4!K43 -> 1324953 | P43: =N43+L43+J43+H43+F43+D43+MSMEoutstanding_5!N43+OutstandingAgri_4!L43 -> 2004835.2 | Q43: =P43*100/'CD Ratio_3(i)'!F43 -> 81.350419 | R43: 1305.84 | S43: =J43-R43 -> 778.64
A44: 35 | B44: DCCB & Apex Bank | C44: 0 | D44: 0 | E44: 55 | F44: 100.96 | G44: 11351 | H44: 18377.82 | I44: 0 | J44: 0 | K44: 15 | L44: 24.42 | M44: 6647 | N44: 273134.57 | O44: =M44+K44+I44+G44+E44+C44+MSMEoutstanding_5!M44+OutstandingAgri_4!K44 -> 4204323 | P44: =N44+L44+J44+H44+F44+D44+MSMEoutstanding_5!N44+OutstandingAgri_4!L44 -> 4681331.1 | Q44: =P44*100/'CD Ratio_3(i)'!F44 -> 97.458276 | R44: 0 | S44: =J44-R44 -> 0
B45: CO-OPERATIVE BANK - SUB TOTAL | C45: =C44 -> 0 | D45: =D44 -> 0 | E45: =E44 -> 55 | F45: =F44 -> 100.96 | G45: =G44 -> 11351 | H45: =H44 -> 18377.82 | I45: =I44 -> 0 | J45: =J44 -> 0 | ... N45: =N44 -> 273134.57 | O45: =M45+K45+I45+G45+E45+C45+MSMEoutstanding_5!M45+OutstandingAgri_4!K45 -> 4204323 | P45: =N45+L45+J45+H45+F45+D45+MSMEoutstanding_5!N45+OutstandingAgri_4!L45 -> 4681331.1 | Q45: =P45*100/'CD Ratio_3(i)'!F45 -> 97.458276 | R45: 0 | S45: =J45-R45 -> 0
A46: 36 | B46: AU Small Finance Bank | C46: 0 | D46: 0 | E46: 0 | F46: 0 | G46: 10192 | H46: 93480.82 | I46: 27 | J46: 411.55 | K46: 11 | L46: 3563.88 | M46: 11103 | N46: 4049.1 | O46: =M46+K46+I46+G46+E46+C46+MSMEoutstanding_5!M46+OutstandingAgri_4!K46 -> 342692 | P46: =N46+L46+J46+H46+F46+D46+MSMEoutstanding_5!N46+OutstandingAgri_4!L46 -> 1192180 | Q46: =P46*100/'CD Ratio_3(i)'!F46 -> 70.551367 | R46: 732.48 | S46: =J46-R46 -> -320.93
A47: 37 | B47: Equitas Small Finance Bank | C47: 0 | D47: 0 | E47: 0 | F47: 0 | G47: 267 | H47: 2055.53 | I47: 0 | J47: 0 | K47: 0 | L47: 0 | M47: 18459 | N47: 6280.83 | O47: =M47+K47+I47+G47+E47+C47+MSMEoutstanding_5!M47+OutstandingAgri_4!K47 -> 71651 | P47: =N47+L47+J47+H47+F47+D47+MSMEoutstanding_5!N47+OutstandingAgri_4!L47 -> 90011.1 | Q47: =P47*100/'CD Ratio_3(i)'!F47 -> 66.96136 | R47: 0 | S47: =J47-R47 -> 0
A48: 38 | B48: ESAF | C48: 0 | D48: 0 | E48: 31 | F48: 5.7 | G48: 320 | H48: 5418.87 | I48: 0 | J48: 0 | K48: 0 | L48: 0 | M48: 1605 | N48: 257.44 | O48: =M48+K48+I48+G48+E48+C48+MSMEoutstanding_5!M48+OutstandingAgri_4!K48 -> 195037 | P48: =N48+L48+J48+H48+F48+D48+MSMEoutstanding_5!N48+OutstandingAgri_4!L48 -> 111654.54 | Q48: =P48*100/'CD Ratio_3(i)'!F48 -> 87.597581 | R48: 0 | S48: =J48-R48 -> 0
A49: 39 | B49: Jana Small Finance Bank | C49: 0 | D49: 0 | E49: 0 | F49: 0 | G49: 10355 | H49: 65668.03 | I49: 0 | J49: 0 | K49: 0 | L49: 0 | M49: 46466 | N49: 24875.09 | O49: =M49+K49+I49+G49+E49+C49+MSMEoutstanding_5!M49+OutstandingAgri_4!K49 -> 320956 | P49: =N49+L49+J49+H49+F49+D49+MSMEoutstanding_5!N49+OutstandingAgri_4!L49 -> 239580.78 | Q49: =P49*100/'CD Ratio_3(i)'!F49 -> 85.042712 | R49: 0 | S49: =J49-R49 -> 0
A50: 40 | B50: Shivalik Small Finance Bank | C50: 0 | D50: 0 | E50: 1 | F50: 13.89 | G50: 187 | H50: 2002.06 | I50: 0 | J50: 0 | K50: 0 | L50: 0 | M50: 4340 | N50: 488.79 | O50: =M50+K50+I50+G50+E50+C50+MSMEoutstanding_5!M50+OutstandingAgri_4!K50 -> 55490 | P50: =N50+L50+J50+H50+F50+D50+MSMEoutstanding_5!N50+OutstandingAgri_4!L50 -> 44220.91 | Q50: =P50*100/'CD Ratio_3(i)'!F50 -> 85.851642 | R50: 0 | S50: =J50-R50 -> 0
A51: 41 | B51: Suryoday Small Finance Bank | C51: 0 | D51: 0 | E51: 0 | F51: 0 | G51: 30 | H51: 232.61 | I51: 0 | J51: 0 | K51: 0 | L51: 0 | M51: 9982 | N51: 2520.32 | O51: =M51+K51+I51+G51+E51+C51+MSMEoutstanding_5!M51+OutstandingAgri_4!K51 -> 117827 | P51: =N51+L51+J51+H51+F51+D51+MSMEoutstanding_5!N51+OutstandingAgri_4!L51 -> 60273 | Q51: =P51*100/'CD Ratio_3(i)'!F51 -> 70.340999 | R51: 0 | S51: =J51-R51 -> 0
A52: 42 | B52: Ujjivan Small Finance Bank | C52: 0 | D52: 0 | E52: 0 | F52: 0 | G52: 12695 | H52: 25345.39 | I52: 1901 | J52: 736.57 | K52: 0 | L52: 0 | M52: 6621 | N52: 3122.8 | O52: =M52+K52+I52+G52+E52+C52+MSMEoutstanding_5!M52+OutstandingAgri_4!K52 -> 65789 | P52: =N52+L52+J52+H52+F52+D52+MSMEoutstanding_5!N52+OutstandingAgri_4!L52 -> 56198.74 | Q52: =P52*100/'CD Ratio_3(i)'!F52 -> 65.383782 | R52: 0 | S52: =J52-R52 -> 736.57
A53: 43 | B53: Utkarsh Small Finance Bank | C53: 0 | D53: 0 | E53: 0 | F53: 0 | G53: 47 | H53: 623.23 | I53: 22 | J53: 6.09 | K53: 0 | L53: 0 | M53: 26374 | N53: 8396.13 | O53: =M53+K53+I53+G53+E53+C53+MSMEoutstanding_5!M53+OutstandingAgri_4!K53 -> 62711 | P53: =N53+L53+J53+H53+F53+D53+MSMEoutstanding_5!N53+OutstandingAgri_4!L53 -> 32436.79 | Q53: =P53*100/'CD Ratio_3(i)'!F53 -> 69.541318 | R53: 19.01 | S53: =J53-R53 -> -12.92
B54: SMALL FINANCE BANK SUB TOTAL | C54: =SUM(C46:C53) -> 0 | D54: =SUM(D46:D53) -> 0 | E54: =SUM(E46:E53) -> 32 | F54: =SUM(F46:F53) -> 19.59 | G54: =SUM(G46:G53) -> 34093 | H54: =SUM(H46:H53) -> 194826.54 | I54: =SUM(I46:I53) -> 1950 | J54: =SUM(J46:J53) -> 1154.21 | ... P54: =SUM(P46:P53) -> 1826555.8 | Q54: =P54*100/'CD Ratio_3(i)'!F54 -> 72.968853 | R54: 751.49 | S54: =J54-R54 -> 402.72
B55: TOTAL | C55: =C54+C45+C43+C41 -> 7 | D55: =D54+D45+D43+D41 -> 36.33 | E55: =E54+E45+E43+E41 -> 69619 | F55: =F54+F45+F43+F41 -> 285046.67 | G55: =G54+G45+G43+G41 -> 874332 | H55: =H54+H45+H43+H41 -> 4266359.9 | I55: =I54+I45+I43+I41 -> 2418 | J55: =J54+J45+J43+J41 -> 7426.31 | ... P55: =P54+P45+P43+P41 -> 39888730 | Q55: =P55*100/'CD Ratio_3(i)'!F57 -> 59.037937 | R55: 13052.03 | S55: =J55-R55 -> -5625.72
I56: Page 94

Sheet Weaker Sec_7
B2: Amt. in Lakhs | C2: Number in Actual | L2: TABLE:7
A3: Sr. | B3: Banks | C3: Outstanding at the end of the quarter 30.06.2026
C4: Loans to small & marginal farmers | E4: Loans to SC/ST | G4: Loans to SHGs | I4: Loans to Minority Communities | K4: OD under PMJDY | M4: Beneficiaries of DRI scheme | O4: Other loans to weaker sections | Q4: Total advances to weaker sections | S4: % of loans to weaker sections to total advances
C5: No | D5: Amt | E5: No | F5: Amt | G5: No | H5: Amt | I5: No | J5: Amt | K5: No | L5: Amt | M5: No | N5: Amt | O5: No | P5: Amt | Q5: No | R5: Amt | S5: Amt.
A6: 1 | B6: Bank of Baroda | C6: 125918 | D6: 327475.92 | E6: =SCST_OS_22!C6+SCST_OS_22!E6 -> 47624 | F6: =SCST_OS_22!D6+SCST_OS_22!F6 -> 125678.32 | G6: 2577 | H6: 7614.41 | I6: 7677 | J6: 33421.46 | K6: 4303 | L6: 115.58 | M6: 33 | N6: 137.53 | O6: 0 | P6: 0 | Q6: =C6+E6+G6+I6+K6+O6+M6 -> 188132 | R6: =D6+F6+H6+J6+L6+P6+N6 -> 494443.22 | S6: =R6*100/'CD Ratio_3(i)'!F6 -> 19.271154
A7: 2 | B7: Bank of India | C7: 468914 | D7: 1023975.7 | E7: =SCST_OS_22!C7+SCST_OS_22!E7 -> 126774 | F7: =SCST_OS_22!D7+SCST_OS_22!F7 -> 277350.46 | G7: 407 | H7: 2855.1 | I7: 48597 | J7: 181075.24 | K7: 564 | L7: 15.82 | M7: 205 | N7: 1402.33 | O7: 1021 | P7: 5942.42 | Q7: =C7+E7+G7+I7+K7+O7+M7 -> 646482 | R7: =D7+F7+H7+J7+L7+P7+N7 -> 1492617.1 | S7: =R7*100/'CD Ratio_3(i)'!F7 -> 34.490842
A8: 3 | B8: Bank of Maharashtra | C8: 39359 | D8: 96368.21 | E8: =SCST_OS_22!C8+SCST_OS_22!E8 -> 5793 | F8: =SCST_OS_22!D8+SCST_OS_22!F8 -> 14390.87 | G8: 19 | H8: 26.27 | I8: 6736 | J8: 51896.99 | K8: 0 | L8: 0 | M8: 0 | N8: 0 | O8: 2009 | P8: 2369.58 | Q8: =C8+E8+G8+I8+K8+O8+M8 -> 53916 | R8: =D8+F8+H8+J8+L8+P8+N8 -> 165051.92 | S8: =R8*100/'CD Ratio_3(i)'!F8 -> 15.210761
A9: 4 | B9: Canara Bank | C9: 108744 | D9: 252419.92 | E9: =SCST_OS_22!C9+SCST_OS_22!E9 -> 39010 | F9: =SCST_OS_22!D9+SCST_OS_22!F9 -> 100490.61 | G9: 2142 | H9: 4696.2 | I9: 29728 | J9: 124478.62 | K9: 36663 | L9: 0.6 | M9: 1283 | N9: 114.72 | O9: 4167 | P9: 28175.67 | Q9: =C9+E9+G9+I9+K9+O9+M9 -> 221737 | R9: =D9+F9+H9+J9+L9+P9+N9 -> 510376.34 | S9: =R9*100/'CD Ratio_3(i)'!F9 -> 25.206944
A10: 5 | B10: Central Bank of India | C10: 272171 | D10: 573453.33 | E10: =SCST_OS_22!C10+SCST_OS_22!E10 -> 105780 | F10: =SCST_OS_22!D10+SCST_OS_22!F10 -> 223932.64 | G10: 22182 | H10: 77972.15 | I10: 10295 | J10: 58519.14 | K10: 1 | L10: 0.02 | M10: 0 | N10: 0 | O10: 5201 | P10: 13178.07 | Q10: =C10+E10+G10+I10+K10+O10+M10 -> 415630 | R10: =D10+F10+H10+J10+L10+P10+N10 -> 947055.35 | S10: =R10*100/'CD Ratio_3(i)'!F10 -> 27.910274
A11: 6 | B11: Indian Bank | C11: 66137 | D11: 122419.04 | E11: =SCST_OS_22!C11+SCST_OS_22!E11 -> 26203 | F11: =SCST_OS_22!D11+SCST_OS_22!F11 -> 47480.17 | G11: 188 | H11: 352.68 | I11: 10267 | J11: 32288.96 | K11: 0 | L11: 0 | M11: 0 | N11: 0 | O11: 9812 | P11: 2636.24 | Q11: =C11+E11+G11+I11+K11+O11+M11 -> 112607 | R11: =D11+F11+H11+J11+L11+P11+N11 -> 205177.09 | S11: =R11*100/'CD Ratio_3(i)'!F11 -> 15.282053
A12: 7 | B12: Indian Overseas Bank | C12: 5871 | D12: 16708.37 | E12: =SCST_OS_22!C12+SCST_OS_22!E12 -> 326 | F12: =SCST_OS_22!D12+SCST_OS_22!F12 -> 1464.65 | G12: 211 | H12: 405.43 | I12: 586 | J12: 2118.23 | K12: 2 | L12: 0.08 | M12: 4 | N12: 0.39 | O12: 11112 | P12: 18506.34 | Q12: =C12+E12+G12+I12+K12+O12+M12 -> 18112 | R12: =D12+F12+H12+J12+L12+P12+N12 -> 39203.49 | S12: =R12*100/'CD Ratio_3(i)'!F12 -> 7.9226729
A13: 8 | B13: Punjab and Sind Bank | C13: 6938 | D13: 15201.74 | E13: =SCST_OS_22!C13+SCST_OS_22!E13 -> 1910 | F13: =SCST_OS_22!D13+SCST_OS_22!F13 -> 5236.18 | G13: 1548 | H13: 1580.83 | I13: 932 | J13: 5597.62 | K13: 114 | L13: 3.66 | M13: 63 | N13: 2.61 | O13: 0 | P13: 0 | Q13: =C13+E13+G13+I13+K13+O13+M13 -> 11505 | R13: =D13+F13+H13+J13+L13+P13+N13 -> 27622.64 | S13: =R13*100/'CD Ratio_3(i)'!F13 -> 15.052353
A14: 9 | B14: Punjab National Bank | C14: 243661 | D14: 424174.62 | E14: =SCST_OS_22!C14+SCST_OS_22!E14 -> 52072 | F14: =SCST_OS_22!D14+SCST_OS_22!F14 -> 109197.86 | G14: 18 | H14: 74.56 | I14: 18465 | J14: 59162.88 | K14: 4 | L14: 0.02 | M14: 0 | N14: 0 | O14: 18979 | P14: 110697.97 | Q14: =C14+E14+G14+I14+K14+O14+M14 -> 333199 | R14: =D14+F14+H14+J14+L14+P14+N14 -> 703307.91 | S14: =R14*100/'CD Ratio_3(i)'!F14 -> 17.71449
A15: 10 | B15: State Bank of India | C15: 380568 | D15: 821605.44 | E15: =SCST_OS_22!C15+SCST_OS_22!E15 -> 353587 | F15: =SCST_OS_22!D15+SCST_OS_22!F15 -> 1230950.3 | G15: 1419 | H15: 2852.92 | I15: 101176 | J15: 385150.58 | K15: 281 | L15: 4.83 | M15: 1 | N15: 0.03 | O15: 70044 | P15: 91501.29 | Q15: =C15+E15+G15+I15+K15+O15+M15 -> 907076 | R15: =D15+F15+H15+J15+L15+P15+N15 -> 2532065.4 | S15: =R15*100/'CD Ratio_3(i)'!F15 -> 18.897283
A16: 11 | B16: UCO Bank | C16: 59517 | D16: 99293.57 | E16: =SCST_OS_22!C16+SCST_OS_22!E16 -> 13532 | F16: =SCST_OS_22!D16+SCST_OS_22!F16 -> 36631.04 | G16: 37 | H16: 17.13 | I16: 6824 | J16: 26503.8 | K16: 70 | L16: 1.66 | M16: 0 | N16: 0 | O16: 1200 | P16: 1194.67 | Q16: =C16+E16+G16+I16+K16+O16+M16 -> 81180 | R16: =D16+F16+H16+J16+L16+P16+N16 -> 163641.87 | S16: =R16*100/'CD Ratio_3(i)'!F16 -> 16.008825
A17: 12 | B17: Union Bank of India | C17: 190391 | D17: 464609.02 | E17: =SCST_OS_22!C17+SCST_OS_22!E17 -> 69040 | F17: =SCST_OS_22!D17+SCST_OS_22!F17 -> 162689.4 | G17: 5666 | H17: 10775.39 | I17: 23730 | J17: 78943.08 | K17: 9863 | L17: 16.75 | M17: 176 | N17: 83.02 | O17: 19164 | P17: 9253.32 | Q17: =C17+E17+G17+I17+K17+O17+M17 -> 318030 | R17: =D17+F17+H17+J17+L17+P17+N17 -> 726369.98 | S17: =R17*100/'CD Ratio_3(i)'!F17 -> 30.011225
B18: PSBs - SUB TOTAL | C18: =SUM(C6:C17) -> 1968189 | D18: =SUM(D6:D17) -> 4237704.9 | E18: =SCST_OS_22!C18+SCST_OS_22!E18 -> 841651 | F18: =SCST_OS_22!D18+SCST_OS_22!F18 -> 2335492.5 | G18: =SUM(G6:G17) -> 36414 | H18: =SUM(H6:H17) -> 109223.07 | I18: =Minority_OS_20!O18 -> 265013 | J18: =Minority_OS_20!P18 -> 1039154.9 | K18: =SUM(K6:K17) -> 51865 | L18: =SUM(L6:L17) -> 159.02 | M18: =SUM(M6:M17) -> 1765 | N18: =SUM(N6:N17) -> 1740.63 | O18: =SUM(O6:O17) -> 142709 | P18: =SUM(P6:P17) -> 283455.57 | Q18: =C18+E18+G18+I18+K18+O18+M18 -> 3307606 | R18: =D18+F18+H18+J18+L18+P18+N18 -> 8006930.6 | S18: =R18*100/'CD Ratio_3(i)'!F18 -> 22.100794
A19: 13 | B19: Axis Bank | C19: 115071 | D19: 95770.06 | E19: =SCST_OS_22!C19+SCST_OS_22!E19 -> 66010 | F19: =SCST_OS_22!D19+SCST_OS_22!F19 -> 44986.38 | G19: 0 | H19: 0 | I19: 2000 | J19: 22881.23 | K19: 0 | L19: 0 | M19: 0 | N19: 0 | O19: 7 | P19: 19.66 | Q19: =C19+E19+G19+I19+K19+O19+M19 -> 183088 | R19: =D19+F19+H19+J19+L19+P19+N19 -> 163657.33 | S19: =R19*100/'CD Ratio_3(i)'!F19 -> 6.0124122
A20: 14 | B20: Bandhan Bank | C20: 25 | D20: 82.82 | E20: =SCST_OS_22!C20+SCST_OS_22!E20 -> 6158 | F20: =SCST_OS_22!D20+SCST_OS_22!F20 -> 4121.93 | G20: 0 | H20: 0 | I20: 7567 | J20: 8598.66 | K20: 0 | L20: 0 | M20: 34 | N20: 100.39 | O20: 0 | P20: 0 | Q20: =C20+E20+G20+I20+K20+O20+M20 -> 13784 | R20: =D20+F20+H20+J20+L20+P20+N20 -> 12903.8 | S20: =R20*100/'CD Ratio_3(i)'!F20 -> 1.3865879
A21: 15 | B21: Catholic Syrian Bank | C21: 926 | D21: 550.56 | E21: =SCST_OS_22!C21+SCST_OS_22!E21 -> 70 | F21: =SCST_OS_22!D21+SCST_OS_22!F21 -> 254.76 | G21: 0 | H21: 0 | I21: 54 | J21: 245.09 | K21: 0 | L21: 0 | M21: 0 | N21: 0 | O21: 0 | P21: 0 | Q21: =C21+E21+G21+I21+K21+O21+M21 -> 1050 | R21: =D21+F21+H21+J21+L21+P21+N21 -> 1050.41 | S21: =R21*100/'CD Ratio_3(i)'!F21 -> 11.418567
A22: 16 | B22: City Union Bank | C22: 73 | D22: 60.82 | E22: =SCST_OS_22!C22+SCST_OS_22!E22 -> 0 | F22: =SCST_OS_22!D22+SCST_OS_22!F22 -> 0 | G22: 0 | H22: 0 | I22: =Minority_OS_20!O22 -> 0 | J22: =Minority_OS_20!P22 -> 0 | K22: 0 | L22: 0 | M22: 0 | N22: 0 | O22: 0 | P22: 0 | Q22: =C22+E22+G22+I22+K22+O22+M22 -> 73 | R22: =D22+F22+H22+J22+L22+P22+N22 -> 60.82 | S22: 0
A23: 17 | B23: Development Credit Bank | C23: 60382 | D23: 54439.51 | E23: =SCST_OS_22!C23+SCST_OS_22!E23 -> 124 | F23: =SCST_OS_22!D23+SCST_OS_22!F23 -> 425.39 | G23: 517 | H23: 224.63 | I23: 540 | J23: 8989.22 | K23: 0 | L23: 0 | M23: 0 | N23: 0 | O23: 3253 | P23: 304.57 | Q23: =C23+E23+G23+I23+K23+O23+M23 -> 64816 | R23: =D23+F23+H23+J23+L23+P23+N23 -> 64383.32 | S23: =R23*100/'CD Ratio_3(i)'!F23 -> 21.455967
A24: 18 | B24: Dhan Lakshmi Bank | C24: 0 | D24: 0 | E24: =SCST_OS_22!C24+SCST_OS_22!E24 -> 0 | F24: =SCST_OS_22!D24+SCST_OS_22!F24 -> 0 | G24: 0 | H24: 0 | I24: 1 | J24: 0.08 | K24: 0 | L24: 0 | M24: 0 | N24: 0 | O24: 0 | P24: 0 | Q24: =C24+E24+G24+I24+K24+O24+M24 -> 1 | R24: =D24+F24+H24+J24+L24+P24+N24 -> 0.08 | S24: =R24*100/'CD Ratio_3(i)'!F24 -> 0.006933791
A25: 19 | B25: Federal Bank Ltd. | C25: 4070 | D25: 14398.67 | E25: =SCST_OS_22!C25+SCST_OS_22!E25 -> 533 | F25: =SCST_OS_22!D25+SCST_OS_22!F25 -> 1611.79 | G25: 0 | H25: 0 | I25: 813 | J25: 2607.24 | K25: 0 | L25: 0 | M25: 0 | N25: 0 | O25: 47 | P25: 38.61 | Q25: =C25+E25+G25+I25+K25+O25+M25 -> 5463 | R25: =D25+F25+H25+J25+L25+P25+N25 -> 18656.31 | S25: =R25*100/'CD Ratio_3(i)'!F25 -> 15.756204
A26: 20 | B26: HDFC Bank | C26: 204739 | D26: 334153.79 | E26: =SCST_OS_22!C26+SCST_OS_22!E26 -> 5621 | F26: =SCST_OS_22!D26+SCST_OS_22!F26 -> 44190.69 | G26: 3594 | H26: 5603.86 | I26: 17025 | J26: 331332.1 | K26: 0 | L26: 0 | M26: 0 | N26: 0 | O26: 101 | P26: 101.67 | Q26: =C26+E26+G26+I26+K26+O26+M26 -> 231080 | R26: =D26+F26+H26+J26+L26+P26+N26 -> 715382.11 | S26: =R26*100/'CD Ratio_3(i)'!F26 -> 9.1554138
A27: 21 | B27: ICICI Bank | C27: 53637 | D27: 209105.81 | E27: =SCST_OS_22!C27+SCST_OS_22!E27 -> 16470 | F27: =SCST_OS_22!D27+SCST_OS_22!F27 -> 69061.69 | G27: 243 | H27: 260.52 | I27: 7164 | J27: 204882.14 | K27: 0 | L27: 0 | M27: 0 | N27: 0 | O27: 209 | P27: 494.77 | Q27: =C27+E27+G27+I27+K27+O27+M27 -> 77723 | R27: =D27+F27+H27+J27+L27+P27+N27 -> 483804.93 | S27: =R27*100/'CD Ratio_3(i)'!F27 -> 10.698557
A28: 22 | B28: IDBI Bank | C28: 23734 | D28: 32509.4 | E28: =SCST_OS_22!C28+SCST_OS_22!E28 -> 7443 | F28: =SCST_OS_22!D28+SCST_OS_22!F28 -> 21243.71 | G28: 846 | H28: 617.67 | I28: 2243 | J28: 8118.02 | K28: 0 | L28: 0 | M28: 0 | N28: 0 | O28: 0 | P28: 0 | Q28: =C28+E28+G28+I28+K28+O28+M28 -> 34266 | R28: =D28+F28+H28+J28+L28+P28+N28 -> 62488.8 | S28: =R28*100/'CD Ratio_3(i)'!F28 -> 9.9400024
A29: 23 | B29: IDFC First Bank | C29: 24032 | D29: 9538.55 | E29: =SCST_OS_22!C29+SCST_OS_22!E29 -> 78404 | F29: =SCST_OS_22!D29+SCST_OS_22!F29 -> 38821.73 | G29: 0 | H29: 0 | I29: 6566 | J29: 2553.97 | K29: 0 | L29: 0 | M29: 0 | N29: 0 | O29: 0 | P29: 0 | Q29: =C29+E29+G29+I29+K29+O29+M29 -> 109002 | R29: =D29+F29+H29+J29+L29+P29+N29 -> 50914.25 | S29: =R29*100/'CD Ratio_3(i)'!F29 -> 4.6512971
A30: 24 | B30: Indusind Bank Limited | C30: 313844 | D30: 194903.6 | E30: =SCST_OS_22!C30+SCST_OS_22!E30 -> 194685 | F30: =SCST_OS_22!D30+SCST_OS_22!F30 -> 67541.89 | G30: 0 | H30: 0 | I30: 65298 | J30: 32029.25 | K30: 0 | L30: 0 | M30: 0 | N30: 0 | O30: 363426 | P30: 213139.64 | Q30: =C30+E30+G30+I30+K30+O30+M30 -> 937253 | R30: =D30+F30+H30+J30+L30+P30+N30 -> 507614.38 | S30: =R30*100/'CD Ratio_3(i)'!F30 -> 49.719846
A31: 25 | B31: Jammu and Kashmir Bank | C31: 0 | D31: 0 | E31: =SCST_OS_22!C31+SCST_OS_22!E31 -> 16 | F31: =SCST_OS_22!D31+SCST_OS_22!F31 -> 79.62 | G31: 0 | H31: 0 | I31: 107 | J31: 554.56 | K31: 2 | L31: 0.05 | M31: 22 | N31: 2.44 | O31: 0 | P31: 0 | Q31: =C31+E31+G31+I31+K31+O31+M31 -> 147 | R31: =D31+F31+H31+J31+L31+P31+N31 -> 636.67 | S31: =R31*100/'CD Ratio_3(i)'!F31 -> 12.390385
A32: 26 | B32: Karnataka Bank Limited | C32: 121 | D32: 240.42 | E32: =SCST_OS_22!C32+SCST_OS_22!E32 -> 35 | F32: =SCST_OS_22!D32+SCST_OS_22!F32 -> 301.55 | G32: 1 | H32: 0 | I32: 41 | J32: 295.46 | K32: 0 | L32: 0 | M32: 0 | N32: 0 | O32: 5 | P32: 17.83 | Q32: =C32+E32+G32+I32+K32+O32+M32 -> 203 | R32: =D32+F32+H32+J32+L32+P32+N32 -> 855.26 | S32: =R32*100/'CD Ratio_3(i)'!F32 -> 2.5194758
A33: 27 | B33: Karur Vysya Bank Ltd. | C33: 0 | D33: 0 | E33: =SCST_OS_22!C33+SCST_OS_22!E33 -> 42 | F33: =SCST_OS_22!D33+SCST_OS_22!F33 -> 678.62 | G33: 0 | H33: 0 | I33: 1 | J33: 11.79 | K33: 0 | L33: 0 | M33: 0 | N33: 0 | O33: 0 | P33: 0 | Q33: =C33+E33+G33+I33+K33+O33+M33 -> 43 | R33: =D33+F33+H33+J33+L33+P33+N33 -> 690.41 | S33: =R33*100/'CD Ratio_3(i)'!F33 -> 2.0551758
A34: 28 | B34: Kotak Mahindra Bank | C34: 132883 | D34: 152302.25 | E34: =SCST_OS_22!C34+SCST_OS_22!E34 -> 86042 | F34: =SCST_OS_22!D34+SCST_OS_22!F34 -> 108237.02 | G34: 0 | H34: 0 | I34: 0 | J34: 0 | K34: 0 | L34: 0 | M34: 0 | N34: 0 | O34: 74119 | P34: 151955.62 | Q34: =C34+E34+G34+I34+K34+O34+M34 -> 293044 | R34: =D34+F34+H34+J34+L34+P34+N34 -> 412494.89 | S34: =R34*100/'CD Ratio_3(i)'!F34 -> 29.574973
... A39: 33 | B39: Yes Bank | C39: 85573 | D39: 58598 | E39: =SCST_OS_22!C39+SCST_OS_22!E39 -> 45613 | F39: =SCST_OS_22!D39+SCST_OS_22!F39 -> 28109.82 | G39: 0 | H39: 0 | I39: 975 | J39: 28389.88 | K39: 0 | L39: 0 | M39: 0 | N39: 0 | O39: 0 | P39: 0 | Q39: =C39+E39+G39+I39+K39+O39+M39 -> 132161 | R39: =D39+F39+H39+J39+L39+P39+N39 -> 115097.7 | S39: =R39*100/'CD Ratio_3(i)'!F39 -> 16.3341
B40: PRIVATE BANK - SUB TOTAL | C40: =SUM(C19:C39) -> 1132060 | D40: =SUM(D19:D39) -> 1216633 | E40: =SCST_OS_22!C40+SCST_OS_22!E40 -> 549738 | F40: =SCST_OS_22!D40+SCST_OS_22!F40 -> 450018.43 | G40: =SUM(G19:G39) -> 5201 | H40: =SUM(H19:H39) -> 6706.68 | I40: =Minority_OS_20!O40 -> 224699 | J40: =Minority_OS_20!P40 -> 959957.59 | K40: =SUM(K19:K39) -> 2 | L40: =SUM(L19:L39) -> 0.05 | M40: =SUM(M19:M39) -> 57 | N40: =SUM(N19:N39) -> 102.87 | O40: =SUM(O19:O39) -> 441179 | P40: =SUM(P19:P39) -> 366089.45 | Q40: =C40+E40+G40+I40+K40+O40+M40 -> 2352936 | R40: =D40+F40+H40+J40+L40+P40+N40 -> 2999508.1 | S40: =R40*100/'CD Ratio_3(i)'!F40 -> 13.909565
B41: COMMERCIAL BANKS SUB TOTAL | C41: =C40+C18 -> 3100249 | D41: =D40+D18 -> 5454337.9 | E41: =SCST_OS_22!C41+SCST_OS_22!E41 -> 1391389 | F41: =SCST_OS_22!D41+SCST_OS_22!F41 -> 2785511 | G41: =G40+G18 -> 41615 | H41: =H40+H18 -> 115929.75 | I41: =Minority_OS_20!O41 -> 489712 | J41: =Minority_OS_20!P41 -> 1999112.5 | K41: =K40+K18 -> 51867 | L41: =L40+L18 -> 159.07 | M41: =M40+M18 -> 1822 | N41: =N40+N18 -> 1843.5 | O41: =O40+O18 -> 583888 | P41: =P40+P18 -> 649545.02 | Q41: =C41+E41+G41+I41+K41+O41+M41 -> 5660542 | R41: =D41+F41+H41+J41+L41+P41+N41 -> 11006439 | S41: =R41*100/'CD Ratio_3(i)'!F41 -> 19.04442
A42: 34 | B42: MPGB | C42: 566411 | D42: 648242.85 | E42: =SCST_OS_22!C42+SCST_OS_22!E42 -> 245185 | F42: =SCST_OS_22!D42+SCST_OS_22!F42 -> 283712.54 | G42: 116987 | H42: 269118.51 | I42: 37990 | J42: 57130.9 | K42: 11549 | L42: 14.66 | M42: 0 | N42: 0 | O42: 0 | P42: 0 | Q42: =C42+E42+G42+I42+K42+O42+M42 -> 978122 | R42: =D42+F42+H42+J42+L42+P42+N42 -> 1258219.5 | S42: =R42*100/'CD Ratio_3(i)'!F42 -> 51.054911
B43: RRBs - SUB TOTAL | C43: =C42 -> 566411 | D43: =D42 -> 648242.85 | E43: =SCST_OS_22!C43+SCST_OS_22!E43 -> 245185 | F43: =SCST_OS_22!D43+SCST_OS_22!F43 -> 283712.54 | G43: =G42 -> 116987 | H43: =H42 -> 269118.51 | I43: =I42 -> 37990 | J43: =J42 -> 57130.9 | K43: =K42 -> 11549 | L43: =L42 -> 14.66 | M43: =M42 -> 0 | N43: =N42 -> 0 | ... P43: =P42 -> 0 | Q43: =C43+E43+G43+I43+K43+O43+M43 -> 978122 | R43: =D43+F43+H43+J43+L43+P43+N43 -> 1258219.5 | S43: =R43*100/'CD Ratio_3(i)'!F43 -> 51.054911
A44: 35 | B44: DCCB & Apex Bank | C44: 1805292 | D44: 1482532.6 | E44: =SCST_OS_22!C44+SCST_OS_22!E44 -> 2821521 | F44: =SCST_OS_22!D44+SCST_OS_22!F44 -> 258135.06 | G44: 637 | H44: 565.41 | I44: 210787 | J44: 26583.62 | K44: 0 | L44: 0 | M44: 0 | N44: 0 | O44: 104 | P44: 350.87 | Q44: =C44+E44+G44+I44+K44+O44+M44 -> 4838341 | R44: =D44+F44+H44+J44+L44+P44+N44 -> 1768167.5 | S44: =R44*100/'CD Ratio_3(i)'!F44 -> 36.81059
B45: CO-OPERATIVE BANK - SUB TOTAL | C45: =C44 -> 1805292 | D45: =D44 -> 1482532.6 | E45: =SCST_OS_22!C45+SCST_OS_22!E45 -> 2821521 | F45: =SCST_OS_22!D45+SCST_OS_22!F45 -> 258135.06 | G45: =G44 -> 637 | H45: =H44 -> 565.41 | I45: =Minority_OS_20!O45 -> 210787 | J45: =Minority_OS_20!P45 -> 26583.62 | K45: =K44 -> 0 | L45: =L44 -> 0 | M45: =M44 -> 0 | N45: =N44 -> 0 | O45: =O44 -> 104 | P45: =P44 -> 350.87 | Q45: =C45+E45+G45+I45+K45+O45+M45 -> 4838341 | R45: =D45+F45+H45+J45+L45+P45+N45 -> 1768167.5 | S45: =R45*100/'CD Ratio_3(i)'!F45 -> 36.81059
A46: 36 | B46: AU Small Finance Bank | C46: 205235 | D46: 152853.37 | E46: =SCST_OS_22!C46+SCST_OS_22!E46 -> 137696 | F46: =SCST_OS_22!D46+SCST_OS_22!F46 -> 71985.94 | G46: 0 | H46: 0 | I46: 14565 | J46: 102374.15 | K46: 0 | L46: 0 | M46: 0 | N46: 0 | O46: 0 | P46: 0 | Q46: =C46+E46+G46+I46+K46+O46+M46 -> 357496 | R46: =D46+F46+H46+J46+L46+P46+N46 -> 327213.46 | S46: =R46*100/'CD Ratio_3(i)'!F46 -> 19.363986
A47: 37 | B47: Equitas Small Finance Bank | C47: 6457 | D47: 2079.16 | E47: =SCST_OS_22!C47+SCST_OS_22!E47 -> 5429 | F47: =SCST_OS_22!D47+SCST_OS_22!F47 -> 3043.13 | G47: 0 | H47: 0 | I47: 1707 | J47: 933.91 | K47: 0 | L47: 0 | M47: 0 | N47: 0 | O47: 0 | P47: 0 | Q47: =C47+E47+G47+I47+K47+O47+M47 -> 13593 | R47: =D47+F47+H47+J47+L47+P47+N47 -> 6056.2 | S47: =R47*100/'CD Ratio_3(i)'!F47 -> 4.5053486
A48: 38 | B48: ESAF | C48: 125254 | D48: 46631.49 | E48: =SCST_OS_22!C48+SCST_OS_22!E48 -> 64548 | F48: =SCST_OS_22!D48+SCST_OS_22!F48 -> 20231.21 | G48: 0 | H48: 0 | I48: 10263 | J48: 6963.19 | K48: 0 | L48: 0 | M48: 0 | N48: 0 | O48: 1605 | P48: 257.44 | Q48: =C48+E48+G48+I48+K48+O48+M48 -> 201670 | R48: =D48+F48+H48+J48+L48+P48+N48 -> 74083.33 | S48: =R48*100/'CD Ratio_3(i)'!F48 -> 58.121421
A49: 39 | B49: Jana Small Finance Bank | C49: 125021 | D49: 41605.01 | E49: =SCST_OS_22!C49+SCST_OS_22!E49 -> 144095 | F49: =SCST_OS_22!D49+SCST_OS_22!F49 -> 66766.69 | G49: 0 | H49: 0 | I49: 18633 | J49: 19551.88 | K49: 0 | L49: 0 | M49: 0 | N49: 0 | O49: 32750 | P49: 13075.63 | Q49: =C49+E49+G49+I49+K49+O49+M49 -> 320499 | R49: =D49+F49+H49+J49+L49+P49+N49 -> 140999.21 | S49: =R49*100/'CD Ratio_3(i)'!F49 -> 50.049738
A50: 40 | B50: Shivalik Small Finance Bank | C50: 47659 | D50: 19808.02 | E50: =SCST_OS_22!C50+SCST_OS_22!E50 -> 819 | F50: =SCST_OS_22!D50+SCST_OS_22!F50 -> 2310.49 | G50: 101 | H50: 46.11 | I50: 1219 | J50: 2569.29 | K50: 0 | L50: 0 | M50: 0 | N50: 0 | O50: 0 | P50: 0 | Q50: =C50+E50+G50+I50+K50+O50+M50 -> 49798 | R50: =D50+F50+H50+J50+L50+P50+N50 -> 24733.91 | S50: =R50*100/'CD Ratio_3(i)'!F50 -> 48.019066
A51: 41 | B51: Suryoday Small Finance Bank | C51: 74787 | D51: 29253.39 | E51: =SCST_OS_22!C51+SCST_OS_22!E51 -> 45028 | F51: =SCST_OS_22!D51+SCST_OS_22!F51 -> 18896.64 | G51: 0 | H51: 0 | I51: 15263 | J51: 6016.69 | K51: 0 | L51: 0 | M51: 0 | N51: 0 | O51: 2322 | P51: 2300.83 | Q51: =C51+E51+G51+I51+K51+O51+M51 -> 137400 | R51: =D51+F51+H51+J51+L51+P51+N51 -> 56467.55 | S51: =R51*100/'CD Ratio_3(i)'!F51 -> 65.899886
A52: 42 | B52: Ujjivan Small Finance Bank | C52: 25013 | D52: 11297.54 | E52: =SCST_OS_22!C52+SCST_OS_22!E52 -> 38080 | F52: =SCST_OS_22!D52+SCST_OS_22!F52 -> 22368.21 | G52: 0 | H52: 0 | I52: 6830 | J52: 3309.29 | K52: 0 | L52: 0 | M52: 0 | N52: 0 | O52: 0 | P52: 0 | Q52: =C52+E52+G52+I52+K52+O52+M52 -> 69923 | R52: =D52+F52+H52+J52+L52+P52+N52 -> 36975.04 | S52: =R52*100/'CD Ratio_3(i)'!F52 -> 43.018188
A53: 43 | B53: Utkarsh Small Finance Bank | C53: 33767 | D53: 12183.73 | E53: =SCST_OS_22!C53+SCST_OS_22!E53 -> 25838 | F53: =SCST_OS_22!D53+SCST_OS_22!F53 -> 10719.32 | G53: 0 | H53: 0 | I53: 2812 | J53: 2807.08 | K53: 0 | L53: 0 | M53: 0 | N53: 0 | O53: 0 | P53: 0 | Q53: =C53+E53+G53+I53+K53+O53+M53 -> 62417 | R53: =D53+F53+H53+J53+L53+P53+N53 -> 25710.13 | S53: =R53*100/'CD Ratio_3(i)'!F53 -> 55.120015
B54: SMALL FINANCE BANK SUB TOTAL | C54: =SUM(C46:C53) -> 643193 | D54: =SUM(D46:D53) -> 315711.71 | E54: =SCST_OS_22!C54+SCST_OS_22!E54 -> 461533 | F54: =SCST_OS_22!D54+SCST_OS_22!F54 -> 216321.63 | G54: =SUM(G46:G53) -> 101 | H54: =SUM(H46:H53) -> 46.11 | I54: =Minority_OS_20!O54 -> 71292 | J54: =Minority_OS_20!P54 -> 144525.5 | K54: =SUM(K46:K53) -> 0 | L54: =SUM(L46:L53) -> 0 | M54: =SUM(M46:M53) -> 0 | N54: =SUM(N46:N53) -> 0 | O54: =SUM(O46:O53) -> 36677 | P54: =SUM(P46:P53) -> 15633.9 | Q54: =C54+E54+G54+I54+K54+O54+M54 -> 1212796 | R54: =D54+F54+H54+J54+L54+P54+N54 -> 692238.85 | S54: =R54*100/'CD Ratio_3(i)'!F54 -> 27.654164
B55: TOTAL | C55: =C54+C45+C43+C41 -> 6115145 | D55: =D54+D45+D43+D41 -> 7900825 | E55: =E54+E45+E43+E41 -> 4919628 | F55: =F54+F45+F43+F41 -> 3543680.2 | G55: =G54+G45+G43+G41 -> 159340 | H55: =H54+H45+H43+H41 -> 385659.78 | I55: =I54+I45+I43+I41 -> 809781 | J55: =J54+J45+J43+J41 -> 2227352.5 | ... P55: =P54+P45+P43+P41 -> 665529.79 | Q55: =C55+E55+G55+I55+K55+O55+M55 -> 12689801 | R55: =D55+F55+H55+J55+L55+P55+N55 -> 14725065 | S55: =R55*100/'CD Ratio_3(i)'!F57 -> 21.794061
I56: Page 95

Sheet NPS_OS_8
A1: NON-PRIORITY SECTOR OUTSTANDING AS ON 30.06.2026 Table: 8
A2: Sr. | B2: Banks | C2: Outstanding at the end of the quarter (Amt in Lakh)
C3: Agriculture | E3: Education | G3: Housing | I3: Personal loans under NPS | K3: Others | M3: Total NPS
C5: No | D5: Amt | E5: No | F5: Amt | G5: No | H5: Amt | I5: No | J5: Amt | K5: No | L5: Amt | M5: No | N5: Amt
A6: 1 | B6: Bank of Baroda | C6: 749 | D6: 13822.68 | E6: 476 | F6: 16487.81 | G6: 10333 | H6: 276799.84 | I6: 47386 | J6: 111314.19 | K6: 56803 | L6: 670643.07 | M6: =C6+E6+G6+I6+K6 -> 115747 | N6: =D6+F6+H6+J6+L6 -> 1089067.6
A7: 2 | B7: Bank of India | C7: 0 | D7: 0 | E7: 5823 | F7: 19516.88 | G7: 2133 | H7: 108827.52 | I7: 7180 | J7: 5067.97 | K7: 140350 | L7: =-755+1374354.96 -> 1373600 | M7: =C7+E7+G7+I7+K7 -> 155486 | N7: =D7+F7+H7+J7+L7 -> 1507012.3
A8: 3 | B8: Bank of Maharashtra | C8: 0 | D8: 0 | E8: 144 | F8: 5300.94 | G8: 3662 | H8: 120425.61 | I8: 32941 | J8: 176154.08 | K8: 73 | L8: =14+80514.8 -> 80528.8 | M8: =C8+E8+G8+I8+K8 -> 36820 | N8: =D8+F8+H8+J8+L8 -> 382409.43
A9: 4 | B9: Canara Bank | C9: 157 | D9: 56391.22 | E9: 285 | F9: 8491.13 | G9: 3162 | H9: 95281.96 | I9: 65109 | J9: 192906.15 | K9: 30384 | L9: 604509.06 | M9: =C9+E9+G9+I9+K9 -> 99097 | N9: =D9+F9+H9+J9+L9 -> 957579.52
A10: 5 | B10: Central Bank of India | C10: 0 | D10: 0 | E10: 60 | F10: 1125.3 | G10: 290 | H10: 5212.33 | I10: 63968 | J10: 418613.44 | K10: 40112 | L10: 874746.78 | M10: =C10+E10+G10+I10+K10 -> 104430 | N10: =D10+F10+H10+J10+L10 -> 1299697.8
A11: 6 | B11: Indian Bank | C11: 67 | D11: 9583.04 | E11: 127 | F11: 3510.57 | G11: 4387 | H11: 103318.83 | I11: 35302 | J11: 164181.98 | K11: 2318 | L11: 505048.69 | M11: =C11+E11+G11+I11+K11 -> 42201 | N11: =D11+F11+H11+J11+L11 -> 785643.11
A12: 7 | B12: Indian Overseas Bank | C12: 105 | D12: 1003.27 | E12: 23 | F12: 428.9 | G12: 1132 | H12: 27288.45 | I12: 1040 | J12: 3470.18 | K12: 19087 | L12: =-393+330673.08 -> 330280.08 | M12: =C12+E12+G12+I12+K12 -> 21387 | N12: =D12+F12+H12+J12+L12 -> 362470.88
A13: 8 | B13: Punjab and Sind Bank | C13: 0 | D13: 0 | E13: 19 | F13: 476.67 | G13: 214 | H13: 6120.61 | I13: 496 | J13: 936.88 | K13: 8613 | L13: 42033.33 | M13: =C13+E13+G13+I13+K13 -> 9342 | N13: =D13+F13+H13+J13+L13 -> 49567.49
A14: 9 | B14: Punjab National Bank | C14: 242 | D14: 142295.99 | E14: 417 | F14: 13524.15 | G14: 11256 | H14: 255603.83 | I14: 15172 | J14: 53496.42 | K14: 57653 | L14: =-59174+1851442.59+3 -> 1792271.6 | M14: =C14+E14+G14+I14+K14 -> 84740 | N14: =D14+F14+H14+J14+L14 -> 2257192
A15: 10 | B15: State Bank of India | C15: 64 | D15: 2079.72 | E15: 2995 | F15: 69454.01 | G15: 122781 | H15: 1673072.7 | I15: 59754 | J15: 84262.55 | K15: 1131271 | L15: 5820331.8 | M15: =C15+E15+G15+I15+K15 -> 1316865 | N15: =D15+F15+H15+J15+L15 -> 7649200.7
A16: 11 | B16: UCO Bank | C16: 0 | D16: 0 | E16: 56 | F16: 1673.32 | G16: 2747 | H16: 86242.77 | I16: 14667 | J16: 94690.21 | K16: 5552 | L16: 269231.68 | M16: =C16+E16+G16+I16+K16 -> 23022 | N16: =D16+F16+H16+J16+L16 -> 451837.98
A17: 12 | B17: Union Bank of India | C17: 97 | D17: 21484.92 | E17: 982 | F17: 25049.64 | G17: 9260 | H17: 169346.03 | I17: 53531 | J17: 320125.08 | K17: 65644 | L17: 389177.72 | M17: =C17+E17+G17+I17+K17 -> 129514 | N17: =D17+F17+H17+J17+L17 -> 925183.39
B18: PSBs - SUB TOTAL | C18: =SUM(C6:C17) -> 1481 | D18: =SUM(D6:D17) -> 246660.84 | E18: =SUM(E6:E17) -> 11407 | F18: =SUM(F6:F17) -> 165039.32 | G18: =SUM(G6:G17) -> 171357 | H18: =SUM(H6:H17) -> 2927540.5 | I18: =SUM(I6:I17) -> 396546 | J18: =SUM(J6:J17) -> 1625219.1 | ... N18: =SUM(N6:N17) -> 17716862
A19: 13 | B19: Axis Bank | C19: 2 | D19: 23.32 | E19: 389 | F19: 11630.6 | G19: 5367 | H19: 182135.67 | I19: 299991 | J19: 169334.03 | K19: 143392 | L19: 809542.35 | M19: =C19+E19+G19+I19+K19 -> 449141 | N19: =D19+F19+H19+J19+L19 -> 1172666
A20: 14 | B20: Bandhan Bank | C20: 0 | D20: 0 | E20: 0 | F20: 0 | G20: 9257 | H20: 127440.89 | I20: 16288 | J20: 136535.19 | K20: 82296 | L20: 92066.55 | M20: =C20+E20+G20+I20+K20 -> 107841 | N20: =D20+F20+H20+J20+L20 -> 356042.63
A21: 15 | B21: Catholic Syrian Bank | C21: 0 | D21: 0 | E21: 0 | F21: 0 | G21: 0 | H21: 0 | I21: 642 | J21: 2296.79 | K21: 15 | L21: 336.61 | M21: =C21+E21+G21+I21+K21 -> 657 | N21: =D21+F21+H21+J21+L21 -> 2633.4
A22: 16 | B22: City Union Bank | C22: 0 | D22: 0 | E22: 3 | F22: 173.46 | G22: 23 | H22: 1150.88 | I22: 282 | J22: 2279.33 | K22: 62 | L22: 1961.85 | M22: =C22+E22+G22+I22+K22 -> 370 | N22: =D22+F22+H22+J22+L22 -> 5565.52
A23: 17 | B23: Development Credit Bank | C23: 132 | D23: 608.27 | E23: 28 | F23: 157.88 | G23: 1129 | H23: 25632.97 | I23: 1 | J23: 0 | K23: 9491 | L23: =43961+50588.03 -> 94549.03 | M23: =C23+E23+G23+I23+K23 -> 10781 | N23: =D23+F23+H23+J23+L23 -> 120948.15
A24: 18 | B24: Dhan Lakshmi Bank | C24: 0 | D24: 0 | E24: 0 | F24: 0 | G24: 4 | H24: 19.04 | I24: 3 | J24: 5.17 | K24: 213 | L24: 759.71 | M24: =C24+E24+G24+I24+K24 -> 220 | N24: =D24+F24+H24+J24+L24 -> 783.92
A25: 19 | B25: Federal Bank Ltd. | C25: 0 | D25: 0 | E25: 5 | F25: 91.98 | G25: 104 | H25: 4116.31 | I25: 695 | J25: 1090.81 | K25: 7882 | L25: =4224+59392.32 -> 63616.32 | M25: =C25+E25+G25+I25+K25 -> 8686 | N25: =D25+F25+H25+J25+L25 -> 68915.42
A26: 20 | B26: HDFC Bank | C26: 10435 | D26: 179586.25 | E26: 120 | F26: 337.02 | G26: 46802 | H26: 806522.03 | I26: 132354 | J26: 503850.8 | K26: 1150260 | L26: 1607232.8 | M26: =C26+E26+G26+I26+K26 -> 1339971 | N26: =D26+F26+H26+J26+L26 -> 3097528.9
A27: 21 | B27: ICICI Bank | C27: 0 | D27: 0 | E27: 803 | F27: 25091.08 | G27: 19900 | H27: 477385.44 | I27: 50334 | J27: 245600.19 | K27: 369034 | L27: 1128887.5 | M27: =C27+E27+G27+I27+K27 -> 440071 | N27: =D27+F27+H27+J27+L27 -> 1876964.2
A28: 22 | B28: IDBI Bank | C28: 0 | D28: 0 | E28: 68 | F28: 2009.04 | G28: 2826 | H28: 93071.75 | I28: 1479 | J28: 29662.17 | K28: 31558 | L28: =12954+238524.01 -> 251478.01 | M28: =C28+E28+G28+I28+K28 -> 35931 | N28: =D28+F28+H28+J28+L28 -> 376220.97
A29: 23 | B29: IDFC First Bank | C29: 120 | D29: 1593.01 | E29: 405 | F29: 13433.71 | G29: 3321 | H29: 54429.44 | I29: 85752 | J29: 89815.33 | K29: 556750 | L29: 409916.4 | M29: =C29+E29+G29+I29+K29 -> 646348 | N29: =D29+F29+H29+J29+L29 -> 569187.89
A30: 24 | B30: Indusind Bank Limited | C30: 0 | D30: 0 | E30: 0 | F30: 0 | G30: 951 | H30: 19001.78 | I30: 0 | J30: 0 | K30: 215279 | L30: =-1301+303966.36 -> 302665.36 | M30: =C30+E30+G30+I30+K30 -> 216230 | N30: =D30+F30+H30+J30+L30 -> 321667.14
A31: 25 | B31: Jammu and Kashmir Bank | C31: 0 | D31: 0 | E31: 0 | F31: 0 | G31: 30 | H31: 506.94 | I31: 267 | J31: 1438.63 | K31: 146 | L31: 612.25 | M31: =C31+E31+G31+I31+K31 -> 443 | N31: =D31+F31+H31+J31+L31 -> 2557.82
A32: 26 | B32: Karnataka Bank Limited | C32: 0 | D32: 0 | E32: 4 | F32: 111.74 | G32: 73 | H32: 2785.95 | I32: 321 | J32: 11893.24 | K32: 490 | L32: =171+2414.72 -> 2585.72 | M32: =C32+E32+G32+I32+K32 -> 888 | N32: =D32+F32+H32+J32+L32 -> 17376.65
A33: 27 | B33: Karur Vysya Bank Ltd. | C33: 0 | D33: 0 | E33: 0 | F33: 0 | G33: 58 | H33: 2457.89 | I33: 338 | J33: 3868.91 | K33: 109 | L33: =25+8537.25 -> 8562.25 | M33: =C33+E33+G33+I33+K33 -> 505 | N33: =D33+F33+H33+J33+L33 -> 14889.05
A34: 28 | B34: Kotak Mahindra Bank | C34: 0 | D34: 0 | E34: 0 | F34: 0 | G34: 0 | H34: 0 | I34: 0 | J34: 0 | K34: 65746 | L34: 378881.92 | M34: =C34+E34+G34+I34+K34 -> 65746 | N34: =D34+F34+H34+J34+L34 -> 378881.92
A35: 29 | B35: Lakshmi Vilas Bank | C35: 0 | D35: 0 | E35: 0 | F35: 0 | G35: 2 | H35: 35.87 | I35: 0 | J35: 0 | K35: 78 | L35: 407.57 | M35: =C35+E35+G35+I35+K35 -> 80 | N35: =D35+F35+H35+J35+L35 -> 443.44
A36: 30 | B36: Ratnakar Bank Ltd. (RBL) | C36: 18 | D36: 27.36 | E36: 1 | F36: 26.66 | G36: 224 | H36: 10162.84 | I36: 467 | J36: 231.62 | K36: 4656 | L36: 15012.73 | M36: =C36+E36+G36+I36+K36 -> 5366 | N36: =D36+F36+H36+J36+L36 -> 25461.21
A37: 31 | B37: South Indian Bank | C37: 0 | D37: 0 | E37: 0 | F37: 0 | G37: 9 | H37: 403.45 | I37: 1003 | J37: 2480.57 | K37: 545 | L37: 22274.27 | M37: =C37+E37+G37+I37+K37 -> 1557 | N37: =D37+F37+H37+J37+L37 -> 25158.29
A38: 32 | B38: Tamilnadu Mercantile Bank | C38: 0 | D38: 0 | E38: 0 | F38: 0 | G38: 8 | H38: 237.33 | I38: 144 | J38: 735 | K38: 33 | L38: =261+2681.12 -> 2942.12 | M38: =C38+E38+G38+I38+K38 -> 185 | N38: =D38+F38+H38+J38+L38 -> 3914.45
A39: 33 | B39: Yes Bank | C39: 0 | D39: 0 | E39: 63 | F39: 2177.16 | G39: 3312 | H39: 106062.99 | I39: 5972 | J39: 17118.97 | K39: 64953 | L39: 137496.36 | M39: =C39+E39+G39+I39+K39 -> 74300 | N39: =D39+F39+H39+J39+L39 -> 262855.48
B40: PRIVATE BANK - SUB TOTAL | C40: =SUM(C19:C39) -> 10707 | D40: =SUM(D19:D39) -> 181838.21 | E40: =SUM(E19:E39) -> 1889 | F40: =SUM(F19:F39) -> 55240.33 | G40: =SUM(G19:G39) -> 93400 | H40: =SUM(H19:H39) -> 1913559.5 | I40: =SUM(I19:I39) -> 596333 | J40: =SUM(J19:J39) -> 1218236.7 | ... L40: =SUM(L19:L39) -> 5331787.7 | M40: =C40+E40+G40+I40+K40 -> 3405317 | N40: =D40+F40+H40+J40+L40 -> 8700662.4
B41: COMMERCIAL BANKS SUB TOTAL | C41: =C40+C18 -> 12188 | D41: =D40+D18 -> 428499.05 | E41: =E40+E18 -> 13296 | F41: =F40+F18 -> 220279.65 | G41: =G40+G18 -> 264757 | H41: =H40+H18 -> 4841099.9 | I41: =I40+I18 -> 992879 | J41: =J40+J18 -> 2843455.9 | ... L41: =L40+L18 -> 18084190 | M41: =C41+E41+G41+I41+K41 -> 5543968 | N41: =D41+F41+H41+J41+L41 -> 26417525
A42: 34 | B42: MPGB | C42: 0 | D42: 0 | E42: 27 | F42: 774.76 | G42: 389 | H42: 15215.76 | I42: 10522 | J42: 35965.82 | K42: 104674 | L42: 407652.07 | M42: =C42+E42+G42+I42+K42 -> 115612 | N42: =D42+F42+H42+J42+L42 -> 459608.41
B43: RRBs - SUB TOTAL | C43: =C42 -> 0 | D43: =D42 -> 0 | E43: =E42 -> 27 | F43: =F42 -> 774.76 | G43: =G42 -> 389 | H43: =H42 -> 15215.76 | I43: =I42 -> 10522 | J43: =J42 -> 35965.82 | ... N43: =N42 -> 459608.41
A44: 35 | B44: DCCB & Apex Bank | C44: 0 | D44: 0 | E44: 0 | F44: 0 | G44: 0 | H44: 0 | I44: 22491 | J44: 37975.55 | K44: 25207 | L44: 84114.17 | M44: =C44+E44+G44+I44+K44 -> 47698 | N44: =D44+F44+H44+J44+L44 -> 122089.72
B45: CO-OPERATIVE BANK - SUB TOTAL | C45: =C44 -> 0 | D45: =D44 -> 0 | E45: =E44 -> 0 | F45: =F44 -> 0 | G45: =G44 -> 0 | H45: =H44 -> 0 | I45: =I44 -> 22491 | J45: =J44 -> 37975.55 | ... L45: =L44 -> 84114.17 | M45: =C45+E45+G45+I45+K45 -> 47698 | N45: =D45+F45+H45+J45+L45 -> 122089.72
A46: 36 | B46: AU Small Finance Bank | C46: 0 | D46: 0 | E46: 0 | F46: 0 | G46: 4585 | H46: 64419.61 | I46: 1245 | J46: 700.56 | K46: 133943 | L46: =2+432502.07 -> 432504.07 | M46: =C46+E46+G46+I46+K46 -> 139773 | N46: =D46+F46+H46+J46+L46 -> 497624.24
A47: 37 | B47: Equitas Small Finance Bank | C47: 0 | D47: 0 | E47: 0 | F47: 0 | G47: 133 | H47: 1758.96 | I47: 0 | J47: 0 | K47: 13422 | L47: 42652.36 | M47: =C47+E47+G47+I47+K47 -> 13555 | N47: =D47+F47+H47+J47+L47 -> 44411.32
A48: 38 | B48: ESAF | C48: 0 | D48: 0 | E48: 0 | F48: 0 | G48: 0 | H48: 0 | I48: 0 | J48: 0 | K48: 6542 | L48: 15808.53 | M48: =C48+E48+G48+I48+K48 -> 6542 | N48: =D48+F48+H48+J48+L48 -> 15808.53
A49: 39 | B49: Jana Small Finance Bank | C49: 0 | D49: 0 | E49: 0 | F49: 0 | G49: 595 | H49: 7061.87 | I49: 0 | J49: 0 | K49: 40883 | L49: 35075.5 | M49: =C49+E49+G49+I49+K49 -> 41478 | N49: =D49+F49+H49+J49+L49 -> 42137.37
A50: 40 | B50: Shivalik Small Finance Bank | C50: 0 | D50: 0 | E50: 1 | F50: 21.98 | G50: 79 | H50: 1442.94 | I50: 226 | J50: 1921.2 | K50: 994 | L50: 3901.48 | M50: =C50+E50+G50+I50+K50 -> 1300 | N50: =D50+F50+H50+J50+L50 -> 7287.6
A51: 41 | B51: Suryoday Small Finance Bank | C51: 0 | D51: 0 | E51: 0 | F51: 0 | G51: 712 | H51: 4689.05 | I51: 4182 | J51: 2623.49 | K51: 17848 | L51: 18101.33 | M51: =C51+E51+G51+I51+K51 -> 22742 | N51: =D51+F51+H51+J51+L51 -> 25413.87
A52: 42 | B52: Ujjivan Small Finance Bank | C52: 0 | D52: 0 | E52: 0 | F52: 0 | G52: 2052 | H52: 24662.33 | I52: 16 | J52: 9.79 | K52: 2782 | L52: 5081.28 | M52: =C52+E52+G52+I52+K52 -> 4850 | N52: =D52+F52+H52+J52+L52 -> 29753.4
A53: 43 | B53: Utkarsh Small Finance Bank | C53: 0 | D53: 0 | E53: 0 | F53: 0 | G53: 0 | H53: 0 | I53: 0 | J53: 0 | K53: 15624 | L53: =27+14180.5 -> 14207.5 | M53: =C53+E53+G53+I53+K53 -> 15624 | N53: =D53+F53+H53+J53+L53 -> 14207.5
B54: SMALL FINANCE BANK SUB TOTAL | C54: =SUM(C46:C53) -> 0 | D54: =SUM(D46:D53) -> 0 | E54: =SUM(E46:E53) -> 1 | F54: =SUM(F46:F53) -> 21.98 | G54: =SUM(G46:G53) -> 8156 | H54: =SUM(H46:H53) -> 104034.76 | I54: =SUM(I46:I53) -> 5669 | J54: =SUM(J46:J53) -> 5255.04 | ... N54: =SUM(N46:N53) -> 676643.83
B55: TOTAL | C55: =C54+C45+C43+C41 -> 12188 | D55: =D54+D45+D43+D41 -> 428499.05 | E55: =E54+E45+E43+E41 -> 13324 | F55: =F54+F45+F43+F41 -> 221076.39 | G55: =G54+G45+G43+G41 -> 273302 | H55: =H54+H45+H43+H41 -> 4960350.5 | I55: =I54+I45+I43+I41 -> 1031561 | J55: =J54+J45+J43+J41 -> 2922652.3 | ... N55: =N54+N45+N43+N41 -> 27675867
H56: Page-96

Sheet ACP_Agri_9(i)
A1: ANNUAL CREDIT PLAN ACHIEVEMENT UNDER AGRICULTURE AS ON 30.06.2026
B2: Amt. in Lakhs | I2: Table: 9(i)
A3: Sr. | B3: Banks | C3: FARM CREDIT | G3: Achievement % (Amt.) | H3: CROP LOANS (Out of Farm Credit) | L3: Achievement % (Amt.)
C4: TARGET | E4: ACHIVEMENT | H4: TARGET | J4: ACHIVEMENT
C5: Number | D5: Amount | E5: Number | F5: Amount | H5: Number | I5: Amount | J5: Number | K5: Amount
A6: 1 | B6: Bank of Baroda | C6: 135697 | D6: 342217 | E6: 33809 | F6: 97428.63 | G6: =F6*100/D6 -> 28.469839 | H6: 97958 | I6: 252439 | J6: 25615 | K6: 73485.96 | L6: =K6*100/I6 -> 29.110383
A7: 2 | B7: Bank of India | C7: 643606 | D7: 1421995 | E7: 216507 | F7: 571414.78 | G7: =F7*100/D7 -> 40.184022 | H7: 444958 | I7: 841271 | J7: 153897 | K7: 405478.54 | L7: =K7*100/I7 -> 48.198326
A8: 3 | B8: Bank of Maharashtra | C8: 46023 | D8: 89212 | E8: 17586 | F8: 55896.95 | G8: =F8*100/D8 -> 62.656313 | H8: 24180 | I8: 70254 | J8: 12598 | K8: 30818.12 | L8: =K8*100/I8 -> 43.866712
A9: 4 | B9: Canara Bank | C9: 122305 | D9: 345300 | E9: 32340 | F9: 90846 | G9: =F9*100/D9 -> 26.309296 | H9: 114853 | I9: 333069 | J9: 31138 | K9: 88432.18 | L9: =K9*100/I9 -> 26.550709
A10: 5 | B10: Central Bank of India | C10: 722900 | D10: 959941 | E10: 178094 | F10: 330693.86 | G10: =F10*100/D10 -> 34.449394 | H10: 358847 | I10: 422929 | J10: 74697 | K10: 141458.24 | L10: =K10*100/I10 -> 33.447278
A11: 6 | B11: Indian Bank | C11: 104488 | D11: 185702 | E11: 14424 | F11: 28146.82 | G11: =F11*100/D11 -> 15.156983 | H11: 94977 | I11: 173485 | J11: 13399 | K11: 26223.43 | L11: =K11*100/I11 -> 15.115676
A12: 7 | B12: Indian Overseas Bank | C12: 12271 | D12: 31656 | E12: 2627 | F12: 12543.37 | G12: =F12*100/D12 -> 39.623989 | H12: 6786 | I12: 16962 | J12: 1860 | K12: 8790.26 | L12: =K12*100/I12 -> 51.823252
A13: 8 | B13: Punjab and Sind Bank | C13: 6163 | D13: 17520 | E13: 982 | F13: 2673.28 | G13: =F13*100/D13 -> 15.258447 | H13: 3874 | I13: 7500 | J13: 554 | K13: 1112.32 | L13: =K13*100/I13 -> 14.830933
A14: 9 | B14: Punjab National Bank | C14: 122113 | D14: 407326 | E14: 45393 | F14: 132945.85 | G14: =F14*100/D14 -> 32.638685 | H14: 109461 | I14: 382933 | J14: 41349 | K14: 125162 | L14: =K14*100/I14 -> 32.685091
A15: 10 | B15: State Bank of India | C15: 615342 | D15: 1506643 | E15: 188785 | F15: 505670.89 | G15: =F15*100/D15 -> 33.562754 | H15: 488627 | I15: 1072590 | J15: 150919 | K15: 360003.43 | L15: =K15*100/I15 -> 33.563937
A16: 11 | B16: UCO Bank | C16: 18240 | D16: 43709 | E16: 27699 | F16: 49423.33 | G16: =F16*100/D16 -> 113.07358 | H16: 15121 | I16: 34843 | J16: 25744 | K16: 37821.22 | L16: =K16*100/I16 -> 108.54754
A17: 12 | B17: Union Bank of India | C17: 264871 | D17: 566968 | E17: 53863 | F17: 131560 | G17: =F17*100/D17 -> 23.204131 | H17: 233356 | I17: 502410 | J17: 48961 | K17: 131560.68 | L17: =K17*100/I17 -> 26.18592
B18: PSBs - SUB TOTAL | C18: 2814019 | D18: 5918189 | E18: =SUM(E6:E17) -> 812109 | F18: =SUM(F6:F17) -> 2009243.8 | G18: =F18*100/D18 -> 33.950314 | H18: 1992998 | I18: 4110685 | J18: =SUM(J6:J17) -> 580731 | K18: =SUM(K6:K17) -> 1430346.4 | L18: =K18*100/I18 -> 34.795816
A19: 13 | B19: Axis Bank | C19: 105461 | D19: 152884 | E19: 43127 | F19: 49363.21 | G19: =F19*100/D19 -> 32.288016 | H19: 53788 | I19: 109294 | J19: 21748 | K19: 21899.43 | L19: =K19*100/I19 -> 20.037175
A20: 14 | B20: Bandhan Bank | C20: 82889 | D20: 75608 | E20: 29307 | F20: 26736.09 | G20: =F20*100/D20 -> 35.361456 | H20: 2980 | I20: 9259 | J20: 119 | K20: 1633.24 | L20: =K20*100/I20 -> 17.639486
A21: 15 | B21: Catholic Syrian Bank | C21: 1574 | D21: 6561 | E21: 476 | F21: 2315.26 | G21: =F21*100/D21 -> 35.288218 | H21: 2 | I21: 4 | J21: 0 | K21: 0 | L21: 0
A22: 16 | B22: City Union Bank | C22: 743 | D22: 905 | E22: 84 | F22: 68.14 | G22: =F22*100/D22 -> 7.5292818 | H22: 650 | I22: 719 | J22: 84 | K22: 68.14 | L22: =K22*100/I22 -> 9.4770515
A23: 17 | B23: Development Credit Bank | C23: 27542 | D23: 99396 | E23: 15456 | F23: 35485.47 | G23: =F23*100/D23 -> 35.701105 | H23: 15155 | I23: 72023 | J23: 13365 | K23: 27083.42 | L23: =K23*100/I23 -> 37.603849
A24: 18 | B24: Dhan Lakshmi Bank | C24: 4 | D24: 56 | E24: 0 | F24: 0 | G24: =F24*100/D24 -> 0 | H24: 4 | I24: 56 | J24: 0 | K24: 0 | L24: 0
A25: 19 | B25: Federal Bank Ltd. | C25: 10178 | D25: 43691 | E25: 2752 | F25: 11173.03 | G25: =F25*100/D25 -> 25.572841 | H25: 9923 | I25: 42618 | J25: 2734 | K25: 10873.68 | L25: =K25*100/I25 -> 25.51429
A26: 20 | B26: HDFC Bank | C26: 218218 | D26: 828637 | E26: 60018 | F26: 156325.24 | G26: =F26*100/D26 -> 18.865346 | H26: 68319 | I26: 291719 | J26: 21809 | K26: 60036.73 | L26: =K26*100/I26 -> 20.580329
A27: 21 | B27: ICICI Bank | C27: 166044 | D27: 537219 | E27: 24449 | F27: 105755.27 | G27: =F27*100/D27 -> 19.685691 | H27: 67228 | I27: 179677 | J27: 14734 | K27: 70498.89 | L27: =K27*100/I27 -> 39.236458
A28: 22 | B28: IDBI Bank | C28: 31087 | D28: 67767 | E28: 8372 | F28: 26541.48 | G28: =F28*100/D28 -> 39.165789 | H28: 27930 | I28: 62504 | J28: 6738 | K28: 20109.95 | L28: =K28*100/I28 -> 32.173861
A29: 23 | B29: IDFC First Bank | C29: 93782 | D29: 204672 | E29: 85806 | F29: 122817.03 | G29: =F29*100/D29 -> 60.006757 | H29: 10533 | I29: 112937 | J29: 4094 | K29: 26108.67 | L29: =K29*100/I29 -> 23.117906
A30: 24 | B30: Indusind Bank Limited | C30: 254191 | D30: 292796 | E30: 47782 | F30: 65795.42 | G30: =F30*100/D30 -> 22.47142 | H30: 84049 | I30: 156374 | J30: 16802 | K30: 28145.25 | L30: =K30*100/I30 -> 17.998676
A31: 25 | B31: Jammu and Kashmir Bank | C31: 0 | D31: 0 | E31: 0 | F31: 0 | G31: 0 | H31: 0 | I31: 0 | J31: 0 | K31: 0 | L31: 0
A32: 26 | B32: Karnataka Bank Limited | C32: 325 | D32: 1102 | E32: 111 | F32: 273.34 | G32: =F32*100/D32 -> 24.803993 | H32: 320 | I32: 1100 | J32: 108 | K32: 249.07 | L32: =K32*100/I32 -> 22.642727
A33: 27 | B33: Karur Vysya Bank Ltd. | C33: 5 | D33: 0 | E33: 0 | F33: 0 | G33: 0 | H33: 1 | I33: 0 | J33: 0 | K33: 0 | L33: 0
A34: 28 | B34: Kotak Mahindra Bank | C34: 162285 | D34: 209434 | E34: 12858 | F34: 39856.22 | G34: =F34*100/D34 -> 19.030444 | H34: 1897 | I34: 2230 | J34: 197 | K34: 2372.49 | L34: =K34*100/I34 -> 106.38969
A35: 29 | B35: Lakshmi Vilas Bank | C35: 35539 | D35: 31833 | E35: 12663 | F35: 6692.76 | G35: =F35*100/D35 -> 21.024597 | H35: 22110 | I35: 31785 | J35: 12663 | K35: 6692.76 | L35: 0
A36: 30 | B36: Ratnakar Bank Ltd. (RBL) | C36: 76418 | D36: 67994 | E36: 15670 | F36: 13510.43 | G36: =F36*100/D36 -> 19.870033 | H36: 6831 | I36: 11307 | J36: 655 | K36: 1891.66 | L36: =K36*100/I36 -> 16.72999
A37: 31 | B37: South Indian Bank | C37: 784 | D37: 2120 | E37: 0 | F37: 0 | G37: =F37*100/D37 -> 0 | H37: 784 | I37: 2120 | J37: 0 | K37: 0 | L37: =K37*100/I37 -> 0
A38: 32 | B38: Tamilnadu Mercantile Bank | C38: 856 | D38: 2371 | E38: 231 | F38: 610.82 | G38: =F38*100/D38 -> 25.762126 | H38: 733 | I38: 2152 | J38: 0 | K38: 0 | L38: =K38*100/I38 -> 0
A39: 33 | B39: Yes Bank | C39: 68096 | D39: 85186 | E39: 12916 | F39: 15982.77 | G39: =F39*100/D39 -> 18.762203 | H39: 7303 | I39: 36715 | J39: 2212 | K39: 6678.55 | L39: =K39*100/I39 -> 18.190249
B40: PRIVATE BANK - SUB TOTAL | C40: 1336021 | D40: 2710232 | E40: =SUM(E19:E39) -> 372078 | F40: =SUM(F19:F39) -> 679301.98 | G40: =F40*100/D40 -> 25.064348 | H40: 380540 | I40: 1124593 | J40: =SUM(J19:J39) -> 118062 | K40: =SUM(K19:K39) -> 284341.93 | L40: =K40*100/I40 -> 25.283985
B41: COMMERCIAL BANKS SUB TOTAL | C41: 4150040 | D41: 8628421 | E41: =E40+E18 -> 1184187 | F41: =F40+F18 -> 2688545.7 | G41: =F41*100/D41 -> 31.159186 | H41: 2373538 | I41: 5235278 | J41: =J40+J18 -> 698793 | K41: =K40+K18 -> 1714688.3 | L41: =K41*100/I41 -> 32.752574
A42: 34 | B42: MPGB | C42: 749366 | D42: 1105162 | E42: 288642 | F42: 446864.57 | G42: =F42*100/D42 -> 40.434305 | H42: 675051 | I42: 954921 | J42: 271862 | K42: 391191.29 | L42: =K42*100/I42 -> 40.965828
B43: RRBs - SUB TOTAL | C43: 749366 | D43: 1105162 | E43: =SUM(E42:E42) -> 288642 | F43: =SUM(F42:F42) -> 446864.57 | G43: =F43*100/D43 -> 40.434305 | H43: 675051 | I43: 954921 | J43: =SUM(J42:J42) -> 271862 | K43: =SUM(K42:K42) -> 391191.29 | L43: =K43*100/I43 -> 40.965828
A44: 35 | B44: DCCB & Apex Bank | C44: 3223205 | D44: 2724366 | E44: 1556560 | F44: 1225456.7 | G44: =F44*100/D44 -> 44.981352 | H44: 3183866 | I44: 2661478 | J44: 1556224 | K44: 1221931.2 | L44: =K44*100/I44 -> 45.911752
B45: CO-OPERATIVE BANK - SUB TOTAL | C45: 3223205 | D45: 2724366 | E45: =E44 -> 1556560 | F45: =F44 -> 1225456.7 | G45: =F45*100/D45 -> 44.981352 | H45: 3183866 | I45: 2661478 | J45: =J44 -> 1556224 | K45: =K44 -> 1221931.2 | L45: =K45*100/I45 -> 45.911752
A46: 36 | B46: AU Small Finance Bank | C46: 150608 | D46: 166857 | E46: 34458 | F46: 43512.17 | G46: =F46*100/D46 -> 26.077521 | H46: 1823 | I46: 1950 | J46: 0 | K46: 0 | L46: =K46*100/I46 -> 0
A47: 37 | B47: Equitas Small Finance Bank | C47: 23834 | D47: 15479 | E47: 11966 | F47: 7388.18 | G47: =F47*100/D47 -> 47.730344 | H47: 1046 | I47: 1230 | J47: 0 | K47: 0 | L47: =K47*100/I47 -> 0
A48: 38 | B48: ESAF | C48: 41541 | D48: 116517 | E48: 13209 | F48: 19909.18 | G48: =F48*100/D48 -> 17.086932 | H48: 851 | I48: 956 | J48: 0 | K48: 0 | L48: =K48*100/I48 -> 0
A49: 39 | B49: Jana Small Finance Bank | C49: 84291 | D49: 61015 | E49: 31112 | F49: 26366.91 | G49: =F49*100/D49 -> 43.213816 | H49: 1060 | I49: 1366 | J49: 0 | K49: 0 | L49: =K49*100/I49 -> 0
A50: 40 | B50: Shivalik Small Finance Bank | C50: 674 | D50: 2335 | E50: 2 | F50: 2.72 | G50: =F50*100/D50 -> 0.11648822 | H50: 674 | I50: 2335 | J50: 2 | K50: 2.72 | L50: 0
A51: 41 | B51: Suryoday Small Finance Bank | C51: 55251 | D51: 39840 | E51: 11188 | F51: 8153.4 | G51: =F51*100/D51 -> 20.465361 | H51: 527 | I51: 620 | J51: 0 | K51: 0 | L51: =K51*100/I51 -> 0
A52: 42 | B52: Ujjivan Small Finance Bank | C52: 18038 | D52: 12120 | E52: 4355 | F52: 3011.01 | G52: =F52*100/D52 -> 24.843317 | H52: 0 | I52: 0 | J52: 0 | K52: 0 | L52: 0
A53: 43 | B53: Utkarsh Small Finance Bank | C53: 22699 | D53: 14466 | E53: 5740 | F53: 3074.94 | G53: =F53*100/D53 -> 21.256325 | H53: 3048 | I53: 3646 | J53: 0 | K53: 0 | L53: =K53*100/I53 -> 0
B54: SMALL FINANCE BANK SUB TOTAL | C54: 396936 | D54: 428629 | E54: =SUM(E46:E53) -> 112030 | F54: =SUM(F46:F53) -> 111418.51 | G54: =F54*100/D54 -> 25.99416 | H54: 9029 | I54: 12103 | J54: =SUM(J46:J53) -> 2 | K54: =SUM(K46:K53) -> 2.72 | L54: =K54*100/I54 -> 0.022473767
B55: TOTAL | C55: 8519547 | D55: 12886578 | E55: =E54+E45+E43+E41 -> 3141419 | F55: =F54+F45+F43+F41 -> 4472285.5 | G55: =F55*100/D55 -> 34.704989 | H55: 6241484 | I55: 8863780 | J55: =J54+J45+J43+J41 -> 2526881 | K55: =K54+K45+K43+K41 -> 3327813.5 | L55: =K55*100/I55 -> 37.543954
E56: Page-97

Sheet ACP_Agri_9(ii)
A1: ANNUAL CREDIT PLAN ACHIEVEMENT UNDER AGRICULTURE AS ON 30.06.2026
B2: Amt. in Lakhs | F2: No. in actual | I2: TABLE: 9(ii)
A3: Sr. | B3: Banks | C3: AGRI INFRASTRUCTURE | H3: ANCILLARY ACTIVITIES | M3: TOTAL AGRICULTURE (Farm Credit+Agri Infr+Anci Acti)
C4: TARGET | E4: ACHIVEMENT | G4: Achievement % (Amt.) | H4: TARGET | J4: ACHIVEMENT | L4: Achievement % (Amt.) | M4: TARGET | O4: ACHIVEMENT | Q4: Achievement % (Amt.)
C5: No. | D5: Amt. | E5: No. | F5: Amt. | H5: No. | I5: Amt. | J5: No. | K5: Amt. | M5: No. | N5: Amt. | O5: No. | P5: Amt.
A6: 1 | B6: Bank of Baroda | C6: 1602 | D6: 13258 | E6: 365 | F6: 1903.8 | G6: =F6*100/D6 -> 14.359632 | H6: 2413 | I6: 184646 | J6: 1067 | K6: 104446.08 | L6: =K6*100/I6 -> 56.56558 | M6: ='ACP_Agri_9(i)'!C6+'ACP_Agri_9(ii)'!C6+'ACP_Agri_9(ii)'!H6 -> 139712 | N6: ='ACP_Agri_9(i)'!D6+'ACP_Agri_9(ii)'!D6+'ACP_Agri_9(ii)'!I6 -> 540121 | O6: ='ACP_Agri_9(i)'!E6+'ACP_Agri_9(ii)'!E6+'ACP_Agri_9(ii)'!J6 -> 35241 | P6: ='ACP_Agri_9(i)'!F6+'ACP_Agri_9(ii)'!F6+'ACP_Agri_9(ii)'!K6 -> 203778.51 | Q6: =P6*100/N6 -> 37.728307
A7: 2 | B7: Bank of India | C7: 217 | D7: 11180 | E7: 65 | F7: 1175.63 | G7: =F7*100/D7 -> 10.515474 | H7: 16645 | I7: 101494 | J7: 6191 | K7: 41574.48 | L7: =K7*100/I7 -> 40.9625 | M7: ='ACP_Agri_9(i)'!C7+'ACP_Agri_9(ii)'!C7+'ACP_Agri_9(ii)'!H7 -> 660468 | N7: ='ACP_Agri_9(i)'!D7+'ACP_Agri_9(ii)'!D7+'ACP_Agri_9(ii)'!I7 -> 1534669 | O7: ='ACP_Agri_9(i)'!E7+'ACP_Agri_9(ii)'!E7+'ACP_Agri_9(ii)'!J7 -> 222763 | P7: ='ACP_Agri_9(i)'!F7+'ACP_Agri_9(ii)'!F7+'ACP_Agri_9(ii)'!K7 -> 614164.89 | Q7: =P7*100/N7 -> 40.019372
A8: 3 | B8: Bank of Maharashtra | C8: 870 | D8: 8508 | E8: 213 | F8: 2414.92 | G8: =F8*100/D8 -> 28.384109 | H8: 38648 | I8: 107025 | J8: 6998 | K8: 62651.99 | L8: =K8*100/I8 -> 58.539584 | M8: ='ACP_Agri_9(i)'!C8+'ACP_Agri_9(ii)'!C8+'ACP_Agri_9(ii)'!H8 -> 85541 | N8: ='ACP_Agri_9(i)'!D8+'ACP_Agri_9(ii)'!D8+'ACP_Agri_9(ii)'!I8 -> 204745 | O8: ='ACP_Agri_9(i)'!E8+'ACP_Agri_9(ii)'!E8+'ACP_Agri_9(ii)'!J8 -> 24797 | P8: ='ACP_Agri_9(i)'!F8+'ACP_Agri_9(ii)'!F8+'ACP_Agri_9(ii)'!K8 -> 120963.86 | Q8: =P8*100/N8 -> 59.080251
A9: 4 | B9: Canara Bank | C9: 307 | D9: 23376 | E9: 29 | F9: 2036.73 | G9: =F9*100/D9 -> 8.7129107 | H9: 1800 | I9: 24600 | J9: 182 | K9: 3788.67 | L9: =K9*100/I9 -> 15.401098 | M9: ='ACP_Agri_9(i)'!C9+'ACP_Agri_9(ii)'!C9+'ACP_Agri_9(ii)'!H9 -> 124412 | N9: ='ACP_Agri_9(i)'!D9+'ACP_Agri_9(ii)'!D9+'ACP_Agri_9(ii)'!I9 -> 393276 | O9: ='ACP_Agri_9(i)'!E9+'ACP_Agri_9(ii)'!E9+'ACP_Agri_9(ii)'!J9 -> 32551 | P9: ='ACP_Agri_9(i)'!F9+'ACP_Agri_9(ii)'!F9+'ACP_Agri_9(ii)'!K9 -> 96671.4 | Q9: =P9*100/N9 -> 24.581058
A10: 5 | B10: Central Bank of India | C10: 663 | D10: 31589 | E10: 137 | F10: 5171.2 | G10: =F10*100/D10 -> 16.370255 | H10: 1886 | I10: 67444 | J10: 626 | K10: 39367.7 | L10: =K10*100/I10 -> 58.370945 | M10: ='ACP_Agri_9(i)'!C10+'ACP_Agri_9(ii)'!C10+'ACP_Agri_9(ii)'!H10 -> 725449 | N10: ='ACP_Agri_9(i)'!D10+'ACP_Agri_9(ii)'!D10+'ACP_Agri_9(ii)'!I10 -> 1058974 | O10: ='ACP_Agri_9(i)'!E10+'ACP_Agri_9(ii)'!E10+'ACP_Agri_9(ii)'!J10 -> 178857 | P10: ='ACP_Agri_9(i)'!F10+'ACP_Agri_9(ii)'!F10+'ACP_Agri_9(ii)'!K10 -> 375232.76 | Q10: =P10*100/N10 -> 35.433614
A11: 6 | B11: Indian Bank | C11: 605 | D11: 4021 | E11: 63 | F11: 315.01 | G11: =F11*100/D11 -> 7.8341209 | H11: 359 | I11: 86711 | J11: 153 | K11: 19135.89 | L11: =K11*100/I11 -> 22.068584 | M11: ='ACP_Agri_9(i)'!C11+'ACP_Agri_9(ii)'!C11+'ACP_Agri_9(ii)'!H11 -> 105452 | N11: ='ACP_Agri_9(i)'!D11+'ACP_Agri_9(ii)'!D11+'ACP_Agri_9(ii)'!I11 -> 276434 | O11: ='ACP_Agri_9(i)'!E11+'ACP_Agri_9(ii)'!E11+'ACP_Agri_9(ii)'!J11 -> 14640 | P11: ='ACP_Agri_9(i)'!F11+'ACP_Agri_9(ii)'!F11+'ACP_Agri_9(ii)'!K11 -> 47597.72 | Q11: =P11*100/N11 -> 17.218475
A12: 7 | B12: Indian Overseas Bank | C12: 92 | D12: 453 | E12: 7 | F12: 69.5 | G12: =F12*100/D12 -> 15.342163 | H12: 155 | I12: 2607 | J12: 71 | K12: 18987.67 | L12: =K12*100/I12 -> 728.3341 | M12: ='ACP_Agri_9(i)'!C12+'ACP_Agri_9(ii)'!C12+'ACP_Agri_9(ii)'!H12 -> 12518 | N12: ='ACP_Agri_9(i)'!D12+'ACP_Agri_9(ii)'!D12+'ACP_Agri_9(ii)'!I12 -> 34716 | O12: ='ACP_Agri_9(i)'!E12+'ACP_Agri_9(ii)'!E12+'ACP_Agri_9(ii)'!J12 -> 2705 | P12: ='ACP_Agri_9(i)'!F12+'ACP_Agri_9(ii)'!F12+'ACP_Agri_9(ii)'!K12 -> 31600.54 | Q12: =P12*100/N12 -> 91.025867
A13: 8 | B13: Punjab and Sind Bank | C13: 13 | D13: 566 | E13: 3 | F13: 298.9 | G13: =F13*100/D13 -> 52.809187 | H13: 421 | I13: 6597 | J13: 46 | K13: 2439.58 | L13: =K13*100/I13 -> 36.980142 | M13: ='ACP_Agri_9(i)'!C13+'ACP_Agri_9(ii)'!C13+'ACP_Agri_9(ii)'!H13 -> 6597 | N13: ='ACP_Agri_9(i)'!D13+'ACP_Agri_9(ii)'!D13+'ACP_Agri_9(ii)'!I13 -> 24683 | O13: ='ACP_Agri_9(i)'!E13+'ACP_Agri_9(ii)'!E13+'ACP_Agri_9(ii)'!J13 -> 1031 | P13: ='ACP_Agri_9(i)'!F13+'ACP_Agri_9(ii)'!F13+'ACP_Agri_9(ii)'!K13 -> 5411.76 | Q13: =P13*100/N13 -> 21.92505
A14: 9 | B14: Punjab National Bank | C14: 530 | D14: 7837 | E14: 27 | F14: 2315.65 | G14: =F14*100/D14 -> 29.547659 | H14: 876 | I14: 161792 | J14: 212 | K14: 30195.79 | L14: =K14*100/I14 -> 18.663339 | M14: ='ACP_Agri_9(i)'!C14+'ACP_Agri_9(ii)'!C14+'ACP_Agri_9(ii)'!H14 -> 123519 | N14: ='ACP_Agri_9(i)'!D14+'ACP_Agri_9(ii)'!D14+'ACP_Agri_9(ii)'!I14 -> 576955 | O14: ='ACP_Agri_9(i)'!E14+'ACP_Agri_9(ii)'!E14+'ACP_Agri_9(ii)'!J14 -> 45632 | P14: ='ACP_Agri_9(i)'!F14+'ACP_Agri_9(ii)'!F14+'ACP_Agri_9(ii)'!K14 -> 165457.29 | Q14: =P14*100/N14 -> 28.677677
A15: 10 | B15: State Bank of India | C15: 197 | D15: 13786 | E15: 508 | F15: 8494.39 | G15: =F15*100/D15 -> 61.61606 | H15: 13604 | I15: 391601 | J15: 6262 | K15: 222612 | L15: =K15*100/I15 -> 56.846637 | M15: ='ACP_Agri_9(i)'!C15+'ACP_Agri_9(ii)'!C15+'ACP_Agri_9(ii)'!H15 -> 629143 | N15: ='ACP_Agri_9(i)'!D15+'ACP_Agri_9(ii)'!D15+'ACP_Agri_9(ii)'!I15 -> 1912030 | O15: ='ACP_Agri_9(i)'!E15+'ACP_Agri_9(ii)'!E15+'ACP_Agri_9(ii)'!J15 -> 195555 | P15: ='ACP_Agri_9(i)'!F15+'ACP_Agri_9(ii)'!F15+'ACP_Agri_9(ii)'!K15 -> 736777.28 | Q15: =P15*100/N15 -> 38.533772
A16: 11 | B16: UCO Bank | C16: 113 | D16: 7254 | E16: 74 | F16: 251.03 | G16: =F16*100/D16 -> 3.4605735 | H16: 331 | I16: 12401 | J16: 366 | K16: 7164.97 | L16: =K16*100/I16 -> 57.777357 | M16: ='ACP_Agri_9(i)'!C16+'ACP_Agri_9(ii)'!C16+'ACP_Agri_9(ii)'!H16 -> 18684 | N16: ='ACP_Agri_9(i)'!D16+'ACP_Agri_9(ii)'!D16+'ACP_Agri_9(ii)'!I16 -> 63364 | O16: ='ACP_Agri_9(i)'!E16+'ACP_Agri_9(ii)'!E16+'ACP_Agri_9(ii)'!J16 -> 28139 | P16: ='ACP_Agri_9(i)'!F16+'ACP_Agri_9(ii)'!F16+'ACP_Agri_9(ii)'!K16 -> 56839.33 | Q16: =P16*100/N16 -> 89.702875
A17: 12 | B17: Union Bank of India | C17: 142 | D17: 2874 | E17: 15 | F17: 625.7 | G17: =F17*100/D17 -> 21.771051 | H17: 2695 | I17: 208491 | J17: 753 | K17: 82117.94 | L17: =K17*100/I17 -> 39.386803 | M17: ='ACP_Agri_9(i)'!C17+'ACP_Agri_9(ii)'!C17+'ACP_Agri_9(ii)'!H17 -> 267708 | N17: ='ACP_Agri_9(i)'!D17+'ACP_Agri_9(ii)'!D17+'ACP_Agri_9(ii)'!I17 -> 778333 | O17: ='ACP_Agri_9(i)'!E17+'ACP_Agri_9(ii)'!E17+'ACP_Agri_9(ii)'!J17 -> 54631 | P17: ='ACP_Agri_9(i)'!F17+'ACP_Agri_9(ii)'!F17+'ACP_Agri_9(ii)'!K17 -> 214303.64 | Q17: =P17*100/N17 -> 27.53367
B18: PSBs - SUB TOTAL | C18: 5351 | D18: 124702 | E18: =SUM(E6:E17) -> 1506 | F18: =SUM(F6:F17) -> 25072.46 | G18: =F18*100/D18 -> 20.1059 | H18: 79833 | I18: 1355409 | J18: =SUM(J6:J17) -> 22927 | K18: =SUM(K6:K17) -> 634482.76 | L18: =K18*100/I18 -> 46.811166 | M18: ='ACP_Agri_9(i)'!C18+'ACP_Agri_9(ii)'!C18+'ACP_Agri_9(ii)'!H18 -> 2899203 | N18: ='ACP_Agri_9(i)'!D18+'ACP_Agri_9(ii)'!D18+'ACP_Agri_9(ii)'!I18 -> 7398300 | O18: ='ACP_Agri_9(i)'!E18+'ACP_Agri_9(ii)'!E18+'ACP_Agri_9(ii)'!J18 -> 836542 | P18: ='ACP_Agri_9(i)'!F18+'ACP_Agri_9(ii)'!F18+'ACP_Agri_9(ii)'!K18 -> 2668799 | Q18: =P18*100/N18 -> 36.073138
A19: 13 | B19: Axis Bank | C19: 29 | D19: 4614 | E19: 13 | F19: 4684.68 | G19: =F19*100/D19 -> 101.53186 | H19: 3114 | I19: 446844 | J19: 1312 | K19: 247998.56 | L19: =K19*100/I19 -> 55.500031 | M19: ='ACP_Agri_9(i)'!C19+'ACP_Agri_9(ii)'!C19+'ACP_Agri_9(ii)'!H19 -> 108604 | N19: ='ACP_Agri_9(i)'!D19+'ACP_Agri_9(ii)'!D19+'ACP_Agri_9(ii)'!I19 -> 604342 | O19: ='ACP_Agri_9(i)'!E19+'ACP_Agri_9(ii)'!E19+'ACP_Agri_9(ii)'!J19 -> 44452 | P19: ='ACP_Agri_9(i)'!F19+'ACP_Agri_9(ii)'!F19+'ACP_Agri_9(ii)'!K19 -> 302046.45 | Q19: =P19*100/N19 -> 49.979391
A20: 14 | B20: Bandhan Bank | C20: 924 | D20: 3272 | E20: 0 | F20: 0 | G20: =F20*100/D20 -> 0 | H20: 18117 | I20: 30913 | J20: 649 | K20: 2401 | L20: =K20*100/I20 -> 7.7669589 | M20: ='ACP_Agri_9(i)'!C20+'ACP_Agri_9(ii)'!C20+'ACP_Agri_9(ii)'!H20 -> 101930 | N20: ='ACP_Agri_9(i)'!D20+'ACP_Agri_9(ii)'!D20+'ACP_Agri_9(ii)'!I20 -> 109793 | O20: ='ACP_Agri_9(i)'!E20+'ACP_Agri_9(ii)'!E20+'ACP_Agri_9(ii)'!J20 -> 29956 | P20: ='ACP_Agri_9(i)'!F20+'ACP_Agri_9(ii)'!F20+'ACP_Agri_9(ii)'!K20 -> 29137.09 | Q20: =P20*100/N20 -> 26.538204
A21: 15 | B21: Catholic Syrian Bank | C21: 0 | D21: 0 | E21: 0 | F21: 0 | G21: 0 | H21: 43 | I21: 286 | J21: 0 | K21: 0 | L21: 0 | M21: ='ACP_Agri_9(i)'!C21+'ACP_Agri_9(ii)'!C21+'ACP_Agri_9(ii)'!H21 -> 1617 | N21: ='ACP_Agri_9(i)'!D21+'ACP_Agri_9(ii)'!D21+'ACP_Agri_9(ii)'!I21 -> 6847 | O21: ='ACP_Agri_9(i)'!E21+'ACP_Agri_9(ii)'!E21+'ACP_Agri_9(ii)'!J21 -> 476 | P21: ='ACP_Agri_9(i)'!F21+'ACP_Agri_9(ii)'!F21+'ACP_Agri_9(ii)'!K21 -> 2315.26 | Q21: =P21*100/N21 -> 33.814225
A22: 16 | B22: City Union Bank | C22: 1 | D22: 7 | E22: 0 | F22: 0 | G22: 0 | H22: 4 | I22: 217 | J22: 0 | K22: 0 | L22: 0 | M22: ='ACP_Agri_9(i)'!C22+'ACP_Agri_9(ii)'!C22+'ACP_Agri_9(ii)'!H22 -> 748 | N22: ='ACP_Agri_9(i)'!D22+'ACP_Agri_9(ii)'!D22+'ACP_Agri_9(ii)'!I22 -> 1129 | O22: ='ACP_Agri_9(i)'!E22+'ACP_Agri_9(ii)'!E22+'ACP_Agri_9(ii)'!J22 -> 84 | P22: ='ACP_Agri_9(i)'!F22+'ACP_Agri_9(ii)'!F22+'ACP_Agri_9(ii)'!K22 -> 68.14 | Q22: =P22*100/N22 -> 6.0354296
A23: 17 | B23: Development Credit Bank | C23: 0 | D23: 0 | E23: 0 | F23: 0 | G23: =F23*100/D23 -> #DIV/0! | H23: 2 | I23: 75 | J23: 1 | K23: 46 | L23: =K23*100/I23 -> 61.333333 | M23: ='ACP_Agri_9(i)'!C23+'ACP_Agri_9(ii)'!C23+'ACP_Agri_9(ii)'!H23 -> 27544 | N23: ='ACP_Agri_9(i)'!D23+'ACP_Agri_9(ii)'!D23+'ACP_Agri_9(ii)'!I23 -> 99471 | O23: ='ACP_Agri_9(i)'!E23+'ACP_Agri_9(ii)'!E23+'ACP_Agri_9(ii)'!J23 -> 15457 | P23: ='ACP_Agri_9(i)'!F23+'ACP_Agri_9(ii)'!F23+'ACP_Agri_9(ii)'!K23 -> 35531.47 | Q23: =P23*100/N23 -> 35.720431
A24: 18 | B24: Dhan Lakshmi Bank | C24: 0 | D24: 0 | E24: 0 | F24: 0 | G24: 0 | H24: 3 | I24: 20 | J24: 0 | K24: 0 | L24: 0 | M24: ='ACP_Agri_9(i)'!C24+'ACP_Agri_9(ii)'!C24+'ACP_Agri_9(ii)'!H24 -> 7 | N24: ='ACP_Agri_9(i)'!D24+'ACP_Agri_9(ii)'!D24+'ACP_Agri_9(ii)'!I24 -> 76 | O24: ='ACP_Agri_9(i)'!E24+'ACP_Agri_9(ii)'!E24+'ACP_Agri_9(ii)'!J24 -> 0 | P24: ='ACP_Agri_9(i)'!F24+'ACP_Agri_9(ii)'!F24+'ACP_Agri_9(ii)'!K24 -> 0 | Q24: =P24*100/N24 -> 0
A25: 19 | B25: Federal Bank Ltd. | C25: 5 | D25: 5543 | E25: 3 | F25: 1391.77 | G25: =F25*100/D25 -> 25.108605 | H25: 14 | I25: 2352 | J25: 9 | K25: 274.13 | L25: =K25*100/I25 -> 11.655187 | M25: ='ACP_Agri_9(i)'!C25+'ACP_Agri_9(ii)'!C25+'ACP_Agri_9(ii)'!H25 -> 10197 | N25: ='ACP_Agri_9(i)'!D25+'ACP_Agri_9(ii)'!D25+'ACP_Agri_9(ii)'!I25 -> 51586 | O25: ='ACP_Agri_9(i)'!E25+'ACP_Agri_9(ii)'!E25+'ACP_Agri_9(ii)'!J25 -> 2764 | P25: ='ACP_Agri_9(i)'!F25+'ACP_Agri_9(ii)'!F25+'ACP_Agri_9(ii)'!K25 -> 12838.93 | Q25: =P25*100/N25 -> 24.8884
A26: 20 | B26: HDFC Bank | C26: 179 | D26: 30953 | E26: 47 | F26: 6856.87 | G26: =F26*100/D26 -> 22.152522 | H26: 8990 | I26: 719070 | J26: 3651 | K26: 398733.89 | L26: =K26*100/I26 -> 55.451332 | M26: ='ACP_Agri_9(i)'!C26+'ACP_Agri_9(ii)'!C26+'ACP_Agri_9(ii)'!H26 -> 227387 | N26: ='ACP_Agri_9(i)'!D26+'ACP_Agri_9(ii)'!D26+'ACP_Agri_9(ii)'!I26 -> 1578660 | O26: ='ACP_Agri_9(i)'!E26+'ACP_Agri_9(ii)'!E26+'ACP_Agri_9(ii)'!J26 -> 63716 | P26: ='ACP_Agri_9(i)'!F26+'ACP_Agri_9(ii)'!F26+'ACP_Agri_9(ii)'!K26 -> 561916 | Q26: =P26*100/N26 -> 35.594492
A27: 21 | B27: ICICI Bank | C27: 26 | D27: 245 | E27: 0 | F27: 0 | G27: =F27*100/D27 -> 0 | H27: 3199 | I27: 405925 | J27: 3004 | K27: 313071.82 | L27: =K27*100/I27 -> 77.125533 | M27: ='ACP_Agri_9(i)'!C27+'ACP_Agri_9(ii)'!C27+'ACP_Agri_9(ii)'!H27 -> 169269 | N27: ='ACP_Agri_9(i)'!D27+'ACP_Agri_9(ii)'!D27+'ACP_Agri_9(ii)'!I27 -> 943389 | O27: ='ACP_Agri_9(i)'!E27+'ACP_Agri_9(ii)'!E27+'ACP_Agri_9(ii)'!J27 -> 27453 | P27: ='ACP_Agri_9(i)'!F27+'ACP_Agri_9(ii)'!F27+'ACP_Agri_9(ii)'!K27 -> 418827.09 | Q27: =P27*100/N27 -> 44.396012
A28: 22 | B28: IDBI Bank | C28: 32 | D28: 1043 | E28: 13 | F28: 370.67 | G28: =F28*100/D28 -> 35.53883 | H28: 898 | I28: 14751 | J28: 439 | K28: 11435.42 | L28: =K28*100/I28 -> 77.523015 | M28: ='ACP_Agri_9(i)'!C28+'ACP_Agri_9(ii)'!C28+'ACP_Agri_9(ii)'!H28 -> 32017 | N28: ='ACP_Agri_9(i)'!D28+'ACP_Agri_9(ii)'!D28+'ACP_Agri_9(ii)'!I28 -> 83561 | O28: ='ACP_Agri_9(i)'!E28+'ACP_Agri_9(ii)'!E28+'ACP_Agri_9(ii)'!J28 -> 8824 | P28: ='ACP_Agri_9(i)'!F28+'ACP_Agri_9(ii)'!F28+'ACP_Agri_9(ii)'!K28 -> 38347.57 | Q28: =P28*100/N28 -> 45.891708
A29: 23 | B29: IDFC First Bank | C29: 0 | D29: 0 | E29: 0 | F29: 0 | G29: =F29*100/D29 -> #DIV/0! | H29: 136 | I29: 24352 | J29: 126 | K29: 22823.35 | L29: =K29*100/I29 -> 93.722692 | M29: ='ACP_Agri_9(i)'!C29+'ACP_Agri_9(ii)'!C29+'ACP_Agri_9(ii)'!H29 -> 93918 | N29: ='ACP_Agri_9(i)'!D29+'ACP_Agri_9(ii)'!D29+'ACP_Agri_9(ii)'!I29 -> 229024 | O29: ='ACP_Agri_9(i)'!E29+'ACP_Agri_9(ii)'!E29+'ACP_Agri_9(ii)'!J29 -> 85932 | P29: ='ACP_Agri_9(i)'!F29+'ACP_Agri_9(ii)'!F29+'ACP_Agri_9(ii)'!K29 -> 145640.38 | Q29: =P29*100/N29 -> 63.591755
A30: 24 | B30: Indusind Bank Limited | C30: 7 | D30: 48 | E30: 0 | F30: 0 | G30: =F30*100/D30 -> 0 | H30: 48 | I30: 3873 | J30: 3 | K30: 547.41 | L30: =K30*100/I30 -> 14.134005 | M30: ='ACP_Agri_9(i)'!C30+'ACP_Agri_9(ii)'!C30+'ACP_Agri_9(ii)'!H30 -> 254246 | N30: ='ACP_Agri_9(i)'!D30+'ACP_Agri_9(ii)'!D30+'ACP_Agri_9(ii)'!I30 -> 296717 | O30: ='ACP_Agri_9(i)'!E30+'ACP_Agri_9(ii)'!E30+'ACP_Agri_9(ii)'!J30 -> 47785 | P30: ='ACP_Agri_9(i)'!F30+'ACP_Agri_9(ii)'!F30+'ACP_Agri_9(ii)'!K30 -> 66342.83 | Q30: =P30*100/N30 -> 22.358958
A31: 25 | B31: Jammu and Kashmir Bank | C31: 0 | D31: 0 | E31: 0 | F31: 0 | G31: 0 | H31: 0 | I31: 0 | J31: 0 | K31: 0 | L31: 0 | M31: ='ACP_Agri_9(i)'!C31+'ACP_Agri_9(ii)'!C31+'ACP_Agri_9(ii)'!H31 -> 0 | N31: ='ACP_Agri_9(i)'!D31+'ACP_Agri_9(ii)'!D31+'ACP_Agri_9(ii)'!I31 -> 0 | O31: ='ACP_Agri_9(i)'!E31+'ACP_Agri_9(ii)'!E31+'ACP_Agri_9(ii)'!J31 -> 0 | P31: ='ACP_Agri_9(i)'!F31+'ACP_Agri_9(ii)'!F31+'ACP_Agri_9(ii)'!K31 -> 0 | Q31: 0
A32: 26 | B32: Karnataka Bank Limited | C32: 0 | D32: 0 | E32: 0 | F32: 0 | G32: 0 | H32: 12 | I32: 2225 | J32: 6 | K32: 1752.79 | L32: =K32*100/I32 -> 78.777079 | M32: ='ACP_Agri_9(i)'!C32+'ACP_Agri_9(ii)'!C32+'ACP_Agri_9(ii)'!H32 -> 337 | N32: ='ACP_Agri_9(i)'!D32+'ACP_Agri_9(ii)'!D32+'ACP_Agri_9(ii)'!I32 -> 3327 | O32: ='ACP_Agri_9(i)'!E32+'ACP_Agri_9(ii)'!E32+'ACP_Agri_9(ii)'!J32 -> 117 | P32: ='ACP_Agri_9(i)'!F32+'ACP_Agri_9(ii)'!F32+'ACP_Agri_9(ii)'!K32 -> 2026.13 | Q32: =P32*100/N32 -> 60.899609
A33: 27 | B33: Karur Vysya Bank Ltd. | C33: 0 | D33: 0 | E33: 0 | F33: 0 | G33: 0 | H33: 0 | I33: 0 | J33: 0 | K33: 0 | L33: =K33*100/I33 -> #DIV/0! | M33: ='ACP_Agri_9(i)'!C33+'ACP_Agri_9(ii)'!C33+'ACP_Agri_9(ii)'!H33 -> 5 | N33: ='ACP_Agri_9(i)'!D33+'ACP_Agri_9(ii)'!D33+'ACP_Agri_9(ii)'!I33 -> 0 | O33: ='ACP_Agri_9(i)'!E33+'ACP_Agri_9(ii)'!E33+'ACP_Agri_9(ii)'!J33 -> 0 | P33: ='ACP_Agri_9(i)'!F33+'ACP_Agri_9(ii)'!F33+'ACP_Agri_9(ii)'!K33 -> 0 | Q33: =P33*100/N33 -> #DIV/0!
A34: 28 | B34: Kotak Mahindra Bank | C34: 17 | D34: 3465 | E34: 23 | F34: 299.33 | G34: =F34*100/D34 -> 8.6386724 | H34: 839 | I34: 246455 | J34: 447 | K34: 86201.44 | L34: =K34*100/I34 -> 34.976543 | M34: ='ACP_Agri_9(i)'!C34+'ACP_Agri_9(ii)'!C34+'ACP_Agri_9(ii)'!H34 -> 163141 | N34: ='ACP_Agri_9(i)'!D34+'ACP_Agri_9(ii)'!D34+'ACP_Agri_9(ii)'!I34 -> 459354 | O34: ='ACP_Agri_9(i)'!E34+'ACP_Agri_9(ii)'!E34+'ACP_Agri_9(ii)'!J34 -> 13328 | P34: ='ACP_Agri_9(i)'!F34+'ACP_Agri_9(ii)'!F34+'ACP_Agri_9(ii)'!K34 -> 126356.99 | Q34: =P34*100/N34 -> 27.507541
A35: 29 | B35: Lakshmi Vilas Bank | C35: 0 | D35: 0 | E35: 0 | F35: 0 | G35: 0 | H35: 0 | I35: 0 | J35: 0 | K35: 0 | L35: 0 | M35: ='ACP_Agri_9(i)'!C35+'ACP_Agri_9(ii)'!C35+'ACP_Agri_9(ii)'!H35 -> 35539 | N35: ='ACP_Agri_9(i)'!D35+'ACP_Agri_9(ii)'!D35+'ACP_Agri_9(ii)'!I35 -> 31833 | O35: ='ACP_Agri_9(i)'!E35+'ACP_Agri_9(ii)'!E35+'ACP_Agri_9(ii)'!J35 -> 12663 | P35: ='ACP_Agri_9(i)'!F35+'ACP_Agri_9(ii)'!F35+'ACP_Agri_9(ii)'!K35 -> 6692.76 | Q35: =P35*100/N35 -> 21.024597
A36: 30 | B36: Ratnakar Bank Ltd. (RBL) | C36: 0 | D36: 0 | E36: 0 | F36: 0 | G36: =F36*100/D36 -> #DIV/0! | H36: 18 | I36: 1751 | J36: 7 | K36: 497.44 | L36: =K36*100/I36 -> 28.408909 | M36: ='ACP_Agri_9(i)'!C36+'ACP_Agri_9(ii)'!C36+'ACP_Agri_9(ii)'!H36 -> 76436 | N36: ='ACP_Agri_9(i)'!D36+'ACP_Agri_9(ii)'!D36+'ACP_Agri_9(ii)'!I36 -> 69745 | O36: ='ACP_Agri_9(i)'!E36+'ACP_Agri_9(ii)'!E36+'ACP_Agri_9(ii)'!J36 -> 15677 | P36: ='ACP_Agri_9(i)'!F36+'ACP_Agri_9(ii)'!F36+'ACP_Agri_9(ii)'!K36 -> 14007.87 | Q36: =P36*100/N36 -> 20.084407
A37: 31 | B37: South Indian Bank | C37: 0 | D37: 0 | E37: 0 | F37: 0 | G37: 0 | H37: 0 | I37: 0 | J37: 1 | K37: 0.01 | L37: 0 | M37: ='ACP_Agri_9(i)'!C37+'ACP_Agri_9(ii)'!C37+'ACP_Agri_9(ii)'!H37 -> 784 | N37: ='ACP_Agri_9(i)'!D37+'ACP_Agri_9(ii)'!D37+'ACP_Agri_9(ii)'!I37 -> 2120 | O37: ='ACP_Agri_9(i)'!E37+'ACP_Agri_9(ii)'!E37+'ACP_Agri_9(ii)'!J37 -> 1 | P37: ='ACP_Agri_9(i)'!F37+'ACP_Agri_9(ii)'!F37+'ACP_Agri_9(ii)'!K37 -> 0.01 | Q37: =P37*100/N37 -> 0.00047169811
A38: 32 | B38: Tamilnadu Mercantile Bank | C38: 0 | D38: 0 | E38: 0 | F38: 0 | G38: 0 | H38: 0 | I38: 0 | J38: 0 | K38: 0 | L38: 0 | M38: ='ACP_Agri_9(i)'!C38+'ACP_Agri_9(ii)'!C38+'ACP_Agri_9(ii)'!H38 -> 856 | N38: ='ACP_Agri_9(i)'!D38+'ACP_Agri_9(ii)'!D38+'ACP_Agri_9(ii)'!I38 -> 2371 | O38: ='ACP_Agri_9(i)'!E38+'ACP_Agri_9(ii)'!E38+'ACP_Agri_9(ii)'!J38 -> 231 | P38: ='ACP_Agri_9(i)'!F38+'ACP_Agri_9(ii)'!F38+'ACP_Agri_9(ii)'!K38 -> 610.82 | Q38: =P38*100/N38 -> 25.762126
A39: 33 | B39: Yes Bank | C39: 43 | D39: 5166 | E39: 15 | F39: 1355.24 | G39: =F39*100/D39 -> 26.233837 | H39: 488 | I39: 157473 | J39: 176 | K39: 42366.64 | L39: =K39*100/I39 -> 26.904066 | M39: ='ACP_Agri_9(i)'!C39+'ACP_Agri_9(ii)'!C39+'ACP_Agri_9(ii)'!H39 -> 68627 | N39: ='ACP_Agri_9(i)'!D39+'ACP_Agri_9(ii)'!D39+'ACP_Agri_9(ii)'!I39 -> 247825 | O39: ='ACP_Agri_9(i)'!E39+'ACP_Agri_9(ii)'!E39+'ACP_Agri_9(ii)'!J39 -> 13107 | P39: ='ACP_Agri_9(i)'!F39+'ACP_Agri_9(ii)'!F39+'ACP_Agri_9(ii)'!K39 -> 59704.65 | Q39: =P39*100/N39 -> 24.091456
B40: PRIVATE BANK - SUB TOTAL | C40: 1263 | D40: 54356 | E40: =SUM(E19:E39) -> 114 | F40: =SUM(F19:F39) -> 14958.56 | G40: =F40*100/D40 -> 27.519611 | H40: 35925 | I40: 2056582 | J40: =SUM(J19:J39) -> 9831 | K40: =SUM(K19:K39) -> 1128149.9 | L40: =K40*100/I40 -> 54.855576 | M40: ='ACP_Agri_9(i)'!C40+'ACP_Agri_9(ii)'!C40+'ACP_Agri_9(ii)'!H40 -> 1373209 | N40: ='ACP_Agri_9(i)'!D40+'ACP_Agri_9(ii)'!D40+'ACP_Agri_9(ii)'!I40 -> 4821170 | O40: ='ACP_Agri_9(i)'!E40+'ACP_Agri_9(ii)'!E40+'ACP_Agri_9(ii)'!J40 -> 382023 | P40: ='ACP_Agri_9(i)'!F40+'ACP_Agri_9(ii)'!F40+'ACP_Agri_9(ii)'!K40 -> 1822410.4 | Q40: =P40*100/N40 -> 37.80017
B41: COMMERCIAL BANKS SUB TOTAL | C41: 6614 | D41: 179058 | E41: =E40+E18 -> 1620 | F41: =F40+F18 -> 40031.02 | G41: =F41*100/D41 -> 22.356454 | H41: 115758 | I41: 3411991 | J41: =J40+J18 -> 32758 | K41: =K40+K18 -> 1762632.7 | L41: =K41*100/I41 -> 51.659945 | M41: ='ACP_Agri_9(i)'!C41+'ACP_Agri_9(ii)'!C41+'ACP_Agri_9(ii)'!H41 -> 4272412 | N41: ='ACP_Agri_9(i)'!D41+'ACP_Agri_9(ii)'!D41+'ACP_Agri_9(ii)'!I41 -> 12219470 | O41: ='ACP_Agri_9(i)'!E41+'ACP_Agri_9(ii)'!E41+'ACP_Agri_9(ii)'!J41 -> 1218565 | P41: ='ACP_Agri_9(i)'!F41+'ACP_Agri_9(ii)'!F41+'ACP_Agri_9(ii)'!K41 -> 4491209.4 | Q41: =P41*100/N41 -> 36.754535
A42: 34 | B42: MPGB | C42: 304 | D42: 2546 | E42: 56 | F42: 257.22 | G42: =F42*100/D42 -> 10.102907 | H42: 1053 | I42: 12130 | J42: 156 | K42: 678.92 | L42: =K42*100/I42 -> 5.5970322 | M42: ='ACP_Agri_9(i)'!C42+'ACP_Agri_9(ii)'!C42+'ACP_Agri_9(ii)'!H42 -> 750723 | N42: ='ACP_Agri_9(i)'!D42+'ACP_Agri_9(ii)'!D42+'ACP_Agri_9(ii)'!I42 -> 1119838 | O42: ='ACP_Agri_9(i)'!E42+'ACP_Agri_9(ii)'!E42+'ACP_Agri_9(ii)'!J42 -> 288854 | P42: ='ACP_Agri_9(i)'!F42+'ACP_Agri_9(ii)'!F42+'ACP_Agri_9(ii)'!K42 -> 447800.71 | Q42: =P42*100/N42 -> 39.98799
B43: RRBs - SUB TOTAL | C43: 304 | D43: 2546 | E43: =SUM(E42:E42) -> 56 | F43: =SUM(F42:F42) -> 257.22 | G43: =F43*100/D43 -> 10.102907 | H43: 1053 | I43: 12130 | J43: =SUM(J42:J42) -> 156 | K43: =SUM(K42:K42) -> 678.92 | L43: =K43*100/I43 -> 5.5970322 | M43: ='ACP_Agri_9(i)'!C43+'ACP_Agri_9(ii)'!C43+'ACP_Agri_9(ii)'!H43 -> 750723 | N43: ='ACP_Agri_9(i)'!D43+'ACP_Agri_9(ii)'!D43+'ACP_Agri_9(ii)'!I43 -> 1119838 | O43: ='ACP_Agri_9(i)'!E43+'ACP_Agri_9(ii)'!E43+'ACP_Agri_9(ii)'!J43 -> 288854 | P43: ='ACP_Agri_9(i)'!F43+'ACP_Agri_9(ii)'!F43+'ACP_Agri_9(ii)'!K43 -> 447800.71 | Q43: =P43*100/N43 -> 39.98799
A44: 35 | B44: DCCB & Apex Bank | C44: 59 | D44: 195 | E44: 275 | F44: 3640.04 | G44: =F44*100/D44 -> 1866.6872 | H44: 130 | I44: 4271 | J44: 6 | K44: 4.45 | L44: =K44*100/I44 -> 0.10419106 | M44: ='ACP_Agri_9(i)'!C44+'ACP_Agri_9(ii)'!C44+'ACP_Agri_9(ii)'!H44 -> 3223394 | N44: ='ACP_Agri_9(i)'!D44+'ACP_Agri_9(ii)'!D44+'ACP_Agri_9(ii)'!I44 -> 2728832 | O44: ='ACP_Agri_9(i)'!E44+'ACP_Agri_9(ii)'!E44+'ACP_Agri_9(ii)'!J44 -> 1556841 | P44: ='ACP_Agri_9(i)'!F44+'ACP_Agri_9(ii)'!F44+'ACP_Agri_9(ii)'!K44 -> 1229101.2 | Q44: =P44*100/N44 -> 45.041291
B45: CO-OPERATIVE BANK - SUB TOTAL | C45: 59 | D45: 195 | E45: =E44 -> 275 | F45: =F44 -> 3640.04 | G45: =G44 -> 1866.6872 | H45: 130 | I45: 4271 | J45: =J44 -> 6 | K45: =K44 -> 4.45 | L45: =L44 -> 0.10419106 | M45: =M44 -> 3223394 | N45: =N44 -> 2728832 | O45: =O44 -> 1556841 | P45: =P44 -> 1229101.2 | Q45: =Q44 -> 45.041291
A46: 36 | B46: AU Small Finance Bank | C46: 7 | D46: 2677 | E46: 0 | F46: 17 | G46: =F46*100/D46 -> 0.63503922 | H46: 125 | I46: 8107 | J46: 20 | K46: 913.16 | L46: =K46*100/I46 -> 11.263846 | M46: ='ACP_Agri_9(i)'!C46+'ACP_Agri_9(ii)'!C46+'ACP_Agri_9(ii)'!H46 -> 150740 | N46: ='ACP_Agri_9(i)'!D46+'ACP_Agri_9(ii)'!D46+'ACP_Agri_9(ii)'!I46 -> 177641 | O46: ='ACP_Agri_9(i)'!E46+'ACP_Agri_9(ii)'!E46+'ACP_Agri_9(ii)'!J46 -> 34478 | P46: ='ACP_Agri_9(i)'!F46+'ACP_Agri_9(ii)'!F46+'ACP_Agri_9(ii)'!K46 -> 44442.33 | Q46: =P46*100/N46 -> 25.018059
A47: 37 | B47: Equitas Small Finance Bank | C47: 2 | D47: 15 | E47: 0 | F47: 0 | G47: =F47*100/D47 -> 0 | H47: 9 | I47: 431 | J47: 0 | K47: 0 | L47: =K47*100/I47 -> 0 | M47: ='ACP_Agri_9(i)'!C47+'ACP_Agri_9(ii)'!C47+'ACP_Agri_9(ii)'!H47 -> 23845 | N47: ='ACP_Agri_9(i)'!D47+'ACP_Agri_9(ii)'!D47+'ACP_Agri_9(ii)'!I47 -> 15925 | O47: ='ACP_Agri_9(i)'!E47+'ACP_Agri_9(ii)'!E47+'ACP_Agri_9(ii)'!J47 -> 11966 | P47: ='ACP_Agri_9(i)'!F47+'ACP_Agri_9(ii)'!F47+'ACP_Agri_9(ii)'!K47 -> 7388.18 | Q47: =P47*100/N47 -> 46.393595
A48: 38 | B48: ESAF | C48: 0 | D48: 6 | E48: 0 | F48: 0 | G48: =F48*100/D48 -> 0 | H48: 9 | I48: 256 | J48: 0 | K48: 0 | L48: =K48*100/I48 -> 0 | M48: ='ACP_Agri_9(i)'!C48+'ACP_Agri_9(ii)'!C48+'ACP_Agri_9(ii)'!H48 -> 41550 | N48: ='ACP_Agri_9(i)'!D48+'ACP_Agri_9(ii)'!D48+'ACP_Agri_9(ii)'!I48 -> 116779 | O48: ='ACP_Agri_9(i)'!E48+'ACP_Agri_9(ii)'!E48+'ACP_Agri_9(ii)'!J48 -> 13209 | P48: ='ACP_Agri_9(i)'!F48+'ACP_Agri_9(ii)'!F48+'ACP_Agri_9(ii)'!K48 -> 19909.18 | Q48: =P48*100/N48 -> 17.048596
A49: 39 | B49: Jana Small Finance Bank | C49: 1 | D49: 13 | E49: 0 | F49: 0 | G49: =F49*100/D49 -> 0 | H49: 13 | I49: 473 | J49: 0 | K49: 0 | L49: =K49*100/I49 -> 0 | M49: ='ACP_Agri_9(i)'!C49+'ACP_Agri_9(ii)'!C49+'ACP_Agri_9(ii)'!H49 -> 84305 | N49: ='ACP_Agri_9(i)'!D49+'ACP_Agri_9(ii)'!D49+'ACP_Agri_9(ii)'!I49 -> 61501 | O49: ='ACP_Agri_9(i)'!E49+'ACP_Agri_9(ii)'!E49+'ACP_Agri_9(ii)'!J49 -> 31112 | P49: ='ACP_Agri_9(i)'!F49+'ACP_Agri_9(ii)'!F49+'ACP_Agri_9(ii)'!K49 -> 26366.91 | Q49: =P49*100/N49 -> 42.872327
A50: 40 | B50: Shivalik Small Finance Bank | C50: 0 | D50: 0 | E50: 0 | F50: 0 | G50: 0 | H50: 0 | I50: 0 | J50: 0 | K50: 0 | L50: =K50*100/I50 -> #DIV/0! | M50: 0 | N50: ='ACP_Agri_9(i)'!D50+'ACP_Agri_9(ii)'!D50+'ACP_Agri_9(ii)'!I50 -> 2335 | O50: ='ACP_Agri_9(i)'!E50+'ACP_Agri_9(ii)'!E50+'ACP_Agri_9(ii)'!J50 -> 2 | P50: ='ACP_Agri_9(i)'!F50+'ACP_Agri_9(ii)'!F50+'ACP_Agri_9(ii)'!K50 -> 2.72 | Q50: =P50*100/N50 -> 0.11648822
A51: 41 | B51: Suryoday Small Finance Bank | C51: 92 | D51: 101 | E51: 44 | F51: 34.49 | G51: =F51*100/D51 -> 34.148515 | H51: 2067 | I51: 1691 | J51: 552 | K51: 390.48 | L51: =K51*100/I51 -> 23.091662 | M51: 0 | N51: ='ACP_Agri_9(i)'!D51+'ACP_Agri_9(ii)'!D51+'ACP_Agri_9(ii)'!I51 -> 41632 | O51: ='ACP_Agri_9(i)'!E51+'ACP_Agri_9(ii)'!E51+'ACP_Agri_9(ii)'!J51 -> 11784 | P51: ='ACP_Agri_9(i)'!F51+'ACP_Agri_9(ii)'!F51+'ACP_Agri_9(ii)'!K51 -> 8578.37 | Q51: =P51*100/N51 -> 20.605232
A52: 42 | B52: Ujjivan Small Finance Bank | C52: 0 | D52: 0 | E52: 0 | F52: 0 | G52: 0 | H52: 0 | I52: 0 | J52: 0 | K52: 0 | L52: =K52*100/I52 -> #DIV/0! | M52: 0 | N52: ='ACP_Agri_9(i)'!D52+'ACP_Agri_9(ii)'!D52+'ACP_Agri_9(ii)'!I52 -> 12120 | O52: ='ACP_Agri_9(i)'!E52+'ACP_Agri_9(ii)'!E52+'ACP_Agri_9(ii)'!J52 -> 4355 | P52: ='ACP_Agri_9(i)'!F52+'ACP_Agri_9(ii)'!F52+'ACP_Agri_9(ii)'!K52 -> 3011.01 | Q52: =P52*100/N52 -> 24.843317
A53: 43 | B53: Utkarsh Small Finance Bank | C53: 7 | D53: 47 | E53: 0 | F53: 0 | G53: =F53*100/D53 -> 0 | H53: 37 | I53: 1161 | J53: 0 | K53: 0 | L53: =K53*100/I53 -> 0 | M53: ='ACP_Agri_9(i)'!C52+'ACP_Agri_9(ii)'!C53+'ACP_Agri_9(ii)'!H53 -> 18082 | N53: ='ACP_Agri_9(i)'!D53+'ACP_Agri_9(ii)'!D53+'ACP_Agri_9(ii)'!I53 -> 15674 | O53: ='ACP_Agri_9(i)'!E52+'ACP_Agri_9(ii)'!E53+'ACP_Agri_9(ii)'!J53 -> 4355 | P53: ='ACP_Agri_9(i)'!F53+'ACP_Agri_9(ii)'!F53+'ACP_Agri_9(ii)'!K53 -> 3074.94 | Q53: =P53*100/N53 -> 19.618094
B54: SMALL FINANCE BANK SUB TOTAL | C54: 109 | D54: 2859 | E54: =SUM(E46:E53) -> 44 | F54: =SUM(F46:F53) -> 51.49 | G54: =F54*100/D54 -> 1.8009794 | H54: 2260 | I54: 12119 | J54: =SUM(J46:J53) -> 572 | K54: =SUM(K46:K53) -> 1303.64 | L54: =K54*100/I54 -> 10.756993 | M54: ='ACP_Agri_9(i)'!C54+'ACP_Agri_9(ii)'!C54+'ACP_Agri_9(ii)'!H54 -> 399305 | N54: ='ACP_Agri_9(i)'!D54+'ACP_Agri_9(ii)'!D54+'ACP_Agri_9(ii)'!I54 -> 443607 | O54: ='ACP_Agri_9(i)'!E54+'ACP_Agri_9(ii)'!E54+'ACP_Agri_9(ii)'!J54 -> 112646 | P54: ='ACP_Agri_9(i)'!F54+'ACP_Agri_9(ii)'!F54+'ACP_Agri_9(ii)'!K54 -> 112773.64 | Q54: =P54*100/N54 -> 25.42197
B55: TOTAL | C55: 7086 | D55: 184658 | E55: =E54+E45+E43+E41 -> 1995 | F55: =F54+F45+F43+F41 -> 43979.77 | G55: =F55*100/D55 -> 23.816878 | H55: 119201 | I55: 3440511 | J55: =J54+J45+J43+J41 -> 33492 | K55: =K54+K45+K43+K41 -> 1764619.7 | L55: =K55*100/I55 -> 51.289465 | M55: ='ACP_Agri_9(i)'!C55+'ACP_Agri_9(ii)'!C55+'ACP_Agri_9(ii)'!H55 -> 8645834 | N55: ='ACP_Agri_9(i)'!D55+'ACP_Agri_9(ii)'!D55+'ACP_Agri_9(ii)'!I55 -> 16511747 | O55: ='ACP_Agri_9(i)'!E55+'ACP_Agri_9(ii)'!E55+'ACP_Agri_9(ii)'!J55 -> 3176906 | P55: ='ACP_Agri_9(i)'!F55+'ACP_Agri_9(ii)'!F55+'ACP_Agri_9(ii)'!K55 -> 6280884.9 | Q55: =P55*100/N55 -> 38.038888
H56: Page 98

Sheet ACP_MSME_10
A1: ANNUAL CREDIT PLAN ACHIEVEMENT UNDER MSME (PRI SEC) AS ON 30.06.2026
B2: Amt. in Lakhs | K2: No. in actual | N2: TABLE:10
A3: Sr. | B3: Banks | C3: TARGET | E3: Disbursement upto the end of current quarter 30.06.2026 | Q3: Achievement % (Amt.)
E4: Micro | G4: Small | I4: Medium | K4: KVIC | M4: Other MSME | O4: Total MSME
C5: No. | D5: Amt. | E5: No. | F5: Amt. | G5: No. | H5: Amt. | I5: No. | J5: Amt. | K5: No. | L5: Amt. | M5: No. | N5: Amt. | O5: No. | P5: Amt.
A6: 1 | B6: Bank of Baroda | C6: 47815 | D6: 807583 | E6: 23643 | F6: 249835.86 | G6: 489 | H6: 102766.41 | I6: 99 | J6: 79694.11 | K6: 326 | L6: 3048.64 | M6: 0 | N6: 0 | O6: =E6+G6+I6+K6+M6 -> 24557 | P6: =F6+H6+J6+L6+N6 -> 435345.02 | Q6: =P6*100/D6 -> 53.907155
A7: 2 | B7: Bank of India | C7: 78683 | D7: 686166 | E7: 30446 | F7: 195561.87 | G7: 744 | H7: 119211.66 | I7: 455 | J7: 31335.19 | K7: 0 | L7: 0 | M7: 0 | N7: 0 | O7: =E7+G7+I7+K7+M7 -> 31645 | P7: =F7+H7+J7+L7+N7 -> 346108.72 | Q7: =P7*100/D7 -> 50.44096
A8: 3 | B8: Bank of Maharashtra | C8: 61430 | D8: 284376 | E8: 3330 | F8: 23614.47 | G8: 168 | H8: 21101.95 | I8: 10 | J8: 6433.22 | K8: 2 | L8: 4.5 | M8: 0 | N8: 0 | O8: =E8+G8+I8+K8+M8 -> 3510 | P8: =F8+H8+J8+L8+N8 -> 51154.14 | Q8: =P8*100/D8 -> 17.988206
A9: 4 | B9: Canara Bank | C9: 24761 | D9: 330421 | E9: 4885 | F9: 48366.31 | G9: 196 | H9: 20972.93 | I9: 20 | J9: 6967.53 | K9: 0 | L9: 0 | M9: 28 | N9: 127.38 | O9: =E9+G9+I9+K9+M9 -> 5129 | P9: =F9+H9+J9+L9+N9 -> 76434.15 | Q9: =P9*100/D9 -> 23.132352
A10: 5 | B10: Central Bank of India | C10: 44916 | D10: 801000 | E10: 18581 | F10: 236524.36 | G10: 1162 | H10: 131866.54 | I10: 49 | J10: 27650.44 | K10: 800 | L10: 10728.27 | M10: 141 | N10: 19734.1 | O10: =E10+G10+I10+K10+M10 -> 20733 | P10: =F10+H10+J10+L10+N10 -> 426503.71 | Q10: =P10*100/D10 -> 53.246406
A11: 6 | B11: Indian Bank | C11: 50665 | D11: 476518 | E11: 8927 | F11: 102173.78 | G11: 349 | H11: 38961.99 | I11: 42 | J11: 25020.94 | K11: 926 | L11: 254.44 | M11: 0 | N11: 0 | O11: =E11+G11+I11+K11+M11 -> 10244 | P11: =F11+H11+J11+L11+N11 -> 166411.15 | Q11: =P11*100/D11 -> 34.922322
A12: 7 | B12: Indian Overseas Bank | C12: 3502 | D12: 28894 | E12: 1038 | F12: 7553.2 | G12: 19 | H12: 2532.51 | I12: 2 | J12: 177.6 | K12: 0 | L12: 0 | M12: 0 | N12: 0 | O12: =E12+G12+I12+K12+M12 -> 1059 | P12: =F12+H12+J12+L12+N12 -> 10263.31 | Q12: =P12*100/D12 -> 35.520558
A13: 8 | B13: Punjab and Sind Bank | C13: 4091 | D13: 69105 | E13: 454 | F13: 3922.33 | G13: 16 | H13: 4252.81 | I13: 1 | J13: 479.17 | K13: 1 | L13: 0.89 | M13: 0 | N13: 0 | O13: =E13+G13+I13+K13+M13 -> 472 | P13: =F13+H13+J13+L13+N13 -> 8655.2 | Q13: =P13*100/D13 -> 12.524709
A14: 9 | B14: Punjab National Bank | C14: 26266 | D14: 633157 | E14: 7457 | F14: 92480.25 | G14: 449 | H14: 58626.36 | I14: 95 | J14: 98960.64 | K14: 0 | L14: 0 | M14: 0 | N14: 0 | O14: =E14+G14+I14+K14+M14 -> 8001 | P14: =F14+H14+J14+L14+N14 -> 250067.25 | Q14: =P14*100/D14 -> 39.495299
A15: 10 | B15: State Bank of India | C15: 132613 | D15: 2393631 | E15: 45512 | F15: 834369.38 | G15: 3717 | H15: 323297.41 | I15: 558 | J15: 266874.93 | K15: 0 | L15: 0 | M15: 22889 | N15: 35771.68 | O15: =E15+G15+I15+K15+M15 -> 72676 | P15: =F15+H15+J15+L15+N15 -> 1460313.4 | Q15: =P15*100/D15 -> 61.008292
A16: 11 | B16: UCO Bank | C16: 11693 | D16: 227546 | E16: 8803 | F16: 91223.19 | G16: 197 | H16: 48135.55 | I16: 5 | J16: 386.15 | K16: 3 | L16: 72.46 | M16: 0 | N16: 0 | O16: =E16+G16+I16+K16+M16 -> 9008 | P16: =F16+H16+J16+L16+N16 -> 139817.35 | Q16: =P16*100/D16 -> 61.445752
A17: 12 | B17: Union Bank of India | C17: 41122 | D17: 925458 | E17: 10515 | F17: 165692.73 | G17: 933 | H17: 135714.59 | I17: 108 | J17: 68517.55 | K17: 0 | L17: 0 | M17: 0 | N17: 0 | O17: =E17+G17+I17+K17+M17 -> 11556 | P17: =F17+H17+J17+L17+N17 -> 369924.87 | Q17: =P17*100/D17 -> 39.972086
B18: PSBs - SUB TOTAL | C18: 527557 | D18: 7663855 | E18: =SUM(E6:E17) -> 163591 | F18: =SUM(F6:F17) -> 2051317.7 | G18: =SUM(G6:G17) -> 8439 | H18: =SUM(H6:H17) -> 1007440.7 | I18: =SUM(I6:I17) -> 1444 | J18: =SUM(J6:J17) -> 612497.47 | K18: =SUM(K6:K17) -> 2058 | L18: =SUM(L6:L17) -> 14109.2 | ... P18: =SUM(P6:P17) -> 3740998.3 | Q18: =P18*100/D18 -> 48.813531
A19: 13 | B19: Axis Bank | C19: 10379 | D19: 1087389 | E19: 4007 | F19: 211870.4 | G19: 1325 | H19: 275296.2 | I19: 185 | J19: 171435.51 | K19: 0 | L19: 0 | M19: 0 | N19: 0 | O19: =E19+G19+I19+K19+M19 -> 5517 | P19: =F19+H19+J19+L19+N19 -> 658602.11 | Q19: =P19*100/D19 -> 60.567296
A20: 14 | B20: Bandhan Bank | C20: 35666 | D20: 61034 | E20: 5362 | F20: 9374.15 | G20: 50 | H20: 3491.22 | I20: 0 | J20: 0 | K20: 0 | L20: 0 | M20: 0 | N20: 0 | O20: =E20+G20+I20+K20+M20 -> 5412 | P20: =F20+H20+J20+L20+N20 -> 12865.37 | Q20: =P20*100/D20 -> 21.079022
A21: 15 | B21: Catholic Syrian Bank | C21: 26 | D21: 672 | E21: 0 | F21: 0 | G21: 0 | H21: 0 | I21: 0 | J21: 0 | K21: 0 | L21: 0 | M21: 0 | N21: 0 | O21: =E21+G21+I21+K21+M21 -> 0 | P21: =F21+H21+J21+L21+N21 -> 0 | Q21: 0
A22: 16 | B22: City Union Bank | C22: 175 | D22: 8318 | E22: 29 | F22: 2799.39 | G22: 6 | H22: 2363.1 | I22: 0 | J22: 0 | K22: 0 | L22: 0 | M22: 0 | N22: 0 | O22: =E22+G22+I22+K22+M22 -> 35 | P22: =F22+H22+J22+L22+N22 -> 5162.49 | Q22: =P22*100/D22 -> 62.064078
A23: 17 | B23: Development Credit Bank | C23: 644 | D23: 18883 | E23: 142 | F23: 4541.95 | G23: 3 | H23: 258 | I23: 0 | J23: 0 | K23: 0 | L23: 0 | M23: 0 | N23: 0 | O23: =E23+G23+I23+K23+M23 -> 145 | P23: =F23+H23+J23+L23+N23 -> 4799.95 | Q23: =P23*100/D23 -> 25.419425
A24: 18 | B24: Dhan Lakshmi Bank | C24: 1 | D24: 21 | E24: 0 | F24: 0 | G24: 0 | H24: 0 | I24: 0 | J24: 0 | K24: 0 | L24: 0 | M24: 0 | N24: 0 | O24: =E24+G24+I24+K24+M24 -> 0 | P24: =F24+H24+J24+L24+N24 -> 0 | Q24: 0
A25: 19 | B25: Federal Bank Ltd. | C25: 320 | D25: 23043 | E25: 101 | F25: 2194.46 | G25: 31 | H25: 8714.34 | I25: 5 | J25: 3248.77 | K25: 0 | L25: 0 | M25: 0 | N25: 0 | O25: =E25+G25+I25+K25+M25 -> 137 | P25: =F25+H25+J25+L25+N25 -> 14157.57 | Q25: =P25*100/D25 -> 61.439786
A26: 20 | B26: HDFC Bank | C26: 44172 | D26: 2888849 | E26: 17906 | F26: 601199.75 | G26: 4580 | H26: 695389.29 | I26: 933 | J26: 366057.86 | K26: 0 | L26: 0 | M26: 0 | N26: 0 | O26: =E26+G26+I26+K26+M26 -> 23419 | P26: =F26+H26+J26+L26+N26 -> 1662646.9 | Q26: =P26*100/D26 -> 57.553957
A27: 21 | B27: ICICI Bank | C27: 28461 | D27: 2071388 | E27: 11604 | F27: 647750.38 | G27: 3463 | H27: 527173.04 | I27: 387 | J27: 123268.2 | K27: 0 | L27: 0 | M27: 0 | N27: 0 | O27: =E27+G27+I27+K27+M27 -> 15454 | P27: =F27+H27+J27+L27+N27 -> 1298191.6 | Q27: =P27*100/D27 -> 62.672547
A28: 22 | B28: IDBI Bank | C28: 7857 | D28: 119173 | E28: 4596 | F28: 61899.86 | G28: 138 | H28: 23337.22 | I28: 7 | J28: 1984.45 | K28: 1 | L28: 0.19 | M28: 0 | N28: 0 | O28: =E28+G28+I28+K28+M28 -> 4742 | P28: =F28+H28+J28+L28+N28 -> 87221.72 | Q28: =P28*100/D28 -> 73.189162
A29: 23 | B29: IDFC First Bank | C29: 8207 | D29: 186560 | E29: 9519 | F29: 108040.97 | G29: 665 | H29: 40128.95 | I29: 121 | J29: 2752.81 | K29: 0 | L29: 0 | M29: 0 | N29: 0 | O29: =E29+G29+I29+K29+M29 -> 10305 | P29: =F29+H29+J29+L29+N29 -> 150922.73 | Q29: =P29*100/D29 -> 80.89769
A30: 24 | B30: Indusind Bank Limited | C30: 35506 | D30: 367407 | E30: 10024 | F30: 39115.38 | G30: 212 | H30: 28744.38 | I30: 26 | J30: 11546.36 | K30: 0 | L30: 0 | M30: 0 | N30: 0 | O30: =E30+G30+I30+K30+M30 -> 10262 | P30: =F30+H30+J30+L30+N30 -> 79406.12 | Q30: =P30*100/D30 -> 21.612577
A31: 25 | B31: Jammu and Kashmir Bank | C31: 72 | D31: 1604 | E31: 29 | F31: 255.75 | G31: 1 | H31: 8 | I31: 0 | J31: 0 | K31: 0 | L31: 0 | M31: 0 | N31: 0 | O31: =E31+G31+I31+K31+M31 -> 30 | P31: =F31+H31+J31+L31+N31 -> 263.75 | Q31: =P31*100/D31 -> 16.443267
A32: 26 | B32: Karnataka Bank Limited | C32: 251 | D32: 8504 | E32: 122 | F32: 1742.44 | G32: 12 | H32: 1615.45 | I32: 3 | J32: 1075 | K32: 0 | L32: 0 | M32: 0 | N32: 0 | O32: =E32+G32+I32+K32+M32 -> 137 | P32: =F32+H32+J32+L32+N32 -> 4432.89 | Q32: =P32*100/D32 -> 52.127117
A33: 27 | B33: Karur Vysya Bank Ltd. | C33: 298 | D33: 9948 | E33: 5 | F33: 935 | G33: 2 | H33: 105 | I33: 0 | J33: 0 | K33: 0 | L33: 0 | M33: 0 | N33: 0 | O33: =E33+G33+I33+K33+M33 -> 7 | P33: =F33+H33+J33+L33+N33 -> 1040 | Q33: =P33*100/D33 -> 10.454363
A34: 28 | B34: Kotak Mahindra Bank | C34: 6207 | D34: 649672 | E34: 856 | F34: 51491.53 | G34: 437 | H34: 67998.13 | I34: 150 | J34: 65963.38 | K34: 0 | L34: 0 | M34: 0 | N34: 0 | O34: =E34+G34+I34+K34+M34 -> 1443 | P34: =F34+H34+J34+L34+N34 -> 185453.04 | Q34: =P34*100/D34 -> 28.545641
A35: 29 | B35: Lakshmi Vilas Bank | C35: 80 | D35: 14949 | E35: 9 | F35: 271.64 | G35: 9 | H35: 2569.29 | I35: 3 | J35: 0.2 | K35: 0 | L35: 0 | M35: 0 | N35: 0 | O35: =E35+G35+I35+K35+M35 -> 21 | P35: =F35+H35+J35+L35+N35 -> 2841.13 | Q35: =P35*100/D35 -> 19.005485
A36: 30 | B36: Ratnakar Bank Ltd. (RBL) | C36: 420 | D36: 40763 | E36: 56 | F36: 6075.59 | G36: 29 | H36: 4491.82 | I36: 7 | J36: 4099.27 | K36: 0 | L36: 0 | M36: 0 | N36: 0 | O36: =E36+G36+I36+K36+M36 -> 92 | P36: =F36+H36+J36+L36+N36 -> 14666.68 | Q36: =P36*100/D36 -> 35.980374
... A39: 33 | B39: Yes Bank | C39: 3593 | D39: 312869 | E39: 1154 | F39: 42572.28 | G39: 267 | H39: 47852.36 | I39: 197 | J39: 45365.22 | K39: 0 | L39: 0 | M39: 0 | N39: 0 | O39: =E39+G39+I39+K39+M39 -> 1618 | P39: =F39+H39+J39+L39+N39 -> 135789.86 | Q39: =P39*100/D39 -> 43.401507
B40: PRIVATE BANK - SUB TOTAL | C40: 182537 | D40: 7875164 | E40: =SUM(E19:E39) -> 65568 | F40: =SUM(F19:F39) -> 1792495.4 | G40: =SUM(G19:G39) -> 11261 | H40: =SUM(H19:H39) -> 1729736.9 | I40: =SUM(I19:I39) -> 2027 | J40: =SUM(J19:J39) -> 797102.6 | K40: =SUM(K19:K39) -> 1 | L40: =SUM(L19:L39) -> 0.19 | ... N40: =SUM(N19:N39) -> 0 | O40: =E40+G40+I40+K40+M40 -> 78857 | P40: =F40+H40+J40+L40+N40 -> 4319335.1 | Q40: =P40*100/D40 -> 54.847557
B41: COMMERCIAL BANKS SUB TOTAL | C41: 710094 | D41: 15539019 | E41: =E40+E18 -> 229159 | F41: =F40+F18 -> 3843813.2 | G41: =G40+G18 -> 19700 | H41: =H40+H18 -> 2737177.6 | I41: =I40+I18 -> 3471 | J41: =J40+J18 -> 1409600.1 | K41: =K40+K18 -> 2059 | L41: =L40+L18 -> 14109.39 | ... N41: =N40+N18 -> 55633.16 | O41: =E41+G41+I41+K41+M41 -> 277447 | P41: =F41+H41+J41+L41+N41 -> 8060333.4 | Q41: =P41*100/D41 -> 51.871572
A42: 34 | B42: MPGB | C42: 160431 | D42: 337398 | E42: 67956 | F42: 116503.38 | G42: 9 | H42: 805.53 | I42: 0 | J42: 0 | K42: 232 | L42: 203.39 | M42: 0 | N42: 0 | O42: =E42+G42+I42+K42+M42 -> 68197 | P42: =F42+H42+J42+L42+N42 -> 117512.3 | Q42: =P42*100/D42 -> 34.828985
B43: RRBs - SUB TOTAL | C43: 160431 | D43: 337398 | E43: =SUM(E42:E42) -> 67956 | F43: =SUM(F42:F42) -> 116503.38 | G43: =SUM(G42:G42) -> 9 | H43: =SUM(H42:H42) -> 805.53 | I43: =SUM(I42:I42) -> 0 | J43: =SUM(J42:J42) -> 0 | K43: =SUM(K42:K42) -> 232 | L43: =SUM(L42:L42) -> 203.39 | ... N43: =SUM(N42:N42) -> 0 | O43: =E43+G43+I43+K43+M43 -> 68197 | P43: =SUM(P42:P42) -> 117512.3 | Q43: =P43*100/D43 -> 34.828985 | R43: =K43+E43 -> 68188 | S43: =L43+F43 -> 116706.77
A44: 35 | B44: DCCB & Apex Bank | C44: 0 | D44: 0 | E44: 0 | F44: 0 | G44: 0 | H44: 0 | I44: 0 | J44: 0 | K44: 0 | L44: 0 | M44: 0 | N44: 0 | O44: =E44+G44+I44+K44+M44 -> 0 | P44: =F44+H44+J44+L44+N44 -> 0 | Q44: =G44+I44+K44+M44+O44 -> 0
B45: CO-OPERATIVE BANK - SUB TOTAL | C45: 0 | D45: 0 | E45: =E44 -> 0 | F45: =F44 -> 0 | G45: =G44 -> 0 | H45: =H44 -> 0 | I45: =I44 -> 0 | J45: =J44 -> 0 | K45: =K44 -> 0 | L45: =L44 -> 0 | ... Q45: =Q44 -> 0
A46: 36 | B46: AU Small Finance Bank | C46: 23190 | D46: 280564 | E46: 2771 | F46: 34035.79 | G46: 57 | H46: 5978.31 | I46: 11 | J46: 924.58 | K46: 0 | L46: 0 | M46: 0 | N46: 0 | O46: =E46+G46+I46+K46+M46 -> 2839 | P46: =F46+H46+J46+L46+N46 -> 40938.68 | Q46: =P46*100/D46 -> 14.591566
A47: 37 | B47: Equitas Small Finance Bank | C47: 3096 | D47: 26355 | E47: 786 | F47: 7812.49 | G47: 63 | H47: 729.74 | I47: 14 | J47: 158.56 | K47: 0 | L47: 0 | M47: 0 | N47: 0 | O47: =E47+G47+I47+K47+M47 -> 863 | P47: =F47+H47+J47+L47+N47 -> 8700.79 | Q47: =P47*100/D47 -> 33.013811
A48: 38 | B48: ESAF | C48: 17493 | D48: 13493 | E48: 7170 | F48: 4992.93 | G48: 0 | H48: 0 | I48: 0 | J48: 0 | K48: 0 | L48: 0 | M48: 0 | N48: 0 | O48: =E48+G48+I48+K48+M48 -> 7170 | P48: =F48+H48+J48+L48+N48 -> 4992.93 | Q48: =P48*100/D48 -> 37.003854
A49: 39 | B49: Jana Small Finance Bank | C49: 46795 | D49: 43778 | E49: 737 | F49: 1217.91 | G49: 60 | H49: 1928.21 | I49: 0 | J49: 0 | K49: 0 | L49: 0 | M49: 0 | N49: 0 | O49: =E49+G49+I49+K49+M49 -> 797 | P49: =F49+H49+J49+L49+N49 -> 3146.12 | Q49: =P49*100/D49 -> 7.186532
A50: 40 | B50: Shivalik Small Finance Bank | C50: 2024 | D50: 18460 | E50: 342 | F50: 3285.2 | G50: 26 | H50: 493.64 | I50: 3 | J50: 632.78 | K50: 0 | L50: 0 | M50: 0 | N50: 0 | O50: =E50+G50+I50+K50+M50 -> 371 | P50: =F50+H50+J50+L50+N50 -> 4411.62 | Q50: 0
A51: 41 | B51: Suryoday Small Finance Bank | C51: 11468 | D51: 17043 | E51: 1445 | F51: 2673.22 | G51: 8 | H51: 95.65 | I51: 0 | J51: 0 | K51: 0 | L51: 0 | M51: 0 | N51: 0 | O51: =E51+G51+I51+K51+M51 -> 1453 | P51: =F51+H51+J51+L51+N51 -> 2768.87 | Q51: =P51*100/D51 -> 16.246377
A52: 42 | B52: Ujjivan Small Finance Bank | C52: 3279 | D52: 8396 | E52: 413 | F52: 1381.68 | G52: 4 | H52: 441 | I52: 0 | J52: 0 | K52: 0 | L52: 0 | M52: 0 | N52: 0 | O52: =E52+G52+I52+K52+M52 -> 417 | P52: =F52+H52+J52+L52+N52 -> 1822.68 | Q52: =P52*100/D52 -> 21.708909
A53: 43 | B53: Utkarsh Small Finance Bank | C53: 1289 | D53: 12169 | E53: 42 | F53: 1003.89 | G53: 0 | H53: 0 | I53: 0 | J53: 0 | K53: 0 | L53: 0 | M53: 1 | N53: 26.8 | O53: =E53+G53+I53+K53+M53 -> 43 | P53: =F53+H53+J53+L53+N53 -> 1030.69 | Q53: =P53*100/D53 -> 8.4698003
B54: SMALL FINANCE BANK SUB TOTAL | C54: 108634 | D54: 420258 | E54: =SUM(E46:E53) -> 13706 | F54: =SUM(F46:F53) -> 56403.11 | G54: =SUM(G46:G53) -> 218 | H54: =SUM(H46:H53) -> 9666.55 | I54: =SUM(I46:I53) -> 28 | J54: =SUM(J46:J53) -> 1715.92 | K54: =SUM(K46:K53) -> 0 | L54: =SUM(L46:L53) -> 0 | ... P54: =SUM(P46:P53) -> 67812.38 | Q54: =P54*100/D54 -> 16.135893
B55: TOTAL | C55: 979159 | D55: 16296675 | E55: =E54+E45+E43+E41 -> 310821 | F55: =F54+F45+F43+F41 -> 4016719.7 | G55: =G54+G45+G43+G41 -> 19927 | H55: =H54+H45+H43+H41 -> 2747649.7 | I55: =I54+I45+I43+I41 -> 3499 | J55: =J54+J45+J43+J41 -> 1411316 | K55: =K54+K45+K43+K41 -> 2291 | L55: =L54+L45+L43+L41 -> 14312.78 | ... P55: =P54+P45+P43+P41 -> 8245658 | Q55: =P55*100/D55 -> 50.59718
I56: Page-99

Sheet ACP_PS_11(i)
A1: ANNUAL CREDIT PLAN ACHIEVEMENT UNDER PRIORITY SECTOR AS ON 30.06.2026
B2: Amt. in Lakhs | N2: TABLE: 11(i)
A3: Sr. | B3: Banks | C3: EXPORT CREDIT | G3: Achievement % (Amt.) | H3: EDUCATION | L3: Achievement % (Amt.) | M3: HOUSING | Q3: Achievement % (Amt.)
C4: TARGET | E4: ACHIVEMENT | H4: TARGET | J4: ACHIVEMENT | M4: TARGET | O4: ACHIVEMENT
C5: Number | D5: Amount | E5: Number | F5: Amount | H5: Number | I5: Amount | J5: Number | K5: Amount | M5: Number | N5: Amount | O5: Number | P5: Amount
A6: 1 | B6: Bank of Baroda | C6: 4 | D6: 770 | E6: 0 | F6: 0 | G6: 0 | H6: 2099 | I6: 4662 | J6: 523 | K6: 1048.01 | L6: =K6*100/I6 -> 22.479837 | M6: 443 | N6: 1782 | O6: 700 | P6: 6346.81 | Q6: =P6*100/N6 -> 356.16218
A7: 2 | B7: Bank of India | C7: 4 | D7: 770 | E7: 0 | F7: 0 | G7: =F7*100/D7 -> 0 | H7: 3550 | I7: 4618 | J7: 920 | K7: 1076.39 | L7: =K7*100/I7 -> 23.308575 | M7: 3035 | N7: 53132 | O7: 897 | P7: 8063.72 | Q7: =P7*100/N7 -> 15.176767
A8: 3 | B8: Bank of Maharashtra | C8: 0 | D8: 0 | E8: 1 | F8: 0.3 | G8: 0 | H8: 3149 | I8: 1943 | J8: 259 | K8: 358.52 | L8: =K8*100/I8 -> 18.451879 | M8: 27527 | N8: 23429 | O8: 504 | P8: 4113.05 | Q8: =P8*100/N8 -> 17.55538
A9: 4 | B9: Canara Bank | C9: 0 | D9: 0 | E9: 0 | F9: 0 | G9: 0 | H9: 3128 | I9: 5155 | J9: 715 | K9: 1477.35 | L9: =K9*100/I9 -> 28.658584 | M9: 2097 | N9: 23694 | O9: 628 | P9: 3887.35 | Q9: =P9*100/N9 -> 16.406474
A10: 5 | B10: Central Bank of India | C10: 0 | D10: 0 | E10: 0 | F10: 0 | G10: 0 | H10: 2400 | I10: 5432 | J10: 588 | K10: 1454.19 | L10: =K10*100/I10 -> 26.770803 | M10: 4275 | N10: 52310 | O10: 1563 | P10: 8322.65 | Q10: =P10*100/N10 -> 15.910247
A11: 6 | B11: Indian Bank | C11: 13 | D11: 108 | E11: 0 | F11: 0 | G11: 0 | H11: 339 | I11: 549 | J11: 49 | K11: 58.24 | L11: =K11*100/I11 -> 10.608379 | M11: 1749 | N11: 25848 | O11: 190 | P11: 2029.79 | Q11: =P11*100/N11 -> 7.8527933
A12: 7 | B12: Indian Overseas Bank | C12: 0 | D12: 0 | E12: 6 | F12: 100 | G12: 0 | H12: 130 | I12: 220 | J12: 31 | K12: 55.89 | L12: =K12*100/I12 -> 25.404545 | M12: 724 | N12: 8872 | O12: 111 | P12: 994.46 | Q12: =P12*100/N12 -> 11.208972
A13: 8 | B13: Punjab and Sind Bank | C13: 0 | D13: 0 | E13: 0 | F13: 0 | G13: 0 | H13: 177 | I13: 629 | J13: 33 | K13: 121.2 | L13: =K13*100/I13 -> 19.26868 | M13: 957 | N13: 10622 | O13: 281 | P13: 2259.85 | Q13: =P13*100/N13 -> 21.275184
A14: 9 | B14: Punjab National Bank | C14: 0 | D14: 0 | E14: 0 | F14: 0 | G14: =F14*100/D14 -> #DIV/0! | H14: 2873 | I14: 4903 | J14: 646 | K14: 963.05 | L14: =K14*100/I14 -> 19.642056 | M14: 3152 | N14: 50535 | O14: 756 | P14: 7338.66 | Q14: =P14*100/N14 -> 14.521935
A15: 10 | B15: State Bank of India | C15: 16 | D15: 3274 | E15: 1 | F15: 0.06 | G15: =F15*100/D15 -> 0.0018326206 | H15: 17274 | I15: 32409 | J15: 3867 | K15: 6545.72 | L15: =K15*100/I15 -> 20.197229 | M15: 21917 | N15: 213683 | O15: 7300 | P15: 39766.86 | Q15: =P15*100/N15 -> 18.610212
A16: 11 | B16: UCO Bank | C16: 0 | D16: 0 | E16: 0 | F16: 0 | G16: 0 | H16: 621 | I16: 708 | J16: 178 | K16: 261.41 | L16: =K16*100/I16 -> 36.922316 | M16: 2070 | N16: 22104 | O16: 478 | P16: 4852.62 | Q16: =P16*100/N16 -> 21.953583
A17: 12 | B17: Union Bank of India | C17: 0 | D17: 0 | E17: 0 | F17: 0 | G17: 0 | H17: 2488 | I17: 4006 | J17: 459 | K17: 603.7 | L17: =K17*100/I17 -> 15.069895 | M17: 2769 | N17: 23920 | O17: 414 | P17: 3175.76 | Q17: =P17*100/N17 -> 13.276589
B18: PSBs - SUB TOTAL | C18: 37 | D18: 4922 | E18: =SUM(E6:E17) -> 8 | F18: =SUM(F6:F17) -> 100.36 | G18: =F18*100/D18 -> 2.0390085 | H18: 38228 | I18: 65234 | J18: =SUM(J6:J17) -> 8268 | K18: =SUM(K6:K17) -> 14023.67 | L18: =K18*100/I18 -> 21.497486 | M18: 70715 | N18: 509931 | O18: =SUM(O6:O17) -> 13822 | P18: =SUM(P6:P17) -> 91151.58 | Q18: =P18*100/N18 -> 17.875277
A19: 13 | B19: Axis Bank | C19: 2 | D19: 1429 | E19: 0 | F19: 0 | G19: =F19*100/D19 -> 0 | H19: 320 | I19: 1509 | J19: 65 | K19: 375.38 | L19: =K19*100/I19 -> 24.876077 | M19: 450 | N19: 5382 | O19: 158 | P19: 1653.62 | Q19: =P19*100/N19 -> 30.725009
A20: 14 | B20: Bandhan Bank | C20: 1114 | D20: 8169 | E20: 0 | F20: 0 | G20: 0 | H20: 14 | I20: 20 | J20: 0 | K20: 0 | L20: =K20*100/I20 -> 0 | M20: 3596 | N20: 32248 | O20: 325 | P20: 967.51 | Q20: =P20*100/N20 -> 3.0002171
A21: 15 | B21: Catholic Syrian Bank | C21: 0 | D21: 0 | E21: 0 | F21: 0 | G21: 0 | H21: 0 | I21: 0 | J21: 0 | K21: 0 | L21: 0 | M21: 0 | N21: 0 | O21: 0 | P21: 0 | Q21: 0
A22: 16 | B22: City Union Bank | C22: 0 | D22: 0 | E22: 0 | F22: 0 | G22: 0 | H22: 4 | I22: 5 | J22: 0 | K22: 0 | L22: =K22*100/I22 -> 0 | M22: 7 | N22: 34 | O22: 0 | P22: 0 | Q22: =P22*100/N22 -> 0
A23: 17 | B23: Development Credit Bank | C23: 0 | D23: 0 | E23: 0 | F23: 0 | G23: 0 | H23: 21 | I23: 41 | J23: 0 | K23: 0 | L23: =K23*100/I23 -> 0 | M23: 32514 | N23: 50709 | O23: 47 | P23: 650.11 | Q23: =P23*100/N23 -> 1.2820407
A24: 18 | B24: Dhan Lakshmi Bank | C24: 0 | D24: 0 | E24: 0 | F24: 0 | G24: 0 | H24: 0 | I24: 0 | J24: 0 | K24: 0 | L24: 0 | M24: 0 | N24: 0 | O24: 2 | P24: 4.5 | Q24: =P24*100/N24 -> #DIV/0!
A25: 19 | B25: Federal Bank Ltd. | C25: 0 | D25: 0 | E25: 0 | F25: 0 | G25: 0 | H25: 8 | I25: 8 | J25: 1 | K25: 0.32 | L25: =K25*100/I25 -> 4 | M25: 25 | N25: 333 | O25: 2 | P25: 8 | Q25: =P25*100/N25 -> 2.4024024
A26: 20 | B26: HDFC Bank | C26: 8 | D26: 832 | E26: 0 | F26: 0 | G26: 0 | H26: 423 | I26: 559 | J26: 27 | K26: 27.89 | L26: =K26*100/I26 -> 4.9892665 | M26: 7933 | N26: 77320 | O26: 1272 | P26: 13060.59 | Q26: =P26*100/N26 -> 16.891606
A27: 21 | B27: ICICI Bank | C27: 2 | D27: 420 | E27: 0 | F27: 0 | G27: 0 | H27: 171 | I27: 1542 | J27: 17 | K27: 223.02 | L27: =K27*100/I27 -> 14.463035 | M27: 1029 | N27: 18829 | O27: 147 | P27: 2466.43 | Q27: =P27*100/N27 -> 13.099102
A28: 22 | B28: IDBI Bank | C28: 0 | D28: 0 | E28: 0 | F28: 0 | G28: 0 | H28: 402 | I28: 682 | J28: 64 | K28: 121.24 | L28: =K28*100/I28 -> 17.777126 | M28: 649 | N28: 13071 | O28: 184 | P28: 2719.98 | Q28: =P28*100/N28 -> 20.809272
A29: 23 | B29: IDFC First Bank | C29: 0 | D29: 0 | E29: 0 | F29: 0 | G29: 0 | H29: 26 | I29: 51 | J29: 0 | K29: 0 | L29: =K29*100/I29 -> 0 | M29: 430 | N29: 5258 | O29: 812 | P29: 9338.6 | Q29: =P29*100/N29 -> 177.60746
A30: 24 | B30: Indusind Bank Limited | C30: 0 | D30: 0 | E30: 0 | F30: 0 | G30: 0 | H30: 24 | I30: 37 | J30: 0 | K30: 0 | L30: =K30*100/I30 -> 0 | M30: 811 | N30: 6207 | O30: 202 | P30: 1009.76 | Q30: =P30*100/N30 -> 16.268084
A31: 25 | B31: Jammu and Kashmir Bank | C31: 0 | D31: 0 | E31: 0 | F31: 0 | G31: 0 | H31: 2 | I31: 5 | J31: 2 | K31: 1.45 | L31: =K31*100/I31 -> 29 | M31: 3 | N31: 105 | O31: 3 | P31: 57.75 | Q31: =P31*100/N31 -> 55
A32: 26 | B32: Karnataka Bank Limited | C32: 0 | D32: 0 | E32: 0 | F32: 0 | G32: 0 | H32: 0 | I32: 0 | J32: 1 | K32: 0.03 | L32: =K32*100/I32 -> #DIV/0! | M32: 56 | N32: 235 | O32: 16 | P32: 32.65 | Q32: =P32*100/N32 -> 13.893617
A33: 27 | B33: Karur Vysya Bank Ltd. | C33: 0 | D33: 0 | E33: 0 | F33: 0 | G33: 0 | H33: 0 | I33: 0 | J33: 0 | K33: 0 | L33: 0 | M33: 47 | N33: 52 | O33: 0 | P33: 0 | Q33: =P33*100/N33 -> 0
A34: 28 | B34: Kotak Mahindra Bank | C34: 0 | D34: 0 | E34: 0 | F34: 0 | G34: 0 | H34: 13 | I34: 18 | J34: 0 | K34: 0 | L34: =K34*100/I34 -> 0 | M34: 185 | N34: 2247 | O34: 17 | P34: 151.73 | Q34: =P34*100/N34 -> 6.752559
A35: 29 | B35: Lakshmi Vilas Bank | C35: 0 | D35: 0 | E35: 0 | F35: 0 | G35: 0 | H35: 0 | I35: 0 | J35: 0 | K35: 0 | L35: 0 | M35: 0 | N35: 0 | O35: 0 | P35: 0 | Q35: 0
A36: 30 | B36: Ratnakar Bank Ltd. (RBL) | C36: 0 | D36: 0 | E36: 0 | F36: 0 | G36: =F36*100/D36 -> #DIV/0! | H36: 1 | I36: 3 | J36: 0 | K36: 0 | L36: =K36*100/I36 -> 0 | M36: 390 | N36: 5079 | O36: 78 | P36: 793.34 | Q36: =P36*100/N36 -> 15.620004
A37: 31 | B37: South Indian Bank | C37: 0 | D37: 0 | E37: 0 | F37: 0 | G37: 0 | H37: 1 | I37: 3 | J37: 0 | K37: 0 | L37: =K37*100/I37 -> 0 | M37: 7 | N37: 37 | O37: 0 | P37: 0 | Q37: =P37*100/N37 -> 0
A38: 32 | B38: Tamilnadu Mercantile Bank | C38: 0 | D38: 0 | E38: 0 | F38: 0 | G38: 0 | H38: 0 | I38: 0 | J38: 0 | K38: 0 | L38: 0 | M38: 1 | N38: 3 | O38: 0 | P38: 0 | Q38: 0
A39: 33 | B39: Yes Bank | C39: 0 | D39: 0 | E39: 0 | F39: 0 | G39: 0 | H39: 8 | I39: 63 | J39: 6 | K39: 26.78 | L39: =K39*100/I39 -> 42.507937 | M39: 1120 | N39: 11436 | O39: 304 | P39: 1705.13 | Q39: =P39*100/N39 -> 14.910196
B40: PRIVATE BANK - SUB TOTAL | C40: 1126 | D40: 10850 | E40: =SUM(E19:E39) -> 0 | F40: =SUM(F19:F39) -> 0 | G40: =F40*100/D40 -> 0 | H40: 1438 | I40: 4546 | J40: =SUM(J19:J39) -> 183 | K40: =SUM(K19:K39) -> 776.11 | L40: =K40*100/I40 -> 17.072371 | M40: 49253 | N40: 228585 | O40: =SUM(O19:O39) -> 3569 | P40: =SUM(P19:P39) -> 34619.7 | Q40: =P40*100/N40 -> 15.14522
B41: COMMERCIAL BANKS SUB TOTAL | C41: 1163 | D41: 15772 | E41: =E40+E18 -> 8 | F41: =F40+F18 -> 100.36 | G41: =F41*100/D41 -> 0.63631752 | H41: 39666 | I41: 69780 | J41: =J40+J18 -> 8451 | K41: =K40+K18 -> 14799.78 | L41: =K41*100/I41 -> 21.2092 | M41: 119968 | N41: 738516 | O41: =O40+O18 -> 17391 | P41: =P40+P18 -> 125771.28 | Q41: =P41*100/N41 -> 17.030272
A42: 34 | B42: MPGB | C42: 0 | D42: 0 | E42: 0 | F42: 0 | G42: 0 | H42: 771 | I42: 967 | J42: 93 | K42: 92.99 | L42: =K42*100/I42 -> 9.6163392 | M42: 4010 | N42: 35704 | O42: 1192 | P42: 6544.27 | Q42: =P42*100/N42 -> 18.329235
B43: RRBs - SUB TOTAL | C43: 0 | D43: 0 | E43: =E42 -> 0 | F43: =F42 -> 0 | G43: 0 | H43: 771 | I43: 967 | J43: =J42 -> 93 | K43: =K42 -> 92.99 | L43: =K43*100/I43 -> 9.6163392 | M43: 4010 | N43: 35704 | O43: =O42 -> 1192 | P43: =P42 -> 6544.27 | Q43: =P43*100/N43 -> 18.329235
A44: 35 | B44: DCCB & Apex Bank | C44: 0 | D44: 0 | E44: 0 | F44: 0 | G44: 0 | H44: 66 | I44: 88 | J44: 0 | K44: 0 | L44: =K44*100/I44 -> 0 | M44: 601 | N44: 3803 | O44: 190 | P44: 602.56 | Q44: =P44*100/N44 -> 15.844333
B45: CO-OPERATIVE BANK - SUB TOTAL | C45: 0 | D45: 0 | E45: =E44 -> 0 | F45: =F44 -> 0 | G45: 0 | H45: 66 | I45: 88 | J45: =J44 -> 0 | K45: =K44 -> 0 | L45: =K45*100/I45 -> 0 | M45: 601 | N45: 3803 | O45: =O44 -> 190 | P45: =P44 -> 602.56 | Q45: =P45*100/N45 -> 15.844333
A46: 36 | B46: AU Small Finance Bank | C46: 0 | D46: 0 | E46: 0 | F46: 0 | G46: 0 | H46: 11 | I46: 15 | J46: 0 | K46: 0 | L46: =K46*100/I46 -> 0 | M46: 1368 | N46: 21123 | O46: 134 | P46: 1784.14 | Q46: =P46*100/N46 -> 8.4464328
A47: 37 | B47: Equitas Small Finance Bank | C47: 0 | D47: 0 | E47: 0 | F47: 0 | G47: 0 | H47: 7 | I47: 10 | J47: 0 | K47: 0 | L47: =K47*100/I47 -> 0 | M47: 52 | N47: 792 | O47: 7 | P47: 56.76 | Q47: =P47*100/N47 -> 7.1666667
A48: 38 | B48: ESAF | C48: 0 | D48: 0 | E48: 0 | F48: 0 | G48: 0 | H48: 2 | I48: 3 | J48: 0 | K48: 0 | L48: =K48*100/I48 -> 0 | M48: 333 | N48: 3169 | O48: 27 | P48: 225.46 | Q48: =P48*100/N48 -> 7.1145472
A49: 39 | B49: Jana Small Finance Bank | C49: 0 | D49: 0 | E49: 0 | F49: 0 | G49: 0 | H49: 6 | I49: 8 | J49: 0 | K49: 0 | L49: =K49*100/I49 -> 0 | M49: 2665 | N49: 28063 | O49: 744 | P49: 4310.24 | Q49: =P49*100/N49 -> 15.359156
A50: 40 | B50: Shivalik Small Finance Bank | C50: 0 | D50: 0 | E50: 0 | F50: 0 | G50: 0 | H50: 1 | I50: 3 | J50: 0 | K50: 0 | L50: 0 | M50: 59 | N50: 1123 | O50: 23 | P50: 319.96 | Q50: =P50*100/N50 -> 28.491541
A51: 41 | B51: Suryoday Small Finance Bank | C51: 0 | D51: 0 | E51: 0 | F51: 0 | G51: 0 | H51: 4 | I51: 5 | J51: 0 | K51: 0 | L51: =K51*100/I51 -> 0 | M51: 9 | N51: 52 | O51: 1 | P51: 19.5 | Q51: =P51*100/N51 -> 37.5
A52: 42 | B52: Ujjivan Small Finance Bank | C52: 0 | D52: 0 | E52: 0 | F52: 0 | G52: 0 | H52: 0 | I52: 0 | J52: 0 | K52: 0 | L52: 0 | M52: 6654 | N52: 21323 | O52: 1683 | P52: 3988.38 | Q52: =P52*100/N52 -> 18.704591
A53: 43 | B53: Utkarsh Small Finance Bank | C53: 0 | D53: 0 | E53: 0 | F53: 0 | G53: 0 | H53: 16 | I53: 23 | J53: 0 | K53: 0 | L53: =K53*100/I53 -> 0 | M53: 195 | N53: 432 | O53: 81 | P53: 146.03 | Q53: =P53*100/N53 -> 33.803241
B54: SMALL FINANCE BANK SUB TOTAL | C54: 0 | D54: 0 | E54: =SUM(E46:E53) -> 0 | F54: =SUM(F46:F53) -> 0 | G54: 0 | H54: 47 | I54: 67 | J54: =SUM(J46:J53) -> 0 | K54: =SUM(K46:K53) -> 0 | L54: =K54*100/I54 -> 0 | M54: 11335 | N54: 76077 | O54: =SUM(O46:O53) -> 2700 | P54: =SUM(P46:P53) -> 10850.47 | Q54: =P54*100/N54 -> 14.262484
B55: TOTAL | C55: 1163 | D55: 15772 | E55: =E54+E45+E43+E41 -> 8 | F55: =F54+F45+F43+F41 -> 100.36 | G55: =F55*100/D55 -> 0.63631752 | H55: 40550 | I55: 70902 | J55: =J54+J45+J43+J41 -> 8544 | K55: =K54+K45+K43+K41 -> 14892.77 | L55: =K55*100/I55 -> 21.004725 | M55: 135914 | N55: 854100 | O55: =O54+O45+O43+O41 -> 21473 | P55: =P54+P45+P43+P41 -> 143768.58 | Q55: =P55*100/N55 -> 16.832757
I56: Page-100

Sheet ACP_PS_11(ii)
A1: ANNUAL CREDIT PLAN ACHIEVEMENT UNDER PRIORITY SECTOR AS ON 30.06.2026
B2: Amt. in Lakhs | J2: Number in Actual | P2: TABLE:11(ii)
A3: Sr. | B3: Banks | C3: SOCIAL INFRASTRUCTURE | G3: Achievement % (Amt.) | H3: RENEWABLE ENERGY | L3: Achievement % (Amt.) | M3: OTHERS | Q3: TOTAL PRIORITY SECTOR | U3: Achievement % (Amt.)
C4: TARGET | E4: ACHIVEMENT | H4: TARGET | J4: ACHIVEMENT | M4: TARGET | O4: ACHIVEMENT | Q4: TARGET | S4: ACHIVEMENT
C5: Number | D5: Amount | E5: Number | F5: Amount | H5: Number | I5: Amount | J5: Number | K5: Amount | M5: Number | N5: Amount | O5: Number | P5: Amount | Q5: Number | R5: Amount | S5: Number | T5: Amount
A6: 1 | B6: Bank of Baroda | C6: 23 | D6: 160 | E6: 3 | F6: 91.45 | G6: =F6*100/D6 -> 57.15625 | H6: 33 | I6: 223 | J6: 15 | K6: 177.95 | L6: =K6*100/I6 -> 79.798206 | M6: 2683 | N6: 3596 | O6: 577 | P6: 755.32 | Q6: ='ACP_Agri_9(ii)'!M6+ACP_MSME_10!C6+'ACP_PS_11(i)'!C6+'ACP_PS_11(i)'!H6+'ACP_PS_11(i)'!M6+'ACP_PS_11(ii)'!C6+H6+M6 -> 192812 | R6: ='ACP_Agri_9(ii)'!N6+ACP_MSME_10!D6+'ACP_PS_11(i)'!D6+'ACP_PS_11(i)'!I6+'ACP_PS_11(i)'!N6+'ACP_PS_11(ii)'!D6+I6+N6 -> 1358897 | S6: ='ACP_Agri_9(ii)'!O6+ACP_MSME_10!O6+'ACP_PS_11(i)'!E6+'ACP_PS_11(i)'!J6+'ACP_PS_11(i)'!O6+'ACP_PS_11(ii)'!E6+J6+O6 -> 61616 | T6: ='ACP_Agri_9(ii)'!P6+ACP_MSME_10!P6+'ACP_PS_11(i)'!F6+'ACP_PS_11(i)'!K6+'ACP_PS_11(i)'!P6+'ACP_PS_11(ii)'!F6+K6+P6 -> 647543.07 | U6: =T6*100/R6 -> 47.652108
A7: 2 | B7: Bank of India | C7: 71 | D7: 320 | E7: 27 | F7: 295.48 | G7: =F7*100/D7 -> 92.3375 | H7: 41 | I7: 35 | J7: 0 | K7: 0 | L7: =K7*100/I7 -> 0 | M7: 586 | N7: 881 | O7: 0 | P7: 0 | Q7: ='ACP_Agri_9(ii)'!M7+ACP_MSME_10!C7+'ACP_PS_11(i)'!C7+'ACP_PS_11(i)'!H7+'ACP_PS_11(i)'!M7+'ACP_PS_11(ii)'!C7+H7+M7 -> 746438 | R7: ='ACP_Agri_9(ii)'!N7+ACP_MSME_10!D7+'ACP_PS_11(i)'!D7+'ACP_PS_11(i)'!I7+'ACP_PS_11(i)'!N7+'ACP_PS_11(ii)'!D7+I7+N7 -> 2280591 | S7: ='ACP_Agri_9(ii)'!O7+ACP_MSME_10!O7+'ACP_PS_11(i)'!E7+'ACP_PS_11(i)'!J7+'ACP_PS_11(i)'!O7+'ACP_PS_11(ii)'!E7+J7+O7 -> 256252 | T7: ='ACP_Agri_9(ii)'!P7+ACP_MSME_10!P7+'ACP_PS_11(i)'!F7+'ACP_PS_11(i)'!K7+'ACP_PS_11(i)'!P7+'ACP_PS_11(ii)'!F7+K7+P7 -> 969709.2 | U7: =T7*100/R7 -> 42.520084
A8: 3 | B8: Bank of Maharashtra | C8: 20 | D8: 100 | E8: 0 | F8: 0 | G8: =F8*100/D8 -> 0 | H8: 5 | I8: 15 | J8: 0 | K8: 0 | L8: =K8*100/I8 -> 0 | M8: 4555 | N8: 6365 | O8: 311 | P8: 7138.18 | Q8: ='ACP_Agri_9(ii)'!M8+ACP_MSME_10!C8+'ACP_PS_11(i)'!C8+'ACP_PS_11(i)'!H8+'ACP_PS_11(i)'!M8+'ACP_PS_11(ii)'!C8+H8+M8 -> 182227 | R8: ='ACP_Agri_9(ii)'!N8+ACP_MSME_10!D8+'ACP_PS_11(i)'!D8+'ACP_PS_11(i)'!I8+'ACP_PS_11(i)'!N8+'ACP_PS_11(ii)'!D8+I8+N8 -> 520973 | S8: ='ACP_Agri_9(ii)'!O8+ACP_MSME_10!O8+'ACP_PS_11(i)'!E8+'ACP_PS_11(i)'!J8+'ACP_PS_11(i)'!O8+'ACP_PS_11(ii)'!E8+J8+O8 -> 29382 | T8: ='ACP_Agri_9(ii)'!P8+ACP_MSME_10!P8+'ACP_PS_11(i)'!F8+'ACP_PS_11(i)'!K8+'ACP_PS_11(i)'!P8+'ACP_PS_11(ii)'!F8+K8+P8 -> 183728.05 | U8: =T8*100/R8 -> 35.266329
A9: 4 | B9: Canara Bank | C9: 28 | D9: 103 | E9: 0 | F9: 0 | G9: =F9*100/D9 -> 0 | H9: 1493 | I9: 2458 | J9: 802 | K9: 1148.12 | L9: =K9*100/I9 -> 46.70952 | M9: 693 | N9: 500 | O9: 4 | P9: 1.7 | Q9: ='ACP_Agri_9(ii)'!M9+ACP_MSME_10!C9+'ACP_PS_11(i)'!C9+'ACP_PS_11(i)'!H9+'ACP_PS_11(i)'!M9+'ACP_PS_11(ii)'!C9+H9+M9 -> 156612 | R9: ='ACP_Agri_9(ii)'!N9+ACP_MSME_10!D9+'ACP_PS_11(i)'!D9+'ACP_PS_11(i)'!I9+'ACP_PS_11(i)'!N9+'ACP_PS_11(ii)'!D9+I9+N9 -> 755607 | S9: ='ACP_Agri_9(ii)'!O9+ACP_MSME_10!O9+'ACP_PS_11(i)'!E9+'ACP_PS_11(i)'!J9+'ACP_PS_11(i)'!O9+'ACP_PS_11(ii)'!E9+J9+O9 -> 39829 | T9: ='ACP_Agri_9(ii)'!P9+ACP_MSME_10!P9+'ACP_PS_11(i)'!F9+'ACP_PS_11(i)'!K9+'ACP_PS_11(i)'!P9+'ACP_PS_11(ii)'!F9+K9+P9 -> 179620.07 | U9: =T9*100/R9 -> 23.771626
A10: 5 | B10: Central Bank of India | C10: 33 | D10: 1021 | E10: 3 | F10: 70.21 | G10: =F10*100/D10 -> 6.8765916 | H10: 31 | I10: 42 | J10: 0 | K10: 0 | L10: =K10*100/I10 -> 0 | M10: 1644 | N10: 874 | O10: 3 | P10: 30.1 | Q10: ='ACP_Agri_9(ii)'!M10+ACP_MSME_10!C10+'ACP_PS_11(i)'!C10+'ACP_PS_11(i)'!H10+'ACP_PS_11(i)'!M10+'ACP_PS_11(ii)'!C10+H10+M10 -> 778748 | R10: ='ACP_Agri_9(ii)'!N10+ACP_MSME_10!D10+'ACP_PS_11(i)'!D10+'ACP_PS_11(i)'!I10+'ACP_PS_11(i)'!N10+'ACP_PS_11(ii)'!D10+I10+N10 -> 1919653 | S10: ='ACP_Agri_9(ii)'!O10+ACP_MSME_10!O10+'ACP_PS_11(i)'!E10+'ACP_PS_11(i)'!J10+'ACP_PS_11(i)'!O10+'ACP_PS_11(ii)'!E10+J10+O10 -> 201747 | T10: ='ACP_Agri_9(ii)'!P10+ACP_MSME_10!P10+'ACP_PS_11(i)'!F10+'ACP_PS_11(i)'!K10+'ACP_PS_11(i)'!P10+'ACP_PS_11(ii)'!F10+K10+P10 -> 811613.62 | U10: =T10*100/R10 -> 42.279184
A11: 6 | B11: Indian Bank | C11: 14 | D11: 9 | E11: 0 | F11: 0 | G11: =F11*100/D11 -> 0 | H11: 647 | I11: 1157 | J11: 281 | K11: 381.27 | L11: =K11*100/I11 -> 32.953328 | M11: 1605 | N11: 3173 | O11: 0 | P11: 0 | Q11: ='ACP_Agri_9(ii)'!M11+ACP_MSME_10!C11+'ACP_PS_11(i)'!C11+'ACP_PS_11(i)'!H11+'ACP_PS_11(i)'!M11+'ACP_PS_11(ii)'!C11+H11+M11 -> 160484 | R11: ='ACP_Agri_9(ii)'!N11+ACP_MSME_10!D11+'ACP_PS_11(i)'!D11+'ACP_PS_11(i)'!I11+'ACP_PS_11(i)'!N11+'ACP_PS_11(ii)'!D11+I11+N11 -> 783796 | S11: ='ACP_Agri_9(ii)'!O11+ACP_MSME_10!O11+'ACP_PS_11(i)'!E11+'ACP_PS_11(i)'!J11+'ACP_PS_11(i)'!O11+'ACP_PS_11(ii)'!E11+J11+O11 -> 25404 | T11: ='ACP_Agri_9(ii)'!P11+ACP_MSME_10!P11+'ACP_PS_11(i)'!F11+'ACP_PS_11(i)'!K11+'ACP_PS_11(i)'!P11+'ACP_PS_11(ii)'!F11+K11+P11 -> 216478.17 | U11: =T11*100/R11 -> 27.619198
A12: 7 | B12: Indian Overseas Bank | C12: 0 | D12: 0 | E12: 0 | F12: 0 | G12: =F12*100/D12 -> #DIV/0! | H12: 152 | I12: 258 | J12: 240 | K12: 409.01 | L12: =K12*100/I12 -> 158.53101 | M12: 122 | N12: 98 | O12: 0 | P12: 0 | Q12: ='ACP_Agri_9(ii)'!M12+ACP_MSME_10!C12+'ACP_PS_11(i)'!C12+'ACP_PS_11(i)'!H12+'ACP_PS_11(i)'!M12+'ACP_PS_11(ii)'!C12+H12+M12 -> 17148 | R12: ='ACP_Agri_9(ii)'!N12+ACP_MSME_10!D12+'ACP_PS_11(i)'!D12+'ACP_PS_11(i)'!I12+'ACP_PS_11(i)'!N12+'ACP_PS_11(ii)'!D12+I12+N12 -> 73058 | S12: ='ACP_Agri_9(ii)'!O12+ACP_MSME_10!O12+'ACP_PS_11(i)'!E12+'ACP_PS_11(i)'!J12+'ACP_PS_11(i)'!O12+'ACP_PS_11(ii)'!E12+J12+O12 -> 4152 | T12: ='ACP_Agri_9(ii)'!P12+ACP_MSME_10!P12+'ACP_PS_11(i)'!F12+'ACP_PS_11(i)'!K12+'ACP_PS_11(i)'!P12+'ACP_PS_11(ii)'!F12+K12+P12 -> 43423.21 | U12: =T12*100/R12 -> 59.436626
A13: 8 | B13: Punjab and Sind Bank | C13: 6 | D13: 13 | E13: 2 | F13: 10.97 | G13: 0 | H13: 1 | I13: 4 | J13: 0 | K13: 0 | L13: =K13*100/I13 -> 0 | M13: 74 | N13: 94 | O13: 4 | P13: 10.99 | Q13: ='ACP_Agri_9(ii)'!M13+ACP_MSME_10!C13+'ACP_PS_11(i)'!C13+'ACP_PS_11(i)'!H13+'ACP_PS_11(i)'!M13+'ACP_PS_11(ii)'!C13+H13+M13 -> 11903 | R13: ='ACP_Agri_9(ii)'!N13+ACP_MSME_10!D13+'ACP_PS_11(i)'!D13+'ACP_PS_11(i)'!I13+'ACP_PS_11(i)'!N13+'ACP_PS_11(ii)'!D13+I13+N13 -> 105150 | S13: ='ACP_Agri_9(ii)'!O13+ACP_MSME_10!O13+'ACP_PS_11(i)'!E13+'ACP_PS_11(i)'!J13+'ACP_PS_11(i)'!O13+'ACP_PS_11(ii)'!E13+J13+O13 -> 1823 | T13: ='ACP_Agri_9(ii)'!P13+ACP_MSME_10!P13+'ACP_PS_11(i)'!F13+'ACP_PS_11(i)'!K13+'ACP_PS_11(i)'!P13+'ACP_PS_11(ii)'!F13+K13+P13 -> 16469.97 | U13: =T13*100/R13 -> 15.66331
A14: 9 | B14: Punjab National Bank | C14: 0 | D14: 0 | E14: 0 | F14: 0 | G14: =F14*100/D14 -> #DIV/0! | H14: 2904 | I14: 4656 | J14: 1116 | K14: 1522.79 | L14: =K14*100/I14 -> 32.705971 | M14: 1394 | N14: 582 | O14: 203 | P14: 52.94 | Q14: ='ACP_Agri_9(ii)'!M14+ACP_MSME_10!C14+'ACP_PS_11(i)'!C14+'ACP_PS_11(i)'!H14+'ACP_PS_11(i)'!M14+'ACP_PS_11(ii)'!C14+H14+M14 -> 160108 | R14: ='ACP_Agri_9(ii)'!N14+ACP_MSME_10!D14+'ACP_PS_11(i)'!D14+'ACP_PS_11(i)'!I14+'ACP_PS_11(i)'!N14+'ACP_PS_11(ii)'!D14+I14+N14 -> 1270788 | S14: ='ACP_Agri_9(ii)'!O14+ACP_MSME_10!O14+'ACP_PS_11(i)'!E14+'ACP_PS_11(i)'!J14+'ACP_PS_11(i)'!O14+'ACP_PS_11(ii)'!E14+J14+O14 -> 56354 | T14: ='ACP_Agri_9(ii)'!P14+ACP_MSME_10!P14+'ACP_PS_11(i)'!F14+'ACP_PS_11(i)'!K14+'ACP_PS_11(i)'!P14+'ACP_PS_11(ii)'!F14+K14+P14 -> 425401.98 | U14: =T14*100/R14 -> 33.475448
A15: 10 | B15: State Bank of India | C15: 143 | D15: 610 | E15: 9 | F15: 113.76 | G15: =F15*100/D15 -> 18.64918 | H15: 41200 | I15: 69213 | J15: 22890 | K15: 32836.15 | L15: =K15*100/I15 -> 47.442171 | M15: 3198 | N15: 1784 | O15: 0 | P15: 0 | Q15: ='ACP_Agri_9(ii)'!M15+ACP_MSME_10!C15+'ACP_PS_11(i)'!C15+'ACP_PS_11(i)'!H15+'ACP_PS_11(i)'!M15+'ACP_PS_11(ii)'!C15+H15+M15 -> 845504 | R15: ='ACP_Agri_9(ii)'!N15+ACP_MSME_10!D15+'ACP_PS_11(i)'!D15+'ACP_PS_11(i)'!I15+'ACP_PS_11(i)'!N15+'ACP_PS_11(ii)'!D15+I15+N15 -> 4626634 | S15: ='ACP_Agri_9(ii)'!O15+ACP_MSME_10!O15+'ACP_PS_11(i)'!E15+'ACP_PS_11(i)'!J15+'ACP_PS_11(i)'!O15+'ACP_PS_11(ii)'!E15+J15+O15 -> 302298 | T15: ='ACP_Agri_9(ii)'!P15+ACP_MSME_10!P15+'ACP_PS_11(i)'!F15+'ACP_PS_11(i)'!K15+'ACP_PS_11(i)'!P15+'ACP_PS_11(ii)'!F15+K15+P15 -> 2276353.2 | U15: =T15*100/R15 -> 49.201066
A16: 11 | B16: UCO Bank | C16: 25 | D16: 5500 | E16: 0 | F16: 0 | G16: =F16*100/D16 -> 0 | H16: 1 | I16: 6 | J16: 0 | K16: 0 | L16: =K16*100/I16 -> 0 | M16: 10494 | N16: 54905 | O16: 557 | P16: 1910.01 | Q16: ='ACP_Agri_9(ii)'!M16+ACP_MSME_10!C16+'ACP_PS_11(i)'!C16+'ACP_PS_11(i)'!H16+'ACP_PS_11(i)'!M16+'ACP_PS_11(ii)'!C16+H16+M16 -> 43588 | R16: ='ACP_Agri_9(ii)'!N16+ACP_MSME_10!D16+'ACP_PS_11(i)'!D16+'ACP_PS_11(i)'!I16+'ACP_PS_11(i)'!N16+'ACP_PS_11(ii)'!D16+I16+N16 -> 374133 | S16: ='ACP_Agri_9(ii)'!O16+ACP_MSME_10!O16+'ACP_PS_11(i)'!E16+'ACP_PS_11(i)'!J16+'ACP_PS_11(i)'!O16+'ACP_PS_11(ii)'!E16+J16+O16 -> 38360 | T16: ='ACP_Agri_9(ii)'!P16+ACP_MSME_10!P16+'ACP_PS_11(i)'!F16+'ACP_PS_11(i)'!K16+'ACP_PS_11(i)'!P16+'ACP_PS_11(ii)'!F16+K16+P16 -> 203680.72 | U16: =T16*100/R16 -> 54.440726
A17: 12 | B17: Union Bank of India | C17: 345 | D17: 541 | E17: 7 | F17: 266.51 | G17: =F17*100/D17 -> 49.262477 | H17: 150 | I17: 1311 | J17: 13 | K17: 2197 | L17: =K17*100/I17 -> 167.582 | M17: 13209 | N17: 1016 | O17: 946 | P17: 19.61 | Q17: ='ACP_Agri_9(ii)'!M17+ACP_MSME_10!C17+'ACP_PS_11(i)'!C17+'ACP_PS_11(i)'!H17+'ACP_PS_11(i)'!M17+'ACP_PS_11(ii)'!C17+H17+M17 -> 327791 | R17: ='ACP_Agri_9(ii)'!N17+ACP_MSME_10!D17+'ACP_PS_11(i)'!D17+'ACP_PS_11(i)'!I17+'ACP_PS_11(i)'!N17+'ACP_PS_11(ii)'!D17+I17+N17 -> 1734585 | S17: ='ACP_Agri_9(ii)'!O17+ACP_MSME_10!O17+'ACP_PS_11(i)'!E17+'ACP_PS_11(i)'!J17+'ACP_PS_11(i)'!O17+'ACP_PS_11(ii)'!E17+J17+O17 -> 68026 | T17: ='ACP_Agri_9(ii)'!P17+ACP_MSME_10!P17+'ACP_PS_11(i)'!F17+'ACP_PS_11(i)'!K17+'ACP_PS_11(i)'!P17+'ACP_PS_11(ii)'!F17+K17+P17 -> 590491.09 | U17: =T17*100/R17 -> 34.042211
B18: PSBs - SUB TOTAL | C18: 708 | D18: 8377 | E18: =SUM(E6:E17) -> 51 | F18: =SUM(F6:F17) -> 848.38 | G18: =F18*100/D18 -> 10.127492 | H18: 46658 | I18: 79378 | J18: =SUM(J6:J17) -> 25357 | K18: =SUM(K6:K17) -> 38672.29 | L18: =K18*100/I18 -> 48.719154 | M18: 40257 | N18: 73868 | O18: =SUM(O6:O17) -> 2605 | P18: =SUM(P6:P17) -> 9918.85 | Q18: ='ACP_Agri_9(ii)'!M18+ACP_MSME_10!C18+'ACP_PS_11(i)'!C18+'ACP_PS_11(i)'!H18+'ACP_PS_11(i)'!M18+'ACP_PS_11(ii)'!C18+H18+M18 -> 3623363 | R18: ='ACP_Agri_9(ii)'!N18+ACP_MSME_10!D18+'ACP_PS_11(i)'!D18+'ACP_PS_11(i)'!I18+'ACP_PS_11(i)'!N18+'ACP_PS_11(ii)'!D18+I18+N18 -> 15803865 | S18: ='ACP_Agri_9(ii)'!O18+ACP_MSME_10!O18+'ACP_PS_11(i)'!E18+'ACP_PS_11(i)'!J18+'ACP_PS_11(i)'!O18+'ACP_PS_11(ii)'!E18+J18+O18 -> 1085243 | T18: ='ACP_Agri_9(ii)'!P18+ACP_MSME_10!P18+'ACP_PS_11(i)'!F18+'ACP_PS_11(i)'!K18+'ACP_PS_11(i)'!P18+'ACP_PS_11(ii)'!F18+K18+P18 -> 6564512.4 | U18: =T18*100/R18 -> 41.537386
A19: 13 | B19: Axis Bank | C19: 8 | D19: 3 | E19: 0 | F19: 0 | G19: =F19*100/D19 -> 0 | H19: 59 | I19: 52 | J19: 0 | K19: 0 | L19: =K19*100/I19 -> 0 | M19: 14965 | N19: 7001 | O19: 3381 | P19: 1695.59 | Q19: ='ACP_Agri_9(ii)'!M19+ACP_MSME_10!C19+'ACP_PS_11(i)'!C19+'ACP_PS_11(i)'!H19+'ACP_PS_11(i)'!M19+'ACP_PS_11(ii)'!C19+H19+M19 -> 134787 | R19: ='ACP_Agri_9(ii)'!N19+ACP_MSME_10!D19+'ACP_PS_11(i)'!D19+'ACP_PS_11(i)'!I19+'ACP_PS_11(i)'!N19+'ACP_PS_11(ii)'!D19+I19+N19 -> 1707107 | S19: ='ACP_Agri_9(ii)'!O19+ACP_MSME_10!O19+'ACP_PS_11(i)'!E19+'ACP_PS_11(i)'!J19+'ACP_PS_11(i)'!O19+'ACP_PS_11(ii)'!E19+J19+O19 -> 53573 | T19: ='ACP_Agri_9(ii)'!P19+ACP_MSME_10!P19+'ACP_PS_11(i)'!F19+'ACP_PS_11(i)'!K19+'ACP_PS_11(i)'!P19+'ACP_PS_11(ii)'!F19+K19+P19 -> 964373.15 | U19: =T19*100/R19 -> 56.491664
A20: 14 | B20: Bandhan Bank | C20: 9293 | D20: 6008 | E20: 0 | F20: 0 | G20: =F20*100/D20 -> 0 | H20: 62253 | I20: 52186 | J20: 0 | K20: 0 | L20: =K20*100/I20 -> 0 | M20: 26207 | N20: 15383 | O20: 1951 | P20: 1143.7 | Q20: ='ACP_Agri_9(ii)'!M20+ACP_MSME_10!C20+'ACP_PS_11(i)'!C20+'ACP_PS_11(i)'!H20+'ACP_PS_11(i)'!M20+'ACP_PS_11(ii)'!C20+H20+M20 -> 240073 | R20: ='ACP_Agri_9(ii)'!N20+ACP_MSME_10!D20+'ACP_PS_11(i)'!D20+'ACP_PS_11(i)'!I20+'ACP_PS_11(i)'!N20+'ACP_PS_11(ii)'!D20+I20+N20 -> 284841 | S20: ='ACP_Agri_9(ii)'!O20+ACP_MSME_10!O20+'ACP_PS_11(i)'!E20+'ACP_PS_11(i)'!J20+'ACP_PS_11(i)'!O20+'ACP_PS_11(ii)'!E20+J20+O20 -> 37644 | T20: ='ACP_Agri_9(ii)'!P20+ACP_MSME_10!P20+'ACP_PS_11(i)'!F20+'ACP_PS_11(i)'!K20+'ACP_PS_11(i)'!P20+'ACP_PS_11(ii)'!F20+K20+P20 -> 44113.67 | U20: =T20*100/R20 -> 15.487121
A21: 15 | B21: Catholic Syrian Bank | C21: 0 | D21: 0 | E21: 0 | F21: 0 | G21: 0 | H21: 0 | I21: 0 | J21: 0 | K21: 0 | L21: 0 | M21: 4 | N21: 7 | O21: 0 | P21: 0 | Q21: ='ACP_Agri_9(ii)'!M21+ACP_MSME_10!C21+'ACP_PS_11(i)'!C21+'ACP_PS_11(i)'!H21+'ACP_PS_11(i)'!M21+'ACP_PS_11(ii)'!C21+H21+M21 -> 1647 | R21: ='ACP_Agri_9(ii)'!N21+ACP_MSME_10!D21+'ACP_PS_11(i)'!D21+'ACP_PS_11(i)'!I21+'ACP_PS_11(i)'!N21+'ACP_PS_11(ii)'!D21+I21+N21 -> 7526 | S21: ='ACP_Agri_9(ii)'!O21+ACP_MSME_10!O21+'ACP_PS_11(i)'!E21+'ACP_PS_11(i)'!J21+'ACP_PS_11(i)'!O21+'ACP_PS_11(ii)'!E21+J21+O21 -> 476 | T21: ='ACP_Agri_9(ii)'!P21+ACP_MSME_10!P21+'ACP_PS_11(i)'!F21+'ACP_PS_11(i)'!K21+'ACP_PS_11(i)'!P21+'ACP_PS_11(ii)'!F21+K21+P21 -> 2315.26 | U21: =T21*100/R21 -> 30.763487
A22: 16 | B22: City Union Bank | C22: 0 | D22: 0 | E22: 0 | F22: 0 | G22: 0 | H22: 1 | I22: 4 | J22: 0 | K22: 0 | L22: 0 | M22: 54 | N22: 1486 | O22: 3 | P22: 980.25 | Q22: ='ACP_Agri_9(ii)'!M22+ACP_MSME_10!C22+'ACP_PS_11(i)'!C22+'ACP_PS_11(i)'!H22+'ACP_PS_11(i)'!M22+'ACP_PS_11(ii)'!C22+H22+M22 -> 989 | R22: ='ACP_Agri_9(ii)'!N22+ACP_MSME_10!D22+'ACP_PS_11(i)'!D22+'ACP_PS_11(i)'!I22+'ACP_PS_11(i)'!N22+'ACP_PS_11(ii)'!D22+I22+N22 -> 10976 | S22: ='ACP_Agri_9(ii)'!O22+ACP_MSME_10!O22+'ACP_PS_11(i)'!E22+'ACP_PS_11(i)'!J22+'ACP_PS_11(i)'!O22+'ACP_PS_11(ii)'!E22+J22+O22 -> 122 | T22: ='ACP_Agri_9(ii)'!P22+ACP_MSME_10!P22+'ACP_PS_11(i)'!F22+'ACP_PS_11(i)'!K22+'ACP_PS_11(i)'!P22+'ACP_PS_11(ii)'!F22+K22+P22 -> 6210.88 | U22: =T22*100/R22 -> 56.586006
A23: 17 | B23: Development Credit Bank | C23: 1301 | D23: 1742 | E23: 4 | F23: 567.85 | G23: =F23*100/D23 -> 32.597589 | H23: 0 | I23: 0 | J23: 0 | K23: 0 | L23: 0 | M23: 0 | N23: 0 | O23: 0 | P23: 0 | Q23: ='ACP_Agri_9(ii)'!M23+ACP_MSME_10!C23+'ACP_PS_11(i)'!C23+'ACP_PS_11(i)'!H23+'ACP_PS_11(i)'!M23+'ACP_PS_11(ii)'!C23+H23+M23 -> 62024 | R23: ='ACP_Agri_9(ii)'!N23+ACP_MSME_10!D23+'ACP_PS_11(i)'!D23+'ACP_PS_11(i)'!I23+'ACP_PS_11(i)'!N23+'ACP_PS_11(ii)'!D23+I23+N23 -> 170846 | S23: ='ACP_Agri_9(ii)'!O23+ACP_MSME_10!O23+'ACP_PS_11(i)'!E23+'ACP_PS_11(i)'!J23+'ACP_PS_11(i)'!O23+'ACP_PS_11(ii)'!E23+J23+O23 -> 15653 | T23: ='ACP_Agri_9(ii)'!P23+ACP_MSME_10!P23+'ACP_PS_11(i)'!F23+'ACP_PS_11(i)'!K23+'ACP_PS_11(i)'!P23+'ACP_PS_11(ii)'!F23+K23+P23 -> 41549.38 | U23: =T23*100/R23 -> 24.319785
A24: 18 | B24: Dhan Lakshmi Bank | C24: 0 | D24: 0 | E24: 0 | F24: 0 | G24: 0 | H24: 0 | I24: 0 | J24: 0 | K24: 0 | L24: 0 | M24: 0 | N24: 0 | O24: 0 | P24: 0 | Q24: ='ACP_Agri_9(ii)'!M24+ACP_MSME_10!C24+'ACP_PS_11(i)'!C24+'ACP_PS_11(i)'!H24+'ACP_PS_11(i)'!M24+'ACP_PS_11(ii)'!C24+H24+M24 -> 8 | R24: ='ACP_Agri_9(ii)'!N24+ACP_MSME_10!D24+'ACP_PS_11(i)'!D24+'ACP_PS_11(i)'!I24+'ACP_PS_11(i)'!N24+'ACP_PS_11(ii)'!D24+I24+N24 -> 97 | S24: ='ACP_Agri_9(ii)'!O24+ACP_MSME_10!O24+'ACP_PS_11(i)'!E24+'ACP_PS_11(i)'!J24+'ACP_PS_11(i)'!O24+'ACP_PS_11(ii)'!E24+J24+O24 -> 2 | T24: ='ACP_Agri_9(ii)'!P24+ACP_MSME_10!P24+'ACP_PS_11(i)'!F24+'ACP_PS_11(i)'!K24+'ACP_PS_11(i)'!P24+'ACP_PS_11(ii)'!F24+K24+P24 -> 4.5 | U24: =T24*100/R24 -> 4.6391753
A25: 19 | B25: Federal Bank Ltd. | C25: 0 | D25: 0 | E25: 0 | F25: 0 | G25: 0 | H25: 1 | I25: 4 | J25: 0 | K25: 0 | L25: 0 | M25: 50 | N25: 26 | O25: 0 | P25: 0 | Q25: ='ACP_Agri_9(ii)'!M25+ACP_MSME_10!C25+'ACP_PS_11(i)'!C25+'ACP_PS_11(i)'!H25+'ACP_PS_11(i)'!M25+'ACP_PS_11(ii)'!C25+H25+M25 -> 10601 | R25: ='ACP_Agri_9(ii)'!N25+ACP_MSME_10!D25+'ACP_PS_11(i)'!D25+'ACP_PS_11(i)'!I25+'ACP_PS_11(i)'!N25+'ACP_PS_11(ii)'!D25+I25+N25 -> 75000 | S25: ='ACP_Agri_9(ii)'!O25+ACP_MSME_10!O25+'ACP_PS_11(i)'!E25+'ACP_PS_11(i)'!J25+'ACP_PS_11(i)'!O25+'ACP_PS_11(ii)'!E25+J25+O25 -> 2904 | T25: ='ACP_Agri_9(ii)'!P25+ACP_MSME_10!P25+'ACP_PS_11(i)'!F25+'ACP_PS_11(i)'!K25+'ACP_PS_11(i)'!P25+'ACP_PS_11(ii)'!F25+K25+P25 -> 27004.82 | U25: =T25*100/R25 -> 36.006427
A26: 20 | B26: HDFC Bank | C26: 176 | D26: 1474 | E26: 2 | F26: 74.56 | G26: =F26*100/D26 -> 5.0583446 | H26: 130 | I26: 135 | J26: 0 | K26: 0 | L26: =K26*100/I26 -> 0 | M26: 12933 | N26: 5957 | O26: 1510 | P26: 738 | Q26: ='ACP_Agri_9(ii)'!M26+ACP_MSME_10!C26+'ACP_PS_11(i)'!C26+'ACP_PS_11(i)'!H26+'ACP_PS_11(i)'!M26+'ACP_PS_11(ii)'!C26+H26+M26 -> 293162 | R26: ='ACP_Agri_9(ii)'!N26+ACP_MSME_10!D26+'ACP_PS_11(i)'!D26+'ACP_PS_11(i)'!I26+'ACP_PS_11(i)'!N26+'ACP_PS_11(ii)'!D26+I26+N26 -> 4553786 | S26: ='ACP_Agri_9(ii)'!O26+ACP_MSME_10!O26+'ACP_PS_11(i)'!E26+'ACP_PS_11(i)'!J26+'ACP_PS_11(i)'!O26+'ACP_PS_11(ii)'!E26+J26+O26 -> 89946 | T26: ='ACP_Agri_9(ii)'!P26+ACP_MSME_10!P26+'ACP_PS_11(i)'!F26+'ACP_PS_11(i)'!K26+'ACP_PS_11(i)'!P26+'ACP_PS_11(ii)'!F26+K26+P26 -> 2238463.9 | U26: =T26*100/R26 -> 49.156107
A27: 21 | B27: ICICI Bank | C27: 180 | D27: 1200 | E27: 0 | F27: 0 | G27: =F27*100/D27 -> 0 | H27: 8 | I27: 43 | J27: 3 | K27: 1007 | L27: =K27*100/I27 -> 2341.8605 | M27: 4008 | N27: 1373 | O27: 43 | P27: 68.73 | Q27: ='ACP_Agri_9(ii)'!M27+ACP_MSME_10!C27+'ACP_PS_11(i)'!C27+'ACP_PS_11(i)'!H27+'ACP_PS_11(i)'!M27+'ACP_PS_11(ii)'!C27+H27+M27 -> 203128 | R27: ='ACP_Agri_9(ii)'!N27+ACP_MSME_10!D27+'ACP_PS_11(i)'!D27+'ACP_PS_11(i)'!I27+'ACP_PS_11(i)'!N27+'ACP_PS_11(ii)'!D27+I27+N27 -> 3038184 | S27: ='ACP_Agri_9(ii)'!O27+ACP_MSME_10!O27+'ACP_PS_11(i)'!E27+'ACP_PS_11(i)'!J27+'ACP_PS_11(i)'!O27+'ACP_PS_11(ii)'!E27+J27+O27 -> 43117 | T27: ='ACP_Agri_9(ii)'!P27+ACP_MSME_10!P27+'ACP_PS_11(i)'!F27+'ACP_PS_11(i)'!K27+'ACP_PS_11(i)'!P27+'ACP_PS_11(ii)'!F27+K27+P27 -> 1720783.9 | U27: =T27*100/R27 -> 56.638567
A28: 22 | B28: IDBI Bank | C28: 310 | D28: 323 | E28: 3 | F28: 16.06 | G28: =F28*100/D28 -> 4.9721362 | H28: 21 | I28: 47 | J28: 13 | K28: 22.9 | L28: =K28*100/I28 -> 48.723404 | M28: 646 | N28: 390 | O28: 0 | P28: 0 | Q28: ='ACP_Agri_9(ii)'!M28+ACP_MSME_10!C28+'ACP_PS_11(i)'!C28+'ACP_PS_11(i)'!H28+'ACP_PS_11(i)'!M28+'ACP_PS_11(ii)'!C28+H28+M28 -> 41902 | R28: ='ACP_Agri_9(ii)'!N28+ACP_MSME_10!D28+'ACP_PS_11(i)'!D28+'ACP_PS_11(i)'!I28+'ACP_PS_11(i)'!N28+'ACP_PS_11(ii)'!D28+I28+N28 -> 217247 | S28: ='ACP_Agri_9(ii)'!O28+ACP_MSME_10!O28+'ACP_PS_11(i)'!E28+'ACP_PS_11(i)'!J28+'ACP_PS_11(i)'!O28+'ACP_PS_11(ii)'!E28+J28+O28 -> 13830 | T28: ='ACP_Agri_9(ii)'!P28+ACP_MSME_10!P28+'ACP_PS_11(i)'!F28+'ACP_PS_11(i)'!K28+'ACP_PS_11(i)'!P28+'ACP_PS_11(ii)'!F28+K28+P28 -> 128449.47 | U28: =T28*100/R28 -> 59.126004
